Workbook
Name \a: #REF!
Name \b: #REF!
Name \c: #REF!
Name \i: #REF!
Name \L: #REF!
Name \m: #REF!
Name \o: #REF!
Name \P: #REF!
Name \t: #REF!
Name \x: #REF!
Name \z: #REF!
Name _____________cua1: #REF!
Name _____________DMD1: #REF!
Name _____________VPD1: #REF!
Name _____________VPI1: #REF!
Name _____________VRA1: #REF!
Name ____________cua1: #REF!
Name ____________DMD1: #REF!
Name ____________VPD1: #REF!
Name ____________VPI1: #REF!
Name ____________VRA1: #REF!
Name ___________cua1: #REF!
Name ___________DMD1: #REF!
Name ___________VPD1: #REF!
Name ___________VPI1: #REF!
Name ___________VRA1: #REF!
Name __________cua1: #REF!
Name __________DMD1: #REF!
Name __________INF1: #REF!
Name __________MA2: #REF!
Name __________Rc: #REF!
Name __________VPD1: #REF!
Name __________VPI1: #REF!
Name __________VRA1: #REF!
Name _________cua1: #REF!
Name _________DMD1: #REF!
Name _________INF1: #REF!
Name _________MA2: #REF!
Name _________Rc: #REF!
Name _________VPD1: #REF!
Name _________VPI1: #REF!
Name _________VRA1: #REF!
Name ________cua1: #REF!
Name ________DMD1: #REF!
Name ________INF1: #REF!
Name ________MA2: #REF!
Name ________Rc: #REF!
Name ________VPD1: #REF!
Name ________VPI1: #REF!
Name ________VRA1: #REF!
Name _______ALL4: #REF!
Name _______cua1: #REF!
Name _______DMD1: #REF!
Name _______INF1: #REF!
Name _______MA2: #REF!
Name _______mor15: #REF!
Name _______PRE12: #REF!
Name _______rc: #REF!
Name _______VPD1: #REF!
Name _______VPI1: #REF!

Sheet P
A1: PRESUPUESTO GENERAL
A2: ÍTEM | B2: CAPITULOS Y ACTIVIDADES | C2: UNIDAD DE MEDIDA | D2: CANTIDAD | E2: VALOR UNITARIO | F2: VALOR PARCIAL
A3: 1 | B3: PROVISIONAL
A4: 1.0 | B4: Instalación de CERRAMIENTO PROVISIONAL en tela naranja con una altura de 2,1 m, y estructura en larguero común, concreto de 17.5 Mpa para fijación de estructura en madera común. Incluye suministro, transporte, instalación y desmonte de la tela, excavación manual en cualquier material, cargue, transporte y botada de material y todos los demás elementos necesarios para su correcta instalación. | C4: m | E4: =+#REF! -> #REF! | F4: =ROUND((E4*D4),0) -> #REF!
A5: 2 | B5: EXCAVACIÓN MANUAL
A6: 2.1 | B6: EXCAVACIÓN MANUAL de material heterogéneo DE 0-2 m., bajo cualquier grado de humedad. Incluye: roca descompuesta, bolas de roca de volumen inferior a 0.35 m³. el cargue, transporte interno del material proveniente de las excavaciones en los sitios donde lo indique la interventoría y su medida será en el sitio. No incluye entibado. | C6: m3 | E6: =+#REF! -> #REF! | F6: =ROUND((E6*D6),0) -> #REF!
A7: 3 | B7: LLENOS
A8: 3.1 | B8: Suministro, transporte y colocación de AFIRMADO y todo lo necesario para su correcta construcción y funcionamiento. Su medida será tomada en sitio ya compactado. | C8: m3 | E8: =+#REF! -> #REF! | F8: =ROUND((E8*D8),0) -> #REF!
A9: 3.2 | B9: LLENOS EN ARENILLA, compactados mecánicamente hasta obtener una densidad del 98% de la máxima obtenida en el ensayo del próctor modificado. Incluye el suministro, transporte, colocación de la arenilla, la compactación de la misma y transporte interno. Y su medida será en sitio ya compactado. | C9: m3 | E9: =+#REF! -> #REF! | F9: =ROUND((E9*D9),0) -> #REF!
A10: 4 | B10: RETIROS
A11: 4.1 | B11: RETIRO DE APARATOS SANITARIOS, incluye el cargue, transporte, botada o recuperación de aparatos sanitarios, lavamanos, lavaderos, orinales. Incluye botada en botaderos oficiales y la recuperación de los materiales aprovechables y/o su transporte hasta la bodega o el sitio que indique la interventoría. | C11: un | E11: =+#REF! -> #REF! | F11: =ROUND((E11*D11),0) -> #REF!
A12: 4.2 | B12: RETIRO DE PUERTAS (marco y ala) metálicas, en aluminio, en madera o puerta reja. Incluye el retiro, cargue, transporte, botada de escombros en botaderos oficiales y recuperación de los materiales aprovechables y su transporte hasta la bodega o el sitio que lo indique la interventoría. Ancho variable desde 0,60 a 1,20 m. | C12: un | E12: =+#REF! -> #REF! | F12: =ROUND((E12*D12),0) -> #REF!
A13: 4.3 | B13: RETIRO, CARGUE, TRANSPORTE Y BOTADA DE ESCOMBROS, incluye, el cargue con máquina, repaleo, transporte interno y externo y botada de material tipo escombro en los sitios donde lo indique la interventoría y su medida será en el sitio. | C13: m3 | E13: =+#REF! -> #REF! | F13: =ROUND((E13*D13),0) -> #REF!
A14: 4.4 | B14: RETIRO DE VENTANAS con vidrio, metálicas, en aluminio, en madera o ventana reja. Incluye botada de escombros en botaderos oficiales y recuperación de los materiales aprovechables y su transporte hasta el sitio que lo indique la interventoría. Dimensión variable. | C14: un | E14: =+#REF! -> #REF! | F14: =ROUND((E14*D14),0) -> #REF!
A15: 4.5 | B15: RETIRO DE CANOAS, RUANAS, BAJANTES y TUBERÍAS. Incluye el cargue, transporte, botada escombros en botaderos oficiales, recuperación de los materiales aprovechables y su transporte hasta el sitio que lo indique la interventoría. | C15: m | E15: =+#REF! -> #REF! | F15: =ROUND((E15*D15),0) -> #REF!
A16: 4.6 | B16: RETIRO DE CERRAMIENTO EN MALLA ESLABONADA. Incluye el retiro, cargue y transporte de los materiales, recuperación de los materiales aprovechables como tubería, malla eslabonada y alambre de púas y su transporte hasta el sitio que indique la interventoría, demolición de concreto, cargue, transporte y botada de escombros provenientes de este retiro en botaderos oficiales o donde indique la interventoría. | C16: m2 | E16: =+#REF! -> #REF! | F16: =ROUND((E16*D16),0) -> #REF!
A17: 4.7 | B17: RETIRO DE CUBIERTA EN TEJA DE ASBESTO - CEMENTO, teja plástica o teja similar. Incluye cargue, transporte, botada o recuperación de tablilla, alfardas, cargueras y soleras, cargue, transporte y botada de escombros en botaderos oficiales, recuperación de los materiales aprovechables o su transporte hasta el sitio que lo indique la interventoría. Medido en proyección horizontal. | C17: m2 | E17: =+#REF! -> #REF! | F17: =ROUND((E17*D17),0) -> #REF!
A18: 4.8 | B18: RETIRO DE PIEDRA DE ENTRESUELO para su reutilización en la obra. Incluye cargue, transporte interno para su almacenaje y botada de la arenilla y del material que no se pueda recuperar. | C18: m2 | E18: =+#REF! -> #REF! | F18: =ROUND((E18*D18),0) -> #REF!
A19: 5 | B19: DEMOLICIÓN
A20: 5.1 | B20: DEMOLICIÓN ANDENES O PISOS, cargue, transporte y botada de escombros de ESPESOR MÁXIMO DE 0.20m, en CONCRETO. Incluye retiro de cordones, retiro de enchape (baldosa, baldosín forros en arenón, madera, vinilo, granito esmerilado, concreto, pisos en gres, entre otros), placa de concreto si existe, entresuelo de recebo; retiro y reinstalación de tapas de medidores de acueducto cualquier diámetro, tapas de energía y tapas cajas de teléfono. Incluye compresor neumático con martillo, además recuperación de los materiales aprovechables o su transporte hasta el sitio que lo indique la interventoría. | C20: m2 | E20: =+#REF! -> #REF! | F20: =ROUND((E20*D20),0) -> #REF!
A21: 5.2 | B21: DEMOLICIÓN LOSAS DE CONCRETO cargue, transporte y botada de escombros, manual o mecánicamente, de cualquier resistencia, reforzado o ciclópeo, y en cualquier clase de estructura. Incluye retiro de refuerzo y cualquier tipo de acabado (revoques y enchapes) o piso (en losas) e instalaciones embebidas, compresor neumático con martillo, además recuperación de los materiales aprovechables o su transporte hasta el sitio que lo indique la interventoría. | C21: m3 | E21: =+#REF! -> #REF! | F21: =ROUND((E21*D21),0) -> #REF!
A22: 5.3 | B22: DEMOLICIÓN MAMPOSTERÍA EN LADRILLO DE 10 a 15 cm DE ESPESOR, incluye cargue, transporte y botada de escombros en botaderos oficiales, demolición de revoques y enchapes aplicados en el muro a demoler e instalaciones embebidas, además recuperación de los materiales aprovechables o su transporte hasta el sitio que lo indique la interventoría; se debe de utilizar cortadora para garantizar que los filetes de la demolición queden ortogonales. | C22: m2 | E22: =+#REF! -> #REF! | F22: =ROUND((E22*D22),0) -> #REF!
A23: 5.4 | B23: DEMOLICIÓN MESÓN EN GRANO, cargue, transporte y botada de escombros. Incluye refuerzo e instalaciones embebidas. Además su transporte hasta el sitio que lo indique la interventoría. | C23: m | E23: =+#REF! -> #REF! | F23: =ROUND((E23*D23),0) -> #REF!
A24: 5.5 | B24: DEMOLICIÓN DE ENCHAPE, espesores entre 0.03 y 0.05 m. Incluye cargue, transporte y botada de escombros en botaderos oficiales, demolición de revoques y enchapes aplicados en el muro a demoler e instalaciones embebidas, además recuperación de los materiales aprovechables o su transporte hasta el sitio que lo indique la interventoría. | C24: m2 | E24: =+#REF! -> #REF! | F24: =ROUND((E24*D24),0) -> #REF!
A25: 6 | B25: CONCRETOS
A26: 6.1 | B26: Construcción de ANDÉN en concreto de 21 Mpa. espesor de 0.10m., con vaciado alternado cada metro. Incluye suministro y transporte de los materiales, nivelación del terreno y adecuación de la superficie, acabado escobillado y llaneado 0.10m en los bordes, entresuelo, formaleta en súper T para acabado a la vista, curado y todo lo necesario para su correcta construcción y funcionamiento. Según diseño. Las excavaciones o descapotes se pagarán en su ítem respectivo. | C26: m2 | E26: =+#REF! -> #REF! | F26: =ROUND((E26*D26),0) -> #REF!
A27: 6.2 | B27: Construcción de LOSA DE PISO en concreto de 21 MPa. con un ESPESOR DE 0.12 m. Incluye suministro, transporte, y colocación del concreto, formaleta, vibrado, protección antisol, curado y todos los demás elementos necesarios para su correcta construcción. El entresuelo y el acero de refuerzo se pagará en su respectivo ítem. | C27: m2 | E27: =+#REF! -> #REF! | F27: =ROUND((E27*D27),0) -> #REF!
A28: 6.3 | B28: Construcción de COLUMNAS DE 0.30 x 0.30m. en concreto de 21 MPa, acabado a la vista. Incluye suministro, transporte y colocación del concreto, formaleta en súper "T" de 19mm., aristas biseladas, desmoldante, fluidificante para mezclas de concreto, vibrado, protección, curado y todos los demás elementos necesarios para su correcta construcción según diseño. El acero de refuerzo se pagará en su respectivo ítem. En el vaciado se deben dejar los hierros para el amarre de la mampostería no estructural, por ningún motivo se pagarán anclajes. | C28: m | E28: =+#REF! -> #REF! | F28: =ROUND((E28*D28),0) -> #REF!
A29: 6.4 | B29: Colocación de REVOQUE con mortero 1:4 EN MUROS. Incluye suministro y transporte de los materiales, fajas, ranuras, filetes y todos los demás elementos necesarios para su correcta construcción. | C29: m2 | E29: =+#REF! -> #REF! | F29: =ROUND((E29*D29),0) -> #REF!
A30: 6.5 | B30: Colocación de MORTERO DE NIVELACION con mortero 1:4 EN PISOS, espesor hasta 8 cm. Incluye suministro y transporte de los materiales, fajas, ranuras, filetes y todos los demás elementos necesarios para su correcta construcción. | C30: m2 | E30: =+#REF! -> #REF! | F30: =ROUND((E30*D30),0) -> #REF!
A31: 6.6 | B31: Construcción de DINTELES EN CONCRETO DE 21 Mpa DE 0.10 X 0.20 m. Incluye suministro, transporte y colocación del concreto, formaleta completa, vibrado, curado, este elemento va revocado o enchapado en el mismo material de la mampostería, el acabado se pagará en el ítem respectivo y todos los elementos necesarios para su correcta ejecución. No incluye refuerzo. | C31: m | E31: =+#REF! -> #REF! | F31: =ROUND((E31*D31),0) -> #REF!
A32: 6.7 | B32: Construcción de CUNETA EN "V" en concreto de 21 Mpa., DESARROLLO DE 0.50 m., ESPESOR DE 0.08 m. Incluye suministro, transporte y colocación del concreto, entresuelo 15 cm de piedra y 5 cm de arenilla y todos los demás elementos necesarios para su correcta construcción. Según diseño. | C32: m | E32: =+#REF! -> #REF! | F32: =ROUND((E32*D32),0) -> #REF!
A33: 7 | B33: ACERO DE REFUERZO
A34: 7.1 | B34: Suministro, transporte e instalación de ACERO DE REFUERZO FIGURADO FY= 420 Mpa-60000 PSI, corrugado. Incluye transporte con descarga, transporte interno, alambre de amarre, certificados y todos los elementos necesarios para su correcta instalación, según diseño y recomendaciones estructurales. | C34: kg | E34: =+#REF! -> #REF! | F34: =ROUND((E34*D34),0) -> #REF!
A35: 8 | B35: MALLA ELECTROSOLDADA
A36: 8.1 | B36: Colocación de MALLA ELECTROSOLDADA TIPO D 84. Incluye el suministro y el transporte del material y todos los elementos necesarios para su correcta colocación. | C36: m2 | E36: =+#REF! -> #REF! | F36: =ROUND((E36*D36),0) -> #REF!
A37: 9 | B37: PINTURA
A38: 9.1 | B38: RESANE Y REPINTE de PINTURA ACRÍLICA tipo Koraza o equivalente para exteriores (hidrorepelente) de primera calidad que cumpla con la Norma NTC 1335, 2 manos o las que sean necesarias para obtener una superficie pareja y homogénea, a satisfacción de la interventoría. Incluye suministro y transporte de los materiales, preparada, retiro de pintura vieja existente, lijada y adecuación de la superficie a intervenir. Color a definir según aprobación de la interventoría. | C38: m2 | E38: =+#REF! -> #REF! | F38: =ROUND((E38*D38),0) -> #REF!
A39: 9.2 | B39: Aplicación de PINTURA A BASE DE AGUA EN MUROS, CON VINILO TIPO 1 de primera calidad sobre muros revocados y/o estucados, tres manos o las necesarias hasta obtener una superficie pareja y homogénea. Incluye suministro y transporte de los materiales, resanes, tapa poros en estuco plástico tipo plastestuco o equivalente diluido en agua proporción 1:2, adecuación de la superficie a intervenir hasta obtener una superficie pareja y homogénea, color a definir según aprobación de la interventoría. | C39: m2 | E39: =+#REF! -> #REF! | F39: =ROUND((E39*D39),0) -> #REF!
A40: 9.3 | B40: Aplicación de ESMALTE A BASE DE ACEITE ENTRE 0,4 - 0,5 m DE ALTURA PARA ZOCALO, dos manos o las necesarias hasta obtener una superficie pareja y homogénea. Incluye suministro y transporte de los materiales, disolvente para pinturas a base de aceite, adecuación de la superficie a intervenir hasta obtener una superficie pareja y homogénea, color a definir según aprobación de la interventoría. | C40: ml | E40: =+#REF! -> #REF! | F40: =ROUND((E40*D40),0) -> #REF!
A41: 9.4 | B41: Aplicación de ESMALTE A BASE DE ACEITE PARA PUERTAS DE 0,8/1 m x 2,1 m , dos manos o las necesarias hasta obtener una superficie pareja y homogénea. Incluye suministro y transporte de los materiales, disolvente para pinturas a base de aceite, adecuación de la superficie a intervenir hasta obtener una superficie pareja y homogénea, color a definir según aprobación de la interventoría. | C41: un | E41: =+#REF! -> #REF! | F41: =ROUND((E41*D41),0) -> #REF!
A42: 9.5 | B42: Aplicación de ESMALTE A BASE DE ACEITE, sobre elementos metálicos, dos manos o las necesarias hasta obtener una superficie pareja y homogénea. Incluye suministro y transporte de los materiales, disolvente para pinturas a base de aceite, adecuación de la superficie a intervenir hasta obtener una superficie pareja y homogénea, color a definir según aprobación de la interventoría. | C42: m2 | E42: =+#REF! -> #REF! | F42: =ROUND((E42*D42),0) -> #REF!
A43: 10 | B43: INSTALACIONES HIDRÁULICAS Y SANITARIAS
A44: 10.1 | B44: Instalación de SANITARIO INTEGRAL (línea Acuacer o equivalente) color BLANCO, bajo consumo 6lt, diseño de dos piezas, taza redonda, incluye el suministro y transporte del sanitario, sifón esmaltado, grifería antisifón, anillo abierto, abasto metálico, válvula de regulación metálica con manguera flexible, brida de fijación, tapón roscado y todos los demás elementos necesarios para su correcta instalación y funcionamiento. | C44: un | E44: =+#REF! -> #REF! | F44: =ROUND((E44*D44),0) -> #REF!
A45: 10.2 | B45: Suministro, transporte y colocación de lavamanos de colgar tipo Acuacer o equivalente. Incluye Grifería galaxia, abasto metálico, sifón botella y todos los demás elementos necesarios para su correcta instalación y funcionamiento. | C45: un | E45: =+#REF! -> #REF! | F45: =ROUND((E45*D45),0) -> #REF!
A46: 10.3 | B46: Suministro, transporte y colocación de orinal grande blanco, incluye grifería tipo push, abasto metálico y todos los demás elementos necesarios para su correcta instalación y funcionamiento. | C46: un | E46: =+#REF! -> #REF! | F46: =ROUND((E46*D46),0) -> #REF!
A47: 11 | B47: MESONES
A48: 11.1 | B48: Suministro, transporte y colocación de mesón en acero inoxidable AISI 304 calibre 18 tipo Socoda o equivalente, de 0.60 m de anmcho (recto). Incluye salpicadero, bordes redondeados, parales (pieamigos en platina de 2" x 3/16" asegurados a la pared mediante pernos de expansión de 3/8" x 4" c/u) de soporte donde sea necesario y todos los demás elementos necesarios para su correcta instalación y funcionamiento. | C48: ml | E48: =+#REF! -> #REF! | F48: =ROUND((E48*D48),0) -> #REF!
A49: 12.0 | B49: CARPINTERÍA METÁLICA/MADERA/SISTEMAS LIVIANOS
A50: 12.1.0 | B50: MARCOS Y PUERTAS METÁLICAS
A51: 12.1.1 | B51: Suministro, transporte y colocación de puerta metálica (marco y ala) calibre 20 0.8 hasta 1m x 2.10 m. Incluye chapa de seguridad tipo Yale o equivalente, anticorrosivo y esmalte de acabado y todo los demás elementos requeridos para su correcta fabricación e instalación, según diseño. | C51: un | E51: =+#REF! -> #REF! | F51: =ROUND((E51*D51),0) -> #REF!
A52: 12.1.2 | B52: Suministro, transporte y colocación de puerta metálica izquierda o derecha(marco y ala) calibre 20 0.6 hasta 0.75 m x 2.10 m. Incluye chapa de seguridad tipo Yale o equivalente, anticorrosivo y esmalte de acabado y todo los demás elementos requeridos para su correcta fabricación e instalación, según diseño. | C52: un | E52: =+#REF! -> #REF! | F52: =ROUND((E52*D52),0) -> #REF!
A53: 12.2.0 | B53: VENTANA
A54: 12.2.1 | B54: Suministro, transporte y colocación de ventana proyectante en aluminio anodizado color natural, cristal templado de 4mm., color claro, de 2.20 x 0.50 m., la ventana se divide en tres cuerpos proyectantes, incluye silicona antihongos en todo el perímetro de los vidrios, empaques, pisavidrios a presión, cerradura de seguridad, tiraderas y todos los elementos necesarios para su correcta instalación y funcionamiento, según diseño y previa aprobación de interventoría. | C54: un | E54: =+#REF! -> #REF! | F54: =ROUND((E54*D54),0) -> #REF!
A55: 13 | B55: INSTALACIONES ELECTRICAS
A56: 13.1 | B56: DUCTOS
A57: 13.1.1 | B57: Suministro, transporte e instalación de tubería metálica EMT diámetro 3/4". Incluye adaptadores, uniones, curvas, grapas doble ala, resanes en mortero 1:4 y demás accesorios necesarios para su correcta instalación. | C57: m | E57: =+#REF! -> #REF! | F57: =ROUND((E57*D57),0) -> #REF!
A58: 13.1.2 | B58: Suministro, transporte e instalación de tubería metálica EMT diámetro 1/2". Incluye adaptadores, uniones, curvas, grapas doble ala, resanes en mortero 1:4 y demás accesorios necesarios para su correcta instalación. | C58: m | E58: =+#REF! -> #REF! | F58: =ROUND((E58*D58),0) -> #REF!
A59: 13.2 | B59: SALIDAS DE ENERGIA
A60: 13.2.1 | B60: Suministro, transporte e instalación de materiales para salida eléctrica de toma doble con polo a tierra 15 A, .LEV ref 5320, 125 V y según la norma NEMA 5-15R, certificación RETIE y pruebas de conformidad UL. Incluye toma, la tapa, cajas 4"x4" con tapa suplemento, ducto pvc, conectores de conexión y empalme, adaptadores terminales, curvas, pega pvc, tornillos, conductores de cobre 12 AWG-CU-THHN/THWN-90ºC, obra civil, y demás accesorios y elementos para su correcta instalación y funcionamiento.(Salida promedio de 4 m). | C60: un | E60: =+#REF! -> #REF! | F60: =ROUND((E60*D60),0) -> #REF!
A61: 13.2.2 | B61: Suministro, transporte e instalación de materiales para salida eléctrica de interruptor DOBLE de alumbrado. TIPO LEV referencia ref 5224 según certificación RETIE y pruebas de conformidad UL por ducto pvc. Incluye el interruptor, tapa, cajas 4"x4" con tapa suplemento, conductores de cobre 12 AWG-CU-THHN-90ºC, conectores de conexión y empalme, tornillos, ducto pvc, adaptadores terminal, obra civil y demás accesorios y elementos necesarios para su correcta instalación y funcionamiento. (salida promedio 4 m). | C61: un | E61: =+#REF! -> #REF! | F61: =ROUND((E61*D61),0) -> #REF!
A62: 13.3 | B62: REDES ELECTRICAS
A63: 13.3.1 | B63: Suministro, transporte e instalación de cable blando 1 No12 cobre THHN/THWN-90ºC. Por ducto o canaleta. Incluye conectores, marcación y demás accesorios para su correcta instalación y funcionamiento según RETIE. | C63: m | E63: =+#REF! -> #REF! | F63: =ROUND((E63*D63),0) -> #REF!
A64: 13.3.2 | B64: Suministro, transporte e instalación de cable blando 1 No14 cobre THHN/THWN-90ºC. Por ducto o canaleta. Incluye conectores, marcación y demás accesorios para su correcta instalación y funcionamiento según RETIE. | C64: m | E64: =+#REF! -> #REF! | F64: =ROUND((E64*D64),0) -> #REF!
A65: 13.3.3 | B65: Suministro, transporte e instalación de cable blando 1 No10 cobre THHN/THWN-90ºC. Por ducto o canaleta. Incluye conectores, marcación y demás accesorios para su correcta instalación y funcionamiento según RETIE. | C65: m | E65: =+#REF! -> #REF! | F65: =ROUND((E65*D65),0) -> #REF!
A66: 13.3.4 | B66: Suministro, transporte e instalación de cable blando 1 No8 cobre THHN/THWN-90ºC. Por ducto o canaleta. Incluye conectores, marcación y demás accesorios para su correcta instalación y funcionamiento según RETIE. | C66: m | E66: =+#REF! -> #REF! | F66: =ROUND((E66*D66),0) -> #REF!
A67: 14 | B67: LUMINARIAS DE SOBREPONER
A68: 14.1 | B68: Suministro, transporte e instalación de Luminaria Led Hermetica 2x12w T8 Pc Luz Neutra 3600 Lm. Incluye tubos T8 trifósforo(flujo luminoso 2950 lumen por tubo) ISO 14000, Color 8 40 impreso en el tubo, vida útil de 20.000 horas, Cable encauchetado 3x14 AWG(promedio de 100 cm), clavija con polo a tierra, prensaestopa, elementos de fijación según norma NRS-10 y demás accesorios para su correcta instalación. La luminaria completa debe cumplir las últimas disposiciones del RETILAP y el RETIE se debe entregar curva fotométrica certificada del fabricante. | C68: un | E68: =+#REF! -> #REF! | F68: =ROUND((E68*D68),0) -> #REF!
A69: 15 | B69: CIELOS
A70: 15.1 | B70: Suministro, transporte y colocación de cielo falso en lamina pvc de 2,9 x 0,3 e 7cm. Con junta seca, color gris metálico. Incluye perfiles y estructura de fijación y todo lo necesario para su correcta construcción y funcionamiento. Según detalle. | C70: m2 | E70: =+#REF! -> #REF! | F70: =ROUND((E70*D70),0) -> #REF!
A71: 16 | B71: ENCHAPES
A72: 16.1 | B72: =+PRESUPUESTO!#REF! -> #REF! | C72: m2 | E72: =+#REF! -> #REF! | F72: =ROUND((E72*D72),0) -> #REF!
A73: 16.2 | B73: =+PRESUPUESTO!#REF! -> #REF! | C73: m2 | E73: =+#REF! -> #REF! | F73: =ROUND((E73*D73),0) -> #REF!
A74: 16.3 | B74: Colocación de PISO EN GRES DE 30 x 30 cm. COLOR A DEFINIR, ESPESOR DE 12 mm tráfico 5 tipo Alfa o equivalente. Incluye suministro y transporte de los materiales, juntas de dilatación cada 1,80 m. En ambos sentidos con sellante elastomérico tipo Sikaflex o equivalente calidad, y todos los elementos necesarios para su correcta construcción. | C74: m2 | E74: =+#REF! -> #REF! | F74: =ROUND((E74*D74),0) -> #REF!
A75: 16.4 | B75: Construcción de PISO EN BALDOSA PISO DURO DE 30 x 30 cm., de primera calidad aprobada por la interventoría que cumpla la norma NTC 2849. Incluye concreto de pega y nivelación 1:3:2 de cemento, arena de concreto, agregado de 3/8" a 1/2" y aditivo plastificante en un espesor de 5 cm, suministro y transporte de la baldosa, varilla de dilatación en PVC de 5 mm x 37mm en cuadrículas de 2,10m x 2,10m., lechada del mismo color de la baldosa, destroncada, pulida, brillada y encerada en el sitio con cera polimérica, protección de muros, puertas y desagües. Cargue, transporte y botada de material sobrante (cachaza) en botaderos oficiales. La interventoría entregará el diseño en tapetes o franjas combinando los colores (máximo dos colores). Los ensayos que se requieran serán por cuenta del contratista y las muestras se escogerán del material puesto en obra. | C75: m2 | E75: =+#REF! -> #REF! | F75: =ROUND((E75*D75),0) -> #REF!
A76: 17 | B76: CUBIERTA
A77: 17.1 | B77: PERFILES RECTANGULARES
A78: 17.1.1 | B78: Construcción y montaje de estructura metálica, en perfilería tipo IPE, HEA, PHR-C, PTE para elementos de cubierta, rampas o áreas de circulación incluye suministro, transporte e instalación de láminas, platinas, uniones, soldaduras de acabado o presentación, anclajes y pernos a estructura de concreto y madera, Todos los elementos deben llevar dos manos de pintura anticorrosiva, dos manos de esmalte base aceite mate, color por definir, ensayos a soldaduras, obra falsa y todo el equipo y la herramienta necesaria para el montaje. | C78: kg | E78: =+#REF! -> #REF! | F78: =ROUND((E78*D78),0) -> #REF!
A79: 17.2 | B79: TEJAS
A80: 17.2.1 | B80: Suministro, transporte e instalación de TEJA TERMOACUSTICA, Incluye amarres y demás elementos necesarios par su correcta instalación y funcionamiento. | C80: m2 | E80: =+#REF! -> #REF! | F80: =ROUND((E80*D80),0) -> #REF!
A81: 17.2.2 | B81: Suministro, transporte e instalación de TEJA ASBESTO-CEMENTO, Incluye amarres y demás elementos necesarios par su correcta instalación y funcionamiento. | C81: m2 | E81: =+#REF! -> #REF! | F81: =ROUND((E81*D81),0) -> #REF!
A82: 17.3 | B82: CANOAS
A83: 17.3.1 | B83: Suministro, transporte e instalación de (canoa) CANOA EN PVC , para aguas lluvias. Incluye suministro y transporte de los materiales, accesorios, limpiador y todos los elementos necesarios para su correcta instalación y funcionamiento. | C83: m | E83: =+#REF! -> #REF! | F83: =ROUND((E83*D83),0) -> #REF!
A84: 17.3.2 | B84: Suministro, transporte y colocación de canoa en "U" en lamina galvanizada calibre 20, desarrollo 0,3-0,5m. con soldadura autógena. Incluye embudos en el mismo material de la canoa, soportes, tornillos autoperforantes, anticorrosivo epóxico por ambas caras, acabado con esmalte en la cara inferior a la vista y todos los elementos necesarios para su correcta instalación y funcionamiento. Según diseño de cubierta. | C84: m | E84: =+#REF! -> #REF! | F84: =ROUND((E84*D84),0) -> #REF!
A85: 17.4 | B85: ENCOROZADA
A86: 17.4.1 | B86: Suministro e instalación de mortero 1:4 para ENCOROZADA de mamaposteria, incluye malla tipo anje, chapas y todo lo necesario para su correcto insstalacion | C86: ml | E86: =+#REF! -> #REF! | F86: =ROUND((E86*D86),0) -> #REF!
A87: 18.0 | B87: MAPOSTERIA
A88: 18.1 | B88: Construcción de MAMPOSTERÍA EN LADRILLO PARA REVOCAR O ENCHAPAR una cara o dos caras, DE 15 x 20 x 40 cm. ESPESOR DE 15 cm. Incluye el suministro y transporte del ladrillo, el mortero de pega 1:4 espesor max=0.01 m y todos los demás elementos necesarios para su correcta construcción y funcionamiento. | C88: m2 | E88: =+#REF! -> #REF! | F88: =ROUND((E88*D88),0) -> #REF!
A89: 18.2 | B89: Construcción de MAMPOSTERÍA EN LADRILLO PARA REVOCAR O ENCHAPAR una cara o dos caras, DE 10 x 20 x 40 cm. ESPESOR DE 10 cm. Incluye el suministro y transporte del ladrillo, el mortero de pega 1:4 espesor max=0.01 m y todos los demás elementos necesarios para su correcta construcción y funcionamiento. | C89: m2 | E89: =+#REF! -> #REF! | F89: =ROUND((E89*D89),0) -> #REF!
A90: 19.0 | B90: TALA Y PODA DE ARBOL
A91: 19.1 | B91: TALA, cargue y retiro de ÁRBOLES bajo cualquier condición, con ALTURAS mayores de 20,0 m. Incluye trozado, chipiado, retiro de raíces completas, transporte y disposición del material resultante al sitio que indiquen las autoridades competentes y la interventoría. Se realizará en aquellos árboles que dada su ubicación interfieren con el proyecto o que ofrezcan algún riesgo para la comunidad y que no justifique su trasplante. Según definición del Plan de Manejo Arbóreo. | C91: un | E91: =+#REF! -> #REF! | F91: =ROUND((E91*D91),0) -> #REF!
A92: 19.2 | B92: PODAS, cargue y retiro de ÁRBOLES ADULTOS bajo cualquier condición. Incluye trozado, chipiado, transporte y disposición del material resultante al sitio que indiquen las autoridades competentes y la interventoría. La poda se realizará con motosierra. Se realizará en aquellos árboles que dada su condiciones fitosanitarias requieren de una poda de aclareo o realce. Según definición del Plan de Manejo Arbóreo. | C92: un | E92: =+#REF! -> #REF! | F92: =ROUND((E92*D92),0) -> #REF!
A93: 20 | B93: CERRAMIENTO EN MALLA ESLABONADA
A94: 20.1 | B94: Suministro, transporte y colocación de cerramiento en malla eslabonada calibre 10 ojo No. 5, tubería galvanizada de 1.9" calibre 14, cerramiento tipo Inder. altura de 2.0m medidos a partir de la cara superior de la viga de fundación, dos hilas de mampostería en bloque de 20x20x40, columna cada 2m de 20cmx20cm, viga de fundación en concreto ciclópeo 40% piedra y concreto de 21Mpa al 60% de 40cm x 30cm, incluye acero de refuerzo y todo lo necesario para su correcta construcción. Según diseño. | C94: ml | E94: =+#REF! -> #REF! | F94: =ROUND((E94*D94),0) -> #REF!
A95: Valor Total Costo Directo Obra. | F95: =+SUM(F4:F94) -> #REF!
A97: A.U OBRA CIVIL | E97: Administración | F97: =+#REF! -> #REF!
E98: Utilidad | F98: =+#REF! -> #REF!
E99: TOTAL AU | F99: =+SUM(F97:F98) -> #REF!
A101: Costo total obra | F101: =+F99+F95 -> #REF!
A102: Interventoría
...

Sheet BALANCE
B6: ACTA MODIFICATORIA N°1
B7: OBJETO: OBJETO: MEJORAMIENTO Y ADECUACIÓN DE LAS VIAS URBANAS DEL MUNICIPIO DE SANTA FE DE ANTIOQUIA | D7: CONTRATO DE OBRA PUBLICA No: CD-020-2026
B8: DEPARTAMENTO: ANTIOQUIA | D8: VALOR CONTRATO: $ 319.722.077 (TRESCIENTOS DIECINUEVE SETESCIENTOS VEINTIDOS MIL SETENTA Y SIETE PESOS M/CTE)
B9: ENTIDAD CONTRATANTE: ALCALDÍA DE SANTA FE DE ANTIOQUIA | D9: VALOR ACTA ANTICIPADA :
B10: SUPERVISOR: VALENTINA | D10: CONTRATISTA: GRUPO BAW S.A.S
B11: REPRESENTANTE LEGAL: | D11: REPRESENTANTE LEGAL: ANDERSON STEVE BARRERA ARIAS
D12: PLAZO INICIAL: UN (01) MES Y QUINCE (15) DIAS A PARTIR DE LA FIRMA DEL ACTA DE INICIO
D13: FECHA DE TERMINACION: 13 DE JUNIO DE 2026
B15: CONDICIONES CONTRACTUALES | H15: CONDICIONES REALES | I15: MODIFICACIONES | K15: CONDICIONES ACTUALIZADAS
B18: ITEM | C18: DESCRIPCION | D18: UND. | E18: CANT. | F18: V/UNIT. | G18: VALOR | H18: CANT. REAL A EJEC. | I18: (+/-) CANT | J18: VALOR | K18: CANT. | L18: VALOR
B19: 1 | C19: PRELIMINARES
B20: 1.1 | C20: Localización, trazado y replanteo del proyecto. Se utilizará equipo de precisión, personal experto. Se hará con la frecuencia que lo indique la interventoria. incluye demarcación con pintura, línea de trazado, corte de piso, libretas, planos. | D20: día | E20: 6 | F20: 969157 | G20: =+ROUND(E20*F20,0) -> 5814942 | H20: 6 | I20: =H20-E20 -> 0 | J20: =+I20*F20 -> 0 | K20: =I20+E20 -> 6 | L20: =ROUND(K20*F20,0) -> 5814942
B21: 2 | C21: MOVIMIENTOS DE TIERRA
B22: 2.1 | C22: Excavación mecanica en material heterogéneo, bajo cualquier grado de humedad, medido in situ, no incluye botada. | D22: m3 | E22: 129.591 | F22: 26235 | G22: =+ROUND(E22*F22,0) -> 3399820 | H22: 456 | I22: =H22-E22 -> 326.409 | J22: =I22*F22 -> 8563340.1 | K22: =I22+E22 -> 456 | L22: =ROUND(K22*F22,0) -> 11963160
B23: 2.2 | C23: Cargue, transporte y botada de material proveniente de las excavaciones y demoliciones. Hasta el sitio que indique la interventoria. | D23: m3 | E23: 276.969 | F23: 66929 | G23: =+ROUND(E23*F23,0) -> 18537258 | H23: 456 | I23: =H23-E23 -> 179.031 | J23: =I23*F23 -> 11982366 | K23: =I23+E23 -> 456 | L23: =ROUND(K23*F23,0) -> 30519624
B24: 2.3 | C24: Confomacion de calzada existente despues de cajeo y al final de instalacio estructura pavimento | D24: m2 | E24: 508.2 | F24: 2243 | G24: =+ROUND(E24*F24,0) -> 1139893 | H24: 607.5 | I24: =H24-E24 -> 99.3 | J24: =I24*F24 -> 222729.9 | K24: =I24+E24 -> 607.5 | L24: =ROUND(K24*F24,0) -> 1362623
B25: 2.4 | C25: Suministro, transporte y colocación de base granular de máximo Ø 1½", reacomodado con medios mecánicos y compactado al 100% mínimo del ensayo del proctor modificado, según normas para la construcción de pavimentos, y todo lo necesario para su correcta construcción y funcionamiento Su medida sera tomada en sitio ya compactado, debe cumplir con los requisitos de invias 301 | D25: m3 | E25: 119.427 | F25: 422886 | G25: =+ROUND(E25*F25,0) -> 50504006 | H25: 90 | I25: =H25-E25 -> -29.427 | J25: =I25*F25 -> -12444266 | K25: =I25+E25 -> 90 | L25: =ROUND(K25*F25,0) -> 38059740
B26: 3 | C26: ESTRUCTURA DE PAVIMENTO
B27: 3,1 | C27: Suministro, transporte y colocación de mezcla asfáltica en caliente MDC - 19. Compactada con medios mecánicos. Según normas para la construcción de pavimentos. Según Normas INVIAS. | D27: m3 | E27: 50.82 | F27: 1977771 | G27: =+ROUND(E27*F27,0) -> 100510322 | H27: 36.714 | I27: =H27-E27 -> -14.106 | J27: =+I27*F27 -> -27898438 | K27: =I27+E27 -> 36.714 | L27: =ROUND(K27*F27,0) -> 72611884
B28: 3,2 | C28: Suministro, transporte y colocación de emulsión asfáltica catiónica de rompimiento lento C.R.L. para imprimación de superficie a pavimentar. Incluye todo lo necesario para su correcta construcción y funcionamiento. | D28: m2 | E28: 1016.4 | F28: 8291 | G28: =+ROUND(E28*F28,0) -> 8426972 | H28: 504 | I28: =H28-E28 -> -512.4 | J28: =+I28*F28 -> -4248308.4 | K28: =I28+E28 -> 504 | L28: =ROUND(K28*F28,0) -> 4178664
B29: 4.0 | C29: CONCRETOS
B30: 4,1 | C30: Concreto clase D (210 kg/cm2 ó 3000 PSI) - para anden | D30: m3 | E30: 17.787 | F30: 935515 | G30: =+ROUND(E30*F30,0) -> 16640005 | H30: 12.5 | I30: =H30-E30 -> -5.287 | J30: =+I30*F30 -> -4946067.8 | K30: =I30+E30 -> 12.5 | L30: =ROUND(K30*F30,0) -> 11693938
B31: 4,2 | C31: Suministro, transporte y colocación de cordón prefabricado de 0.15 x 0.45 x 0.80 m de concreto de 21 Mpa, tres caras, juntas ranuradas, referencia Bordillo Barrera Recto Tipo U10 (según M.E.P). Incluye excavación, conformación del terreno, ajustes de concreto o pavimento donde sea necesario, mortero 1:4 de asiento y pega en las longitudes más adecuadas para el desarrollo de la obra, y todo lo necesario para su correcta construcción y funcionamiento. Según diseño. | D31: ml | E31: 169.4 | F31: 116256 | G31: =+ROUND(E31*F31,0) -> 19693766 | H31: 160 | I31: =H31-E31 -> -9.4 | J31: =+I31*F31 -> -1092806.4 | K31: =I31+E31 -> 160 | L31: =ROUND(K31*F31,0) -> 18600960
B32: NP | C32: NO PREVISTOS
B33: NP1 | C33: Suministro, transporte e instalación de malla electrosoldada. Hueco 15X15Cm. Diametro 4.0Mm (Xx-084) en el area de anden | D33: m2 | E33: 110 | F33: ='NP1'!H38 -> 55448 | G33: =E33*F33 -> 6099280 | H33: 110 | I33: =H33-E33 -> 0 | J33: =+I33*F33 -> 0 | K33: =I33+E33 -> 110 | L33: =ROUND(K33*F33,0) -> 6099280
B34: NP2 | C34: Suministro, transporte e aplicación de antisol sobre concreto para anden | D34: m2 | E34: 110 | F34: ='NP2'!H37 -> 38732 | G34: =E34*F34 -> 4260520 | H34: 110 | I34: =H34-E34 -> 0 | J34: =+I34*F34 -> 0 | K34: =I34+E34 -> 110 | L34: =ROUND(K34*F34,0) -> 4260520
B35: NP3 | C35: Suministro, transporte y colocación de base granular de máximo Ø 1½", reacomodado con medios mecánicos y compactado al 100% mínimo del ensayo del proctor modificado, según normas para la construcción de andenes, y todo lo necesario para su correcta construcción y funcionamiento Su medida sera tomada en sitio ya compactado. | D35: m3 | E35: 13 | F35: ='NP3'!H38 -> 416279 | G35: =E35*F35 -> 5411627 | H35: 13 | I35: =H35-E35 -> 0 | J35: =+I35*F35 -> 0 | K35: =I35+E35 -> 13 | L35: =ROUND(K35*F35,0) -> 5411627
B36: NP4 | C36: Muro de contención aligerado en bloque de 20 cm | D36: m2 | E36: 20 | F36: ='NP4'!H42 -> 808510 | G36: =E36*F36 -> 16170200 | H36: 20 | I36: =H36-E36 -> 0 | J36: =+I36*F36 -> 0 | K36: =I36+E36 -> 20 | L36: =ROUND(K36*F36,0) -> 16170200
C38: SUBTOTAL | G38: =SUM(G20:G36) -> 256608611 | L38: =SUM(L20:L37) -> 226747162
C39: =CONCATENATE("ADMINISTRACION (",TEXT(F39,"0.00%"),")") -> ADMINISTRACION (028%) | F39: 0.284 | G39: =ROUND(G38*$F39,0) -> 72876846 | L39: =ROUND(L38*$F39,0) -> 64396194
C40: =CONCATENATE("UTILIDAD (",TEXT(F40,"0.00%"),")") -> UTILIDAD (005%) | F40: 0.05 | G40: =ROUND(G38*$F40,0) -> 12830431 | L40: =ROUND(L38*$F40,0) -> 11337358
C41: PLAN DE ADAPTACIÓN DE LA GUÍA AMBIENTAL (PAGA), GESTION SOCIAL Y SST (Incluye IVA) | F41: PAGA, GS Y SST
C42: PROVISIÓN PARA EL PAGO DE PRIMAS DE GARANTÍAS | F42: POLIZAS
C43: VALOR TOTAL | G43: =ROUND(SUM(G38:G40),0) -> 342315888 | H43: . | J43: =L43-G43 -> -39835174 | L43: =ROUND(SUM(L38:L40),0) -> 302480714
C44: HONORARIOS | G44: =+G43*0.057 -> 19512006 | L44: =+L43*0.0569998777 -> 17241364
C45: VALOR TOTAL DEL PROYECTO CON NO PREVISTOS Y CON CANTIDADES CONTRACTUALES | G45: =SUM(G43:G44) -> 3.6182789e+08 | J45: =-G45+L46 -> -42105816
C46: VALOR TOTAL DEL PROYECTO CON NO PREVISTOS Y CON CANTIDADES REALES | L46: =SUM(L43:L44) -> 3.1972208e+08
C47: DIFERENCIA DEL VALOR DE CONTRATO PARA AJUSTE CON NO PREVISTOS , CANTIDADES REALES, AIU MAS HONORARIOS | G47: 3.1972208e+08 | J47: =L47-G47 -> 0.0016086698 | L47: =L46 -> 3.1972208e+08
C52: SE SOLICITA FECHA DE TERMINACÍON PARA EL 30 DE JUNIO YA QUE EL NO PREVISTO DE MUROS DE CONTENCIÓN EXIGE TIEMPO DEMAS PARA EJECUTAR ESTE ITEM

Sheet PRESUPUESTO
A1: ALCALDÍA DE SANTA FE DE ANTIOQUIA
A2: OBJETO: MEJORAMIENTO Y ADECUACIÓN DE LAS VIAS URBANAS DEL MUNICIPIO DE SANTA FE DE ANTIOQUIA
A3: PRESUPUESTO GENERAL
A4: ITEM | B4: DESCRIPCION | C4: UNIDAD | D4: CANTIDAD | E4: VALOR UNITARIO | F4: VALOR TOTAL | G4: INCIDENCIA (%)
A5: 1 | B5: PRELIMINARES
A6: 1.1 | B6: Localización, trazado y replanteo del proyecto. Se utilizará equipo de precisión, personal experto. Se hará con la frecuencia que lo indique la interventoria. incluye demarcación con pintura, línea de trazado, corte de piso, libretas, planos. | C6: día | D6: =+'MEMORIA DE CALCULO'!L9 -> 6 | E6: =+'1,1'!H38 -> 969157 | F6: =+ROUND(D6*E6,0) -> 5814942 | G6: =+F6/$F$19 -> 0.025882495
A7: 2 | B7: MOVIMIENTOS DE TIERRA
A8: 2.1 | B8: Excavación mecanica en material heterogéneo, bajo cualquier grado de humedad, medido in situ, no incluye botada. | C8: m³ | D8: =+'MEMORIA DE CALCULO'!L39 -> 129.591 | E8: =+'2,1'!G39 -> 26235 | F8: =+ROUND(D8*E8,0) -> 3399820 | G8: =+F8/$F$19 -> 0.015132709
A9: 2.2 | B9: Cargue, transporte y botada de material proveniente de las excavaciones y demoliciones. Hasta el sitio que indique la interventoria. | C9: m³ | D9: =+'MEMORIA DE CALCULO'!L123 -> 276.969 | E9: =+'2,2'!G38 -> 66929 | F9: =+ROUND(D9*E9,0) -> 18537258 | G9: =+F9/$F$19 -> 0.082509934
A10: 2.3 | B10: Confomacion de calzada existente despues de cajeo y al final de instalacio estructura pavimento | C10: m2 | D10: =+'MEMORIA DE CALCULO'!L172 -> 508.2 | E10: =+'2,3'!G40 -> 2243 | F10: =+ROUND(D10*E10,0) -> 1139893 | G10: =+F10/$F$19 -> 0.0050737005
A11: 2.4 | B11: Suministro, transporte y colocación de base granular de máximo Ø 1½", reacomodado con medios mecánicos y compactado al 100% mínimo del ensayo del proctor modificado, según normas para la construcción de pavimentos, y todo lo necesario para su correcta construcción y funcionamiento Su medida sera tomada en sitio ya compactado, debe cumplir con los requisitos de invias 301 | C11: m³ | D11: =+'MEMORIA DE CALCULO'!L228 -> 119.427 | E11: =+'2,4'!H40 -> 422886 | F11: =+ROUND(D11*E11,0) -> 50504006 | G11: =+F11/$F$19 -> 0.22479496
A12: 3 | B12: ESTRUCTURA DE PAVIMENTO
A13: 3,1 | B13: Suministro, transporte y colocación de mezcla asfáltica en caliente MDC - 19. Compactada con medios mecánicos. Según normas para la construcción de pavimentos. Según Normas INVIAS. | C13: m3 | D13: =+'MEMORIA DE CALCULO'!L284 -> 50.82 | E13: =+'3,1'!H45 -> 1977771 | F13: =+ROUND(D13*E13,0) -> 100510322 | G13: =+F13/$F$19 -> 0.44737469
A14: 3,2 | B14: Suministro, transporte y colocación de emulsión asfáltica catiónica de rompimiento lento C.R.L. para imprimación de superficie a pavimentar. Incluye todo lo necesario para su correcta construcción y funcionamiento. | C14: m2 | D14: =+'MEMORIA DE CALCULO'!L312 -> 1016.4 | E14: =+'3,2'!H42 -> 8291 | F14: =+ROUND(D14*E14,0) -> 8426972 | G14: =+F14/$F$19 -> 0.037508724
A15: 4.0 | B15: CONCRETOS
A16: 4,1 | B16: Concreto clase D (210 kg/cm2 ó 3000 PSI) - para anden | C16: m3 | D16: =+'MEMORIA DE CALCULO'!L396 -> 17.787 | E16: =+'4,1'!H42 -> 935515 | F16: =+ROUND(D16*E16,0) -> 16640005 | G16: =+F16/$F$19 -> 0.0740652
A17: 4,2 | B17: Suministro, transporte y colocación de cordón prefabricado de 0.15 x 0.45 x 0.80 m de concreto de 21 Mpa, tres caras, juntas ranuradas, referencia Bordillo Barrera Recto Tipo U10 (según M.E.P). Incluye excavación, conformación del terreno, ajustes de concreto o pavimento donde sea necesario, mortero 1:4 de asiento y pega en las longitudes más adecuadas para el desarrollo de la obra, y todo lo necesario para su correcta construcción y funcionamiento. Según diseño. | C17: ml | D17: =+'MEMORIA DE CALCULO'!L340 -> 169.4 | E17: =+'4,2'!H42 -> 116256 | F17: =+ROUND(D17*E17,0) -> 19693766 | G17: =+F17/$F$19 -> 0.087657588
A19: Valor Total Costo Directo Obra. | F19: =+SUM(F6:F17) -> 224666984
A20: ADMINISTRACIÓN Y UTILIDAD DE OBRA CIVIL | D20: Administración | E20: =+AU!I29 -> 0.2835 | F20: =ROUND($F$19*E20,0) -> 63693090
D21: Utilidad | E21: 0.05 | F21: =$F$19*E21 -> 11233349
D22: TOTAL AU | F22: =+F20+F21 -> 74926439
A23: PLAN DE MANEJO DE TRANSITO | D23: PMT
A24: PLAN DE ADAPTACIÓN DE LA GUÍA AMBIENTAL (PAGA), GESTION SOCIAL Y SST (Incluye IVA) | D24: PAGA, GS Y SST | F24: =+'PAGA-GS-SST'!F113 -> 1401867
A25: PROVISIÓN PARA EL PAGO DE PRIMAS DE GARANTÍAS | D25: POLIZAS | F25: =+'POLIZAS OBRA'!G29 -> 0
A27: VALOR TOTAL DE OBRA | F27: =ROUNDUP(F19+F22+SUM(F23:F25),0) -> 302480679
A29: Honorarios | F29: =+F27*0.057 -> 0
A31: VALOR TOTAL DEL PROYECTO | F31: =+F27+F29 -> 3.1972208e+08

Sheet M.O.
A1: =+PRESUPUESTO!A2 -> OBJETO: MEJORAMIENTO Y ADECUACIÓN DE LAS VIAS URBANAS DEL MUNICIPIO DE SANTA FE DE ANTIOQUIA
A3: Cuadrilla | B3: Valor Jornal | C3: Total Salario | D3: RANGO | E3: Factor prestacional | F3: V/HORA | G3: Total jornal con prestaciones | H3: Total Salario con prestaciones
A4: AY (Ayudante) | B4: =+C15 -> 83333.333 | C4: =+B4*24 -> 2000000 | D4: 1 | E4: =+'FP OPERATIVO'!D32 -> 1.77 | F4: =+B4*E4/8 -> 18437.5 | G4: =+B4*E4 -> 147500 | H4: =+G4*24 -> 3540000
A5: AE(Ayudante entendido) | B5: =+B4*D5 -> 93333.333 | C5: =+B5*24 -> 2240000 | D5: 1.12 | E5: =+'FP OPERATIVO'!F32 -> 1.6878931 | F5: =+B5*E5/8 -> 19692.086 | G5: =+B5*E5 -> 157536.69 | H5: =+G5*24 -> 3780880.6
A6: OF (Oficial) | B6: =+$C$15*D6 -> 125000 | C6: =+B6*24 -> 3000000 | D6: =+'FP OPERATIVO'!H8 -> 1.5 | E6: =+'FP OPERATIVO'!H32 -> 1.6533655 | F6: =+B6*E6/8 -> 25833.836 | G6: =+B6*E6 -> 206670.69 | H6: =+G6*24 -> 4960096.6
A7: TOPÓGRAFO | B7: =+$C$15*D7 -> 208333.33 | C7: =+B7*24 -> 5000000 | D7: 2.5 | E7: =+'FP OPERATIVO'!N32 -> 1.5622612 | F7: =+B7*E7/8 -> 40683.884 | G7: =+ROUND(B7*E7,0) -> 325471 | H7: =+G7*24 -> 7811304
A8: CADENERO 1 | B8: =+$C$15*D8 -> 125000 | C8: =+B8*24 -> 3000000 | D8: 1.5 | E8: =+'FP OPERATIVO'!H32 -> 1.6533655 | F8: =+B8*E8/8 -> 25833.836 | G8: =+ROUND(B8*E8,0) -> 206671 | H8: =+G8*24 -> 4960104
A9: CADENERO 2 | B9: =+$C$15*D9 -> 125000 | C9: =+B9*24 -> 3000000 | D9: 1.5 | E9: =+'FP OPERATIVO'!D32 -> 1.77 | F9: =+B9*E9/8 -> 27656.25 | G9: =+ROUND(B9*E9,0) -> 221250 | H9: =+G9*24 -> 5310000
B12: SALARIO NOMINAL
B13: ANUAL | C13: =+'FP OPERATIVO'!D13*12 -> 24000000
B14: MENSUAL | C14: =+C13/12 -> 2000000
B15: DIA | C15: =+C14/24 -> 83333.333
B16: HORA | C16: =+C15/8 -> 10416.667

Sheet FP OPERATIVO
A1: =+PRESUPUESTO!A2 -> OBJETO: MEJORAMIENTO Y ADECUACIÓN DE LAS VIAS URBANAS DEL MUNICIPIO DE SANTA FE DE ANTIOQUIA
A2: FACTOR PRESTACIÓN DE ACUERDO CON SALARIO MÍNIMO DEVENGADO
A6: FACTOR PRESTACIONAL ADMINISTRACIÓN
A8: SMMLV | D8: 1 | F8: 1.12 | H8: 1.5 | J8: 1.8 | L8: 2 | N8: 2.5 | P8: 2.8 | R8: 3.3 | T8: 3.8 | V8: 4 | X8: 4.6 | Z8: 5.8 | AB8: 7.8 | AD8: 10
A9: CONCEPTO | B9: BASE | C9: FACTOR | D9: VALOR | E9: % | F9: VALOR | G9: % | H9: VALOR | I9: % | J9: VALOR | K9: % | L9: VALOR | M9: % | N9: VALOR | O9: % | P9: VALOR | Q9: % | R9: VALOR | S9: % | T9: VALOR | U9: % | V9: VALOR | W9: % | X9: VALOR | Y9: % | Z9: VALOR | AA9: % | AB9: VALOR | AC9: % | AD9: VALOR | AE9: %
A10: SALARIO NOMINAL
A11: Salario mensual | B11: A | D11: 1750905 | E11: 1 | F11: =D11*F8 -> 1961013.6 | G11: 1 | H11: =D11*H8 -> 2626357.5 | I11: 1 | J11: =D11*J8 -> 3151629 | K11: 1 | L11: =D11*L8 -> 3501810 | M11: 1 | N11: =ROUND($D$11*N8,0) -> 4377263 | O11: 1 | P11: =ROUND($D$11*P8,0) -> 4902534 | Q11: 1 | R11: =ROUND($D$11*R8,0) -> 5777987 | S11: 1 | T11: =ROUND($D$11*T8,0) -> 6653439 | U11: 1 | V11: =ROUND($D$11*V8,0) -> 7003620 | W11: 1 | X11: =ROUND($D$11*X8,0) -> 8054163 | Y11: 1 | Z11: =ROUND($D$11*Z8,0) -> 10155249 | AA11: 1 | AB11: =ROUND($D$11*AB8,0) -> 13657059 | AC11: 1 | AD11: =ROUND($D$11*AD8,0) -> 17509050 | AE11: 1
A12: Subsidio de transporte mensual | B12: B | D12: 249095 | E12: =D12/D11 -> 0.14226643 | F12: =IF(F8<=2,140606,0) -> 140606 | G12: =F12/F11 -> 0.071700676 | H12: =IF(H8<=2,140606,0) -> 140606 | I12: =H12/H11 -> 0.053536504 | J12: =IF(J8<=2,140606,0) -> 140606 | K12: =J12/J11 -> 0.044613754 | L12: =IF(L8<=2,140606,0) -> 140606 | M12: =L12/L11 -> 0.040152378 | N12: =IF(N8<=2,140606,0) -> 0 | O12: =N12/N11 -> 0 | P12: =IF(P8<=2,140606,0) -> 0 | Q12: =P12/P11 -> 0 | R12: =IF(R8<=2,140606,0) -> 0 | S12: =R12/R11 -> 0 | T12: =IF(T8<=2,140606,0) -> 0 | U12: =T12/T11 -> 0 | V12: =IF(V8<=2,140606,0) -> 0 | W12: =V12/V11 -> 0 | X12: =IF(X8<=2,140606,0) -> 0 | Y12: =X12/X11 -> 0 | Z12: =IF(Z8<=2,140606,0) -> 0 | AA12: =Z12/Z11 -> 0 | AB12: =IF(AB8<=2,140606,0) -> 0 | AC12: =AB12/AB11 -> 0 | AD12: =IF(AD8<=2,140606,0) -> 0 | AE12: =AD12/AD11 -> 0
A13: Total mensual | B13: C | D13: =D11+D12 -> 2000000 | F13: =F11+F12 -> 2101619.6 | H13: =H11+H12 -> 2766963.5 | J13: =J11+J12 -> 3292235 | L13: =L11+L12 -> 3642416 | N13: =N11+N12 -> 4377263 | P13: =P11+P12 -> 4902534 | R13: =R11+R12 -> 5777987 | T13: =T11+T12 -> 6653439 | V13: =V11+V12 -> 7003620 | X13: =X11+X12 -> 8054163 | Z13: =Z11+Z12 -> 10155249 | AB13: =AB11+AB12 -> 13657059 | AD13: =AD11+AD12 -> 17509050
A14: PRESTACIONES SOCIALES
A15: Cesantías mensuales | B15: D | C15: C*36/360 | D15: =D13*36/360 -> 200000 | E15: =D15/D13 -> 0.1 | F15: =F13*36/360 -> 210161.96 | G15: =F15/F13 -> 0.1 | H15: =H13*36/360 -> 276696.35 | I15: =H15/H13 -> 0.1 | J15: =J13*36/360 -> 329223.5 | K15: =J15/J13 -> 0.1 | L15: =L13*36/360 -> 364241.6 | M15: =L15/L13 -> 0.1 | N15: =N13*36/360 -> 437726.3 | O15: =N15/N13 -> 0.1 | P15: =P13*36/360 -> 490253.4 | Q15: =P15/P13 -> 0.1 | R15: =R13*36/360 -> 577798.7 | S15: =R15/R13 -> 0.1 | T15: =T13*36/360 -> 665343.9 | U15: =T15/T13 -> 0.1 | V15: =V13*36/360 -> 700362 | W15: =V15/V13 -> 0.1 | X15: =X13*36/360 -> 805416.3 | Y15: =X15/X13 -> 0.1 | Z15: =Z13*36/360 -> 1015524.9 | AA15: =Z15/Z13 -> 0.1 | AB15: =AB13*36/360 -> 1365705.9 | AC15: =AB15/AB13 -> 0.1 | AD15: =AD13*36/360 -> 1750905 | AE15: =AD15/AD13 -> 0.1
A16: Intereses sobre cesantías | C16: 12%*D | D16: =D15*12% -> 24000 | E16: =D16/D13 -> 0.012 | F16: =F15*12% -> 25219.435 | G16: =F16/F13 -> 0.012 | H16: =H15*12% -> 33203.562 | I16: =H16/H13 -> 0.012 | J16: =J15*12% -> 39506.82 | K16: =J16/J13 -> 0.012 | L16: =L15*12% -> 43708.992 | M16: =L16/L13 -> 0.012 | N16: =N15*12% -> 52527.156 | O16: =N16/N13 -> 0.012 | P16: =P15*12% -> 58830.408 | Q16: =P16/P13 -> 0.012 | R16: =R15*12% -> 69335.844 | S16: =R16/R13 -> 0.012 | T16: =T15*12% -> 79841.268 | U16: =T16/T13 -> 0.012 | V16: =V15*12% -> 84043.44 | W16: =V16/V13 -> 0.012 | X16: =X15*12% -> 96649.956 | Y16: =X16/X13 -> 0.012 | Z16: =Z15*12% -> 121862.99 | AA16: =Z16/Z13 -> 0.012 | AB16: =AB15*12% -> 163884.71 | AC16: =AB16/AB13 -> 0.012 | AD16: =AD15*12% -> 210108.6 | AE16: =AD16/AD13 -> 0.012
A17: Prima - 30 días | C17: 100%*C/12 | D17: =D13*100%/12 -> 166666.67 | E17: =D17/D13 -> 0.083333333 | F17: =F13*100%/12 -> 175134.97 | G17: =F17/F13 -> 0.083333333 | H17: =H13*100%/12 -> 230580.29 | I17: =H17/H13 -> 0.083333333 | J17: =J13*100%/12 -> 274352.92 | K17: =J17/J13 -> 0.083333333 | L17: =L13*100%/12 -> 303534.67 | M17: =L17/L13 -> 0.083333333 | N17: =N13*100%/12 -> 364771.92 | O17: =N17/N13 -> 0.083333333 | P17: =P13*100%/12 -> 408544.5 | Q17: =P17/P13 -> 0.083333333 | R17: =R13*100%/12 -> 481498.92 | S17: =R17/R13 -> 0.083333333 | T17: =T13*100%/12 -> 554453.25 | U17: =T17/T13 -> 0.083333333 | V17: =V13*100%/12 -> 583635 | W17: =V17/V13 -> 0.083333333 | X17: =X13*100%/12 -> 671180.25 | Y17: =X17/X13 -> 0.083333333 | Z17: =Z13*100%/12 -> 846270.75 | AA17: =Z17/Z13 -> 0.083333333 | AB17: =AB13*100%/12 -> 1138088.2 | AC17: =AB17/AB13 -> 0.083333333 | AD17: =AD13*100%/12 -> 1459087.5 | AE17: =AD17/AD13 -> 0.083333333
A18: Vacaciones - 15 días | C18: 50%*A/12 | D18: =D11*50%/12 -> 72954.375 | E18: =D18/D11 -> 0.041666667 | F18: =F11*50%/12 -> 81708.9 | G18: =F18/F11 -> 0.041666667 | H18: =H11*50%/12 -> 109431.56 | I18: =H18/H11 -> 0.041666667 | J18: =J11*50%/12 -> 131317.88 | K18: =J18/J11 -> 0.041666667 | L18: =L11*50%/12 -> 145908.75 | M18: =L18/L11 -> 0.041666667 | N18: =N11*50%/12 -> 182385.96 | O18: =N18/N11 -> 0.041666667 | P18: =P11*50%/12 -> 204272.25 | Q18: =P18/P11 -> 0.041666667 | R18: =R11*50%/12 -> 240749.46 | S18: =R18/R11 -> 0.041666667 | T18: =T11*50%/12 -> 277226.62 | U18: =T18/T11 -> 0.041666667 | V18: =V11*50%/12 -> 291817.5 | W18: =V18/V11 -> 0.041666667 | X18: =X11*50%/12 -> 335590.12 | Y18: =X18/X11 -> 0.041666667 | Z18: =Z11*50%/12 -> 423135.38 | AA18: =Z18/Z11 -> 0.041666667 | AB18: =AB11*50%/12 -> 569044.12 | AC18: =AB18/AB11 -> 0.041666667 | AD18: =AD11*50%/12 -> 729543.75 | AE18: =AD18/AD11 -> 0.041666667
A19: SEGURIDAD SOCIAL
A20: Pensiones | C20: 12%*A | D20: =D11*12% -> 210108.6 | E20: =D20/D11 -> 0.12 | F20: =F11*12% -> 235321.63 | G20: =F20/F11 -> 0.12 | H20: =H11*12% -> 315162.9 | I20: =H20/H11 -> 0.12 | J20: =J11*12% -> 378195.48 | K20: =J20/J11 -> 0.12 | L20: =L11*12% -> 420217.2 | M20: =L20/L11 -> 0.12 | N20: =N11*12% -> 525271.56 | O20: =N20/N11 -> 0.12 | P20: =P11*12% -> 588304.08 | Q20: =P20/P11 -> 0.12 | R20: =R11*12% -> 693358.44 | S20: =R20/R11 -> 0.12 | T20: =T11*12% -> 798412.68 | U20: =T20/T11 -> 0.12 | V20: =V11*12% -> 840434.4 | W20: =V20/V11 -> 0.12 | X20: =X11*12% -> 966499.56 | Y20: =X20/X11 -> 0.12 | Z20: =Z11*12% -> 1218629.9 | AA20: =Z20/Z11 -> 0.12 | AB20: =AB11*12% -> 1638847.1 | AC20: =AB20/AB11 -> 0.12 | AD20: =AD11*12% -> 2101086 | AE20: =AD20/AD11 -> 0.12
A21: Salud | C21: 8.5%*A | D21: =D11*8.5% -> 148826.93 | E21: =D21/D11 -> 0.085 | F21: =F11*8.5% -> 166686.16 | G21: =F21/F11 -> 0.085 | H21: =H11*8.5% -> 223240.39 | I21: =H21/H11 -> 0.085 | J21: =J11*8.5% -> 267888.47 | K21: =J21/J11 -> 0.085 | L21: =L11*8.5% -> 297653.85 | M21: =L21/L11 -> 0.085 | N21: =N11*8.5% -> 372067.36 | O21: =N21/N11 -> 0.085 | P21: =P11*8.5% -> 416715.39 | Q21: =P21/P11 -> 0.085 | R21: =R11*8.5% -> 491128.9 | S21: =R21/R11 -> 0.085 | T21: =T11*8.5% -> 565542.32 | U21: =T21/T11 -> 0.085 | V21: =V11*8.5% -> 595307.7 | W21: =V21/V11 -> 0.085 | X21: =X11*8.5% -> 684603.86 | Y21: =X21/X11 -> 0.085 | Z21: =Z11*8.5% -> 863196.17 | AA21: =Z21/Z11 -> 0.085 | AB21: =AB11*8.5% -> 1160850 | AC21: =AB21/AB11 -> 0.085 | AD21: =AD11*8.5% -> 1488269.2 | AE21: =AD21/AD11 -> 0.085
A22: Riesgos laborales | C22: 6.96%*A | D22: =D11*6.96% -> 121862.99 | E22: =D22/D11 -> 0.0696 | F22: =F11*6.96% -> 136486.55 | G22: =F22/F11 -> 0.0696 | H22: =H11*6.96% -> 182794.48 | I22: =H22/H11 -> 0.0696 | J22: =J11*6.96% -> 219353.38 | K22: =J22/J11 -> 0.0696 | L22: =L11*6.96% -> 243725.98 | M22: =L22/L11 -> 0.0696 | N22: =N11*6.96% -> 304657.5 | O22: =N22/N11 -> 0.0696 | P22: =P11*6.96% -> 341216.37 | Q22: =P22/P11 -> 0.0696 | R22: =R11*6.96% -> 402147.9 | S22: =R22/R11 -> 0.0696 | T22: =T11*6.96% -> 463079.35 | U22: =T22/T11 -> 0.0696 | V22: =V11*6.96% -> 487451.95 | W22: =V22/V11 -> 0.0696 | X22: =X11*6.96% -> 560569.74 | Y22: =X22/X11 -> 0.0696 | Z22: =Z11*6.96% -> 706805.33 | AA22: =Z22/Z11 -> 0.0696 | AB22: =AB11*6.96% -> 950531.31 | AC22: =AB22/AB11 -> 0.0696 | AD22: =AD11*6.96% -> 1218629.9 | AE22: =AD22/AD11 -> 0.0696
A23: APORTES PARAFISCALES
A24: SENA | C24: 2%*A | E24: =D24/D11 -> 0 | G24: =F24/F11 -> 0 | I24: =H24/H11 -> 0 | K24: =J24/J11 -> 0 | M24: =L24/L11 -> 0 | O24: =N24/N11 -> 0 | Q24: =P24/P11 -> 0 | S24: =R24/R11 -> 0 | U24: =T24/T11 -> 0 | W24: =V24/V11 -> 0 | Y24: =X24/X11 -> 0 | AA24: =Z24/Z11 -> 0 | AC24: =AB24/AB11 -> 0 | AE24: =AD24/AD11 -> 0
A25: ICBF | C25: 3%*A | E25: =D25/D11 -> 0 | G25: =F25/F11 -> 0 | I25: =H25/H11 -> 0 | K25: =J25/J11 -> 0 | M25: =L25/L11 -> 0 | O25: =N25/N11 -> 0 | Q25: =P25/P11 -> 0 | S25: =R25/R11 -> 0 | U25: =T25/T11 -> 0 | W25: =V25/V11 -> 0 | Y25: =X25/X11 -> 0 | AA25: =Z25/Z11 -> 0 | AC25: =AB25/AB11 -> 0 | AE25: =AD25/AD11 -> 0
A26: CCF | C26: 4%*A | D26: =D11*4% -> 70036.2 | E26: =D26/D11 -> 0.04 | F26: =F11*4% -> 78440.544 | G26: =F26/F11 -> 0.04 | H26: =H11*4% -> 105054.3 | I26: =H26/H11 -> 0.04 | J26: =J11*4% -> 126065.16 | K26: =J26/J11 -> 0.04 | L26: =L11*4% -> 140072.4 | M26: =L26/L11 -> 0.04 | N26: =N11*4% -> 175090.52 | O26: =N26/N11 -> 0.04 | P26: =P11*4% -> 196101.36 | Q26: =P26/P11 -> 0.04 | R26: =R11*4% -> 231119.48 | S26: =R26/R11 -> 0.04 | T26: =T11*4% -> 266137.56 | U26: =T26/T11 -> 0.04 | V26: =V11*4% -> 280144.8 | W26: =V26/V11 -> 0.04 | X26: =X11*4% -> 322166.52 | Y26: =X26/X11 -> 0.04 | Z26: =Z11*4% -> 406209.96 | AA26: =Z26/Z11 -> 0.04 | AB26: =AB11*4% -> 546282.36 | AC26: =AB26/AB11 -> 0.04 | AD26: =AD11*4% -> 700362 | AE26: =AD26/AD11 -> 0.04
A27: FIC | C27: A/40 | E27: =D27/D11 -> 0 | G27: =F27/F11 -> 0 | I27: =H27/H11 -> 0 | K27: =J27/J11 -> 0 | M27: =L27/L11 -> 0 | O27: =N27/N11 -> 0 | Q27: =P27/P11 -> 0 | S27: =R27/R11 -> 0 | U27: =T27/T11 -> 0 | W27: =V27/V11 -> 0 | Y27: =X27/X11 -> 0 | AA27: =Z27/Z11 -> 0 | AC27: =AB27/AB11 -> 0 | AE27: =AD27/AD11 -> 0
A28: DOTACIÓN Y SEGURIDAD INDUSTRIAL
A29: Dotación | C29: %A | D29: =IF(D8<=2,480000*2,0)/12 -> 80000 | E29: =D29/D11 -> 0.045690657 | F29: =IF(F8<=2,480000*2,0)/12 -> 80000 | G29: =F29/F11 -> 0.04079523 | H29: =IF(H8<=2,480000*2,0)/12 -> 80000 | I29: =H29/H11 -> 0.030460438 | J29: =IF(J8<=2,480000*2,0)/12 -> 80000 | K29: =J29/J11 -> 0.025383698 | L29: =IF(L8<=2,480000*2,0)/12 -> 80000 | M29: =L29/L11 -> 0.022845329 | N29: =IF(N8<=2,480000*2,0)/12 -> 0 | O29: =N29/N11 -> 0 | P29: =IF(P8<=2,480000*2,0)/12 -> 0 | Q29: =P29/P11 -> 0 | R29: =IF(R8<=2,480000*2,0)/12 -> 0 | S29: =R29/R11 -> 0 | T29: =IF(T8<=2,480000*2,0)/12 -> 0 | U29: =T29/T11 -> 0 | V29: =IF(V8<=2,480000*2,0)/12 -> 0 | W29: =V29/V11 -> 0 | X29: =IF(X8<=2,480000*2,0)/12 -> 0 | Y29: =X29/X11 -> 0 | Z29: =IF(Z8<=2,480000*2,0)/12 -> 0 | AA29: =Z29/Z11 -> 0 | AB29: =IF(AB8<=2,480000*2,0)/12 -> 0 | AC29: =AB29/AB11 -> 0 | AD29: =IF(AD8<=2,480000*2,0)/12 -> 0 | AE29: =AD29/AD11 -> 0
A30: Implementos de seguridad industrial | C30: %A | D30: =280000*2/12 -> 46666.667 | E30: =D30/D11 -> 0.026652883 | F30: =280000*2/12 -> 46666.667 | G30: =F30/F11 -> 0.023797217 | H30: =280000*2/12 -> 46666.667 | I30: =H30/H11 -> 0.017768589 | J30: =280000*2/12 -> 46666.667 | K30: =J30/J11 -> 0.014807157 | L30: =280000*2/12 -> 46666.667 | M30: =L30/L11 -> 0.013326442 | N30: =280000*2/12 -> 46666.667 | O30: =N30/N11 -> 0.010661152 | P30: =280000*2/12 -> 46666.667 | Q30: =P30/P11 -> 0.0095188869 | R30: =280000*2/12 -> 46666.667 | S30: =R30/R11 -> 0.0080766306 | T30: =280000*2/12 -> 46666.667 | U30: =T30/T11 -> 0.0070139167 | V30: =280000*2/12 -> 46666.667 | W30: =V30/V11 -> 0.0066632208 | X30: =280000*2/12 -> 46666.667 | Y30: =X30/X11 -> 0.0057941051 | Z30: =280000*2/12 -> 46666.667 | AA30: =Z30/Z11 -> 0.0045953247 | AB30: =280000*2/12 -> 46666.667 | AC30: =AB30/AB11 -> 0.0034170363 | AD30: =280000*2/12 -> 46666.667 | AE30: =AD30/AD11 -> 0.0026652883
A32: FACTOR PRESTACIONAL | D32: =ROUND(SUM(E11:E31),2) -> 1.77 | F32: =SUM(G11:G31) -> 1.6878931 | H32: =SUM(I11:I31) -> 1.6533655 | J32: =SUM(K11:K31) -> 1.6364046 | L32: =SUM(M11:M31) -> 1.6279241 | N32: =SUM(O11:O31) -> 1.5622612 | P32: =SUM(Q11:Q31) -> 1.5611189 | R32: =SUM(S11:S31) -> 1.5596766 | T32: =SUM(U11:U31) -> 1.5586139 | V32: =SUM(W11:W31) -> 1.5582632 | X32: =SUM(Y11:Y31) -> 1.5573941 | Z32: =SUM(AA11:AA31) -> 1.5561953 | AB32: =SUM(AC11:AC31) -> 1.555017 | AD32: =SUM(AE11:AE31) -> 1.5542653
F34: V. JORNAL
E35: 1 AY + 1 OF | F35: =+((SUM(D13:D30)+SUM(L13:L30))/30) -> 295642.28
E36: 1 OF + 1 AE | F36: =+((SUM(F13:F30)+SUM(L13:L30))/30) -> 302186.42
E37: 1 OF + 2 AY | F37: =+((SUM(D13:D30)*2+SUM(L13:L30))/30) -> 400346.36
E38: 1 OF +1 AE + 1 AY | F38: =+((SUM(D13:D30)+SUM(F13:F30)+SUM(L13:L30))/30) -> 406890.5
E39: 1 AY | F39: =+SUM(D13:D30)/30 -> 104704.08
E40: 1 AE | F40: =+SUM(F13:F30)/30 -> 111248.21
E41: 1 RASTRILLERO | F41: =+SUM(V13:V30)/30 -> 363782.78
E42: 1 OF | F42: =+SUM(L13:L30)/30 -> 190938.2

Sheet 1,1
C2: SECRETARIA DE OBRAS PUBLICAS DEL MUNICIPIO DE SANTA FE DE ANTIOQUIA
B7: ANÁLISIS DE PRECIOS UNITARIOS | F7: Código:
F9: Fecha:
F10: Versión:
F11: Página:
B13: =+PRESUPUESTO!A2 -> OBJETO: MEJORAMIENTO Y ADECUACIÓN DE LAS VIAS URBANAS DEL MUNICIPIO DE SANTA FE DE ANTIOQUIA
B15: ÍTEM | H15: UNIDAD
B16: 1,1 | D16: =+PRESUPUESTO!B6 -> Localización, trazado y replanteo del proyecto. Se utilizará equipo de precisión, personal experto. Se hará con la frecuencia que lo indique la interventoria. incluye demarcación con pintura, línea de trazado, corte de piso, libretas, planos. | H16: =+P!$C$4 -> m
B17: I. Materiales
B18: Descripción | D18: Unidad | E18: Cantidad | F18: V/Unitario | G18: V/Total
B19: =+MATERIALES!B23 -> Clavos 2" | D19: =+MATERIALES!C23 -> lb | E19: 0.7445 | F19: =+MATERIALES!D23 -> 5500 | G19: =+ROUND((E19*F19),0) -> 4095
B20: =+MATERIALES!B24 -> Estaca para topografía | D20: =+MATERIALES!C24 -> un | E20: 8 | F20: =+MATERIALES!D24 -> 3000 | G20: =+ROUND((E20*F20),0) -> 24000
D21: =+H21/$H$38 -> 0.028989111 | G21: SUBTOTAL | H21: =+ROUND(SUM(G19:G20),0) -> 28095
B22: II. Mano de Obra
B23: Descripción | C23: Jornal | D23: Prestaciones (%) | E23: Cantidad | F23: V/Unitario | G23: V/Total
B24: =+M.O.!A7 -> TOPÓGRAFO | C24: =+M.O.!G7 -> 325471 | E24: 1 | G24: =+C24*E24 -> 325471
B25: =+M.O.!A8 -> CADENERO 1 | C25: =+M.O.!G8 -> 206671 | E25: 1 | G25: =+C25*E25 -> 206671
B26: =+M.O.!A9 -> CADENERO 2 | C26: =+M.O.!G9 -> 221250 | E26: 1 | G26: =+E26*C26 -> 221250
D27: =+H27/$H$38 -> 0.77736837 | G27: SUBTOTAL | H27: =+ROUND(SUM(G24:G26),0) -> 753392
B28: III. Equipo y Herramienta
B29: Descripción | D29: Unidad | E29: Cantidad | F29: V/Unitario | G29: V/Total
B30: =+EQUIPOS!A6 -> Equipo de topografía (estación total) | D30: =+EQUIPOS!B6 -> Día | E30: 1 | F30: =+EQUIPOS!C6 -> 150000 | G30: =+ROUND((E30*F30),0) -> 150000
B31: Herramienta menor | D31: (%)mo | E31: 0.05 | F31: =+H27 -> 753392 | G31: =+ROUND((E31*F31),0) -> 37670
D32: =+H32/$H$38 -> 0.19364252 | G32: SUBTOTAL | H32: =+ROUND(SUM(G30:G31),0) -> 187670
B33: IV. Conceptos
B34: Descripción | D34: Unidad | E34: Cantidad | F34: V/Unitario | G34: V/Total
D36: =+H36/$H$38 -> 0 | G36: SUBTOTAL | H36: =+ROUND(SUM(G35),0) -> 0
E38: Total Costo Directo | H38: =ROUNDUP(SUM(H18:H36),0) -> 969157

Sheet 2,1
C2: SECRETARIA DE INFRAESTRUCTURA DEL MUNICIPIO DE SANTA FE DE ANTIOQUIA
B7: ANÁLISIS DE PRECIOS UNITARIOS | E7: Código:
E9: Fecha:
E10: Versión:
E11: Página:
B13: =+PRESUPUESTO!A2 -> OBJETO: MEJORAMIENTO Y ADECUACIÓN DE LAS VIAS URBANAS DEL MUNICIPIO DE SANTA FE DE ANTIOQUIA
B15: ÍTEM | G15: UNIDAD
B16: 2,1 | C16: =+PRESUPUESTO!B8 -> Excavación mecanica en material heterogéneo, bajo cualquier grado de humedad, medido in situ, no incluye botada. | G16: =+PRESUPUESTO!C8 -> m³
B17: I. Materiales
B18: Descripción | C18: Unidad | D18: Cantidad | E18: V/Unitario | F18: V/Total
C23: =+G23/$G$39 -> 0 | F23: SUBTOTAL | G23: =+ROUND(SUM(F19:F22),0) -> 0
B24: II. Mano de Obra
B25: Descripción | C25: Unidad | D25: Cantidad | E25: V/Unitario | F25: V/Total
B26: Cuadrilla 1 Oficial + 1 Ayudante Entendido | C26: jor | D26: 0.041245 | E26: =+'FP OPERATIVO'!F36 -> 302186.42 | F26: =+ROUND((D26*E26),0) -> 12464
C27: =+G27/$G$39 -> 0.47509053 | F27: SUBTOTAL | G27: =+ROUND(SUM(F26),0) -> 12464
B28: III. Equipo y Herramienta
B29: Descripción | C29: Unidad | D29: Cantidad | E29: V/Unitario | F29: V/Total
B30: =+EQUIPOS!A8 -> Retroexcavadora sobre oruga, potencia 138 HP, balde de 1,5 m3. | C30: =+EQUIPOS!B8 -> Hr | D30: =1/25 -> 0.04 | E30: =+EQUIPOS!C8 -> 230000 | F30: =+ROUND((D30*E30),0) -> 9200
B31: =+EQUIPOS!A26 -> Compresor Neumático con martillo demoledor o perforador en superficie, punta, combustible y operador. | C31: =+EQUIPOS!B26 -> Hr | D31: =1/25 -> 0.04 | E31: =+EQUIPOS!C26 -> 98705 | F31: =+ROUND((D31*E31),0) -> 3948
B32: Herramienta menor | C32: (%)mo | D32: 0.05 | E32: =+G27 -> 12464 | F32: =+ROUND((D32*E32),0) -> 623
C33: =+G33/$G$39 -> 0.52490947 | F33: SUBTOTAL | G33: =+ROUND(SUM(F30:F32),0) -> 13771
B34: IV. Conceptos
B35: Descripción | C35: Unidad | D35: Cantidad | E35: V/Unitario | F35: V/Total
C37: =+G37/$G$39 -> 0 | F37: SUBTOTAL | G37: =+ROUND(SUM(F36),0) -> 0
D39: Total Costo Directo | G39: =ROUNDUP(SUM(G18:G37),0) -> 26235

Sheet 2,2
C2: SECRETARIA DE INFRAESTRUCTURA DEL MUNICIPIO DE SANTA FE DE ANTIOQUIA
B7: ANÁLISIS DE PRECIOS UNITARIOS | E7: Código:
E9: Fecha:
E10: Versión:
E11: Página:
B13: =+PRESUPUESTO!A2 -> OBJETO: MEJORAMIENTO Y ADECUACIÓN DE LAS VIAS URBANAS DEL MUNICIPIO DE SANTA FE DE ANTIOQUIA
B15: ÍTEM | G15: UNIDAD
B16: 2,2 | C16: =+PRESUPUESTO!B9 -> Cargue, transporte y botada de material proveniente de las excavaciones y demoliciones. Hasta el sitio que indique la interventoria. | G16: =+PRESUPUESTO!C9 -> m³
B17: I. Materiales
B18: Descripción | C18: Unidad | D18: Cantidad | E18: V/Unitario | F18: V/Total
C23: =+G23/$G$38 -> 0 | F23: SUBTOTAL | G23: =+ROUND(SUM(F19:F22),0) -> 0
B24: II. Mano de Obra
B25: Descripción | C25: Unidad | D25: Cantidad | E25: V/Unitario | F25: V/Total
B26: 1 Ayudante | C26: jor | D26: 0.125 | E26: =+'FP OPERATIVO'!F39 -> 104704.08 | F26: =+ROUND((D26*E26),0) -> 13088
C27: =+G27/$G$38 -> 0.19555051 | F27: SUBTOTAL | G27: =+ROUND(SUM(F26),0) -> 13088
B28: III. Equipo y Herramienta
B29: Descripción | C29: Unidad | D29: Cantidad | E29: V/Unitario | F29: V/Total
B30: =+EQUIPOS!A7 -> Retroexcavadora de llantas | C30: =+EQUIPOS!B7 -> Hr | D30: 0.125 | E30: =+EQUIPOS!C7 -> 131534 | F30: =+ROUND((D30*E30),0) -> 16442
B31: Herramienta menor | C31: (%)mo | D31: 0.05 | E31: =+G27 -> 13088 | F31: =+ROUND((D31*E31),0) -> 654
C32: =+G32/$G$38 -> 0.25543486 | F32: SUBTOTAL | G32: =+ROUND(SUM(F30:F31),0) -> 17096
B33: IV. Transportes
B34: Descripción | C34: Unidad | D34: Cantidad | E34: V/Unitario | F34: V/Total
B35: Botada y derechos de botadero | C35: m3-km | D35: =1*7*3 -> 21 | E35: 1749.75 | F35: =+D35*E35 -> 36744.75
C36: =+G36/$G$38 -> 0.54901463 | F36: SUBTOTAL | G36: =+ROUND(SUM(F35),0) -> 36745
D38: Total Costo Directo | G38: =ROUNDUP(SUM(G18:G36),0) -> 66929

Sheet 2,3
C2: SECRETARIA DE INFRAESTRUCTURA DEL MUNICIPIO DE SANTA FE DE ANTIOQUIA
B7: ANÁLISIS DE PRECIOS UNITARIOS | E7: Código:
E9: Fecha:
E10: Versión:
E11: Página:
B13: =+PRESUPUESTO!A2 -> OBJETO: MEJORAMIENTO Y ADECUACIÓN DE LAS VIAS URBANAS DEL MUNICIPIO DE SANTA FE DE ANTIOQUIA
B15: ÍTEM | G15: UNIDAD
B16: 2,3 | C16: =+PRESUPUESTO!B10 -> Confomacion de calzada existente despues de cajeo y al final de instalacio estructura pavimento | G16: =+PRESUPUESTO!C10 -> m2
B17: I. Materiales
B18: Descripción | C18: Unidad | D18: Cantidad | E18: V/Unitario | F18: V/Total
B19: =+MATERIALES!B25 -> Agua | C19: =+MATERIALES!C25 -> L | D19: 0.29 | E19: =+MATERIALES!D25 -> 500 | F19: =+ROUND((D19*E19),0) -> 145
C23: =+G23/$G$40 -> 0.064645564 | F23: SUBTOTAL | G23: =+ROUND(SUM(F19:F22),0) -> 145
B24: II. Mano de Obra
B25: Descripción | C25: Unidad | D25: Cantidad | E25: V/Unitario | F25: V/Total
B26: cuadrilla 1 oficial + 1 Ayudante E | C26: jor | D26: 0.00030833333 | E26: =+'FP OPERATIVO'!F36 -> 302186.42 | F26: =+ROUND((D26*E26),0) -> 93
C27: =+G27/$G$40 -> 0.041462327 | F27: SUBTOTAL | G27: =+ROUND(SUM(F26),0) -> 93
B28: III. Equipo y Herramienta
B29: Descripción | C29: Unidad | D29: Cantidad | E29: V/Unitario | F29: V/Total
B30: =+EQUIPOS!A11 -> Motoniveladora 120hp | C30: =+EQUIPOS!B11 -> Hr | D30: =1/250 -> 0.004 | E30: =+EQUIPOS!C11 -> 250000 | F30: =+ROUND((D30*E30),0) -> 1000
B31: =+EQUIPOS!A15 -> Carrotanque de agua (1000 galones) | C31: =+EQUIPOS!B15 -> Hr | D31: =1/250 -> 0.004 | E31: =+EQUIPOS!C15 -> 100000 | F31: =+ROUND((D31*E31),0) -> 400
B32: =+EQUIPOS!A12 -> Vibrocompactador | C32: =+EQUIPOS!B12 -> Hr | D32: =1/250 -> 0.004 | E32: =+EQUIPOS!C12 -> 150000 | F32: =+ROUND((D32*E32),0) -> 600
B33: Herramienta menor | C33: (%)mo | D33: 0.05 | E33: =+G27 -> 93 | F33: =+ROUND((D33*E33),0) -> 5
C34: =+G34/$G$40 -> 0.89389211 | F34: SUBTOTAL | G34: =+ROUND(SUM(F30:F33),0) -> 2005
B35: IV. Transportes
B36: Descripción | C36: Unidad | D36: Cantidad | E36: V/Unitario | F36: V/Total
C38: =+G38/$G$40 -> 0 | F38: SUBTOTAL | G38: =+ROUND(SUM(F37),0) -> 0
D40: Total Costo Directo | G40: =ROUNDUP(SUM(G18:G38),0) -> 2243

Sheet 2,4
C2: SECRETARIA DE INFRAESTRUCTURA DEL MUNICIPIO DE SANTA FE DE ANTIOQUIA
B7: ANÁLISIS DE PRECIOS UNITARIOS | F7: Código:
F9: Fecha:
F10: Versión:
F11: Página:
B13: =+PRESUPUESTO!A2 -> OBJETO: MEJORAMIENTO Y ADECUACIÓN DE LAS VIAS URBANAS DEL MUNICIPIO DE SANTA FE DE ANTIOQUIA
B15: ÍTEM | H15: UNIDAD
B16: 2,4 | C16: =+PRESUPUESTO!B11 -> Suministro, transporte y colocación de base granular de máximo Ø 1½", reacomodado con medios mecánicos y compactado al 100% mínimo del ensayo del proctor modificado, según normas para la construcción de pavimentos, y todo lo necesario para su correcta construcción y funcionamiento Su medida sera tomada en sitio ya compactado, debe cumplir con los requisitos de invias 301 | H16: =+PRESUPUESTO!C11 -> m³
B17: I. Materiales
B18: Descripción | D18: Unidad | E18: Cantidad | F18: V/Unitario | G18: V/Total
B19: =+MATERIALES!B25 -> Agua | D19: =+MATERIALES!C25 -> L | E19: 0.29 | F19: =+MATERIALES!D25 -> 500 | G19: =+ROUND((E19*F19),0) -> 145
B20: =+MATERIALES!B13 -> Base granular | D20: =+MATERIALES!C14 -> m3 | E20: 1.25 | F20: 112500 | G20: =+ROUND((E20*F20),0) -> 140625
D23: =+H23/$H$40 -> 0.33287931 | G23: SUBTOTAL | H23: =+ROUND(SUM(G19:G22),0) -> 140770
B24: II. Mano de Obra
B25: Descripción | D25: Unidad | E25: Cantidad | F25: V/Unitario | G25: V/Total
B26: cuadrilla 1 oficial + 1 Ayudante E | D26: jor | E26: 0.025 | F26: =+'FP OPERATIVO'!F36 -> 302186.42 | G26: =+ROUND((E26*F26),0) -> 7555
D27: =+H27/$H$40 -> 0.017865335 | G27: SUBTOTAL | H27: =+ROUND(SUM(G26),0) -> 7555
B28: III. Equipo y Herramienta
B29: Descripción | D29: Unidad | E29: Cantidad | F29: V/Unitario | G29: V/Total
B30: =+EQUIPOS!A11 -> Motoniveladora 120hp | D30: =+EQUIPOS!B11 -> Hr | E30: =1/65.08 -> 0.015365704 | F30: =+EQUIPOS!C11 -> 250000 | G30: =+ROUND((E30*F30),0) -> 3841
B31: =+EQUIPOS!A15 -> Carrotanque de agua (1000 galones) | D31: =+EQUIPOS!B15 -> Hr | E31: =1/65.08 -> 0.015365704 | F31: =+EQUIPOS!C15 -> 100000 | G31: =+ROUND((E31*F31),0) -> 1537
B32: =+EQUIPOS!A12 -> Vibrocompactador | D32: =+EQUIPOS!B12 -> Hr | E32: =1/65.08 -> 0.015365704 | F32: =+EQUIPOS!C12 -> 150000 | G32: =+ROUND((E32*F32),0) -> 2305
B33: Herramienta menor | D33: (%)mo | E33: 0.05 | F33: =+H27 -> 7555 | G33: =+ROUND((E33*F33),0) -> 378
D34: =+H34/$H$40 -> 0.019061875 | G34: SUBTOTAL | H34: =+ROUND(SUM(G30:G33),0) -> 8061
B35: IV. Transportes
B36: Descripción | C36: Unidad | D36: Cantidad | E36: Distancia | F36: V/Unitario | G36: V/Total
B37: =+TRANSPORTES!B9 -> Transporte de material de base y subbase | C37: m3-km | D37: 1.3 | E37: 41 | F37: =+TRANSPORTES!D9 -> 5000 | G37: =+D37*E37*F37 -> 266500
D38: =+H38/$H$40 -> 0.63019348 | G38: SUBTOTAL | H38: =+ROUND(SUM(G37),0) -> 266500
E40: Total Costo Directo | H40: =ROUNDUP(SUM(H18:H38),0) -> 422886

Sheet 3,1
C2: SECRETARIA DE INFRAESTRUCTURA DEL MUNICIPIO DE SANTA FE DE ANTIOQUIA
B7: ANÁLISIS DE PRECIOS UNITARIOS | F7: Código:
F9: Fecha:
F10: Versión:
F11: Página:
B13: =+PRESUPUESTO!A2 -> OBJETO: MEJORAMIENTO Y ADECUACIÓN DE LAS VIAS URBANAS DEL MUNICIPIO DE SANTA FE DE ANTIOQUIA
B15: ÍTEM | H15: UNIDAD
B16: 3,2 | C16: =+PRESUPUESTO!B13 -> Suministro, transporte y colocación de mezcla asfáltica en caliente MDC - 19. Compactada con medios mecánicos. Según normas para la construcción de pavimentos. Según Normas INVIAS. | H16: =+PRESUPUESTO!C13 -> m3
B17: I. Materiales
B18: Descripción | D18: Unidad | E18: Cantidad | F18: V/Unitario | G18: V/Total
B19: =+MATERIALES!B15 -> Mezcla densa en caliente | D19: =+MATERIALES!C15 -> m3 | E19: 1.1 | F19: =+MATERIALES!D15 -> 1220000 | G19: =+ROUND((E19*F19),0) -> 1342000
D23: =+H23/$H$45 -> 0.67854165 | G23: SUBTOTAL | H23: =+ROUND(SUM(G19:G22),0) -> 1342000
B24: II. Mano de Obra
B25: Descripción | D25: Unidad | E25: Cantidad | F25: V/Unitario | G25: V/Total
B26: 1 Oficial | D26: jor | E26: =1/6.6 -> 0.15151515 | F26: =+'FP OPERATIVO'!F42 -> 190938.2 | G26: =+E26*F26 -> 28930.031
B27: 8 Ayudante | D27: jor | E27: =1/6.6 -> 0.15151515 | F27: =+'FP OPERATIVO'!F39 -> 104704.08 | G27: =+E27*F27 -> 15864.255
B28: 2 Rastrillero | D28: jor | E28: =1/6.6 -> 0.15151515 | F28: =+'FP OPERATIVO'!F41 -> 363782.78 | G28: =+E28*F28 -> 55118.603
D29: =+H29/$H$45 -> 0.050517982 | G29: SUBTOTAL | H29: =+ROUND(SUM(G26:G28),0) -> 99913
B30: III. Equipo y Herramienta
B31: Descripción | D31: Unidad | E31: Cantidad | F31: V/Unitario | G31: V/Total
B32: =+EQUIPOS!A21 -> Compactador neumático de Potencia 70 HP, peso de 13 ton | D32: =+EQUIPOS!B21 -> Hr | E32: =1/9.5 -> 0.10526316 | F32: =+EQUIPOS!C21 -> 150000 | G32: =+ROUND((E32*F32),0) -> 15789
B33: =+EQUIPOS!A22 -> Compactador de Rodillo POTENCIA: 99HP, PESO: 8 ton | D33: =+EQUIPOS!B22 -> Hr | E33: =1/9.5 -> 0.10526316 | F33: =+EQUIPOS!C22 -> 150000 | G33: =+ROUND((E33*F33),0) -> 15789
B34: =+EQUIPOS!A13 -> Finisher de Pavimento | D34: =+EQUIPOS!B13 -> Hr | E34: =1/9.5 -> 0.10526316 | F34: =+EQUIPOS!C13 -> 225000 | G34: =+ROUND((E34*F34),0) -> 23684
B35: Herramienta menor | D35: (%)mo | E35: 0.05 | F35: =+H29 -> 99913 | G35: =+ROUND((E35*F35),0) -> 4996
D36: =+H36/$H$45 -> 0.030467633 | G36: SUBTOTAL | H36: =+ROUND(SUM(G32:G35),0) -> 60258
B37: IV. Transportes
B38: Descripción | C38: Unidad | D38: Cantidad | E38: Distancia | F38: V/Unitario | G38: V/Total
B39: =+TRANSPORTES!B22 -> Transporte Mezcla asfaltica | C39: =+TRANSPORTES!C22 -> m3/km | D39: 2.4 | E39: 55 | F39: =+TRANSPORTES!D22 -> 3300 | G39: =+D39*E39*F39 -> 435600
B40: =+TRANSPORTES!B19 -> Transporte Finsher | C40: =+TRANSPORTES!C18 -> Viaje | D40: 0.008 | F40: =+TRANSPORTES!D19 -> 3000000 | G40: =+D40*F40 -> 24000
B41: =+TRANSPORTES!B20 -> Transporte Compactador de Rodillo | C41: =+TRANSPORTES!C19 -> Viaje | D41: 0.008 | F41: =+TRANSPORTES!D20 -> 1000000 | G41: =+D41*F41 -> 8000
B42: =+TRANSPORTES!B21 -> Transporte Compactador de Cilindro | C42: Viaje | D42: 0.008 | F42: =+TRANSPORTES!D21 -> 1000000 | G42: =+D42*F42 -> 8000
D43: =+H43/$H$45 -> 0.24047273 | G43: SUBTOTAL | H43: =+ROUND(SUM(G39:G42),0) -> 475600
E45: Total Costo Directo | H45: =ROUNDUP(SUM(H18:H43),0) -> 1977771

Sheet 3,2
C2: SECRETARIA DE INFRAESTRUCTURA DEL MUNICIPIO DE SANTA FE DE ANTIOQUIA
B7: ANÁLISIS DE PRECIOS UNITARIOS | F7: Código:
F9: Fecha:
F10: Versión:
F11: Página:
B13: =+PRESUPUESTO!A2 -> OBJETO: MEJORAMIENTO Y ADECUACIÓN DE LAS VIAS URBANAS DEL MUNICIPIO DE SANTA FE DE ANTIOQUIA
B15: ÍTEM | H15: UNIDAD
B16: 3,3 | C16: =+PRESUPUESTO!B14 -> Suministro, transporte y colocación de emulsión asfáltica catiónica de rompimiento lento C.R.L. para imprimación de superficie a pavimentar. Incluye todo lo necesario para su correcta construcción y funcionamiento. | H16: =+PRESUPUESTO!C14 -> m2
B17: I. Materiales
B18: Descripción | D18: Unidad | E18: Cantidad | F18: V/Unitario | G18: V/Total
B19: =+MATERIALES!B16 -> Emulsion Asfaltica CRL-0 o CRL-1 | D19: =+MATERIALES!C16 -> gl | E19: 0.4 | F19: =+MATERIALES!D16 -> 14000 | G19: =+ROUND((E19*F19),0) -> 5600
D23: =+H23/$H$42 -> 0.67543119 | G23: SUBTOTAL | H23: =+ROUND(SUM(G19:G22),0) -> 5600
B24: II. Mano de Obra
B25: Descripción | D25: Unidad | E25: Cantidad | F25: V/Unitario | G25: V/Total
B26: 1 Ayudante entendido | D26: jor | E26: =1/100 -> 0.01 | F26: =+'FP OPERATIVO'!F40 -> 111248.21 | G26: =+E26*F26 -> 1112.4821
D27: =+H27/$H$42 -> 0.13412134 | G27: SUBTOTAL | H27: =+ROUND(SUM(G26:G26),0) -> 1112
B28: III. Equipo y Herramienta
B29: Descripción | D29: Unidad | E29: Cantidad | F29: V/Unitario | G29: V/Total
B30: =+EQUIPOS!A16 -> Carro Irrigador | D30: =+EQUIPOS!B21 -> Hr | E30: 0.0066 | F30: =+EQUIPOS!C16 -> 150000 | G30: =+ROUND((E30*F30),0) -> 990
B31: =+EQUIPOS!A17 -> Compresor (barrido y soplador) | D31: =+EQUIPOS!B22 -> Hr | E31: 0.0066666667 | F31: =+EQUIPOS!C17 -> 80000 | G31: =+ROUND((E31*F31),0) -> 533
B32: Herramienta menor | D32: (%)mo | E32: 0.05 | F32: =+H27 -> 1112 | G32: =+ROUND((E32*F32),0) -> 56
D33: =+H33/$H$42 -> 0.19044747 | G33: SUBTOTAL | H33: =+ROUND(SUM(G30:G32),0) -> 1579
B34: IV. Transportes
B35: Descripción | C35: Unidad | D35: Cantidad | E35: Distancia | F35: V/Unitario | G35: V/Total
D40: =+H40/$H$42 -> 0 | G40: SUBTOTAL | H40: =+ROUND(SUM(G36:G39),0) -> 0
E42: Total Costo Directo | H42: =ROUNDUP(SUM(H18:H40),0) -> 8291

Sheet 4,1
C2: SECRETARIA DE INFRAESTRUCTURA DEL MUNICIPIO DE SANTA FE DE ANTIOQUIA
B7: ANÁLISIS DE PRECIOS UNITARIOS | F7: Código:
F9: Fecha:
F10: Versión:
F11: Página:
B13: =+PRESUPUESTO!A2 -> OBJETO: MEJORAMIENTO Y ADECUACIÓN DE LAS VIAS URBANAS DEL MUNICIPIO DE SANTA FE DE ANTIOQUIA
B15: ÍTEM | H15: UNIDAD
B16: 4,1 | C16: =+PRESUPUESTO!B16 -> Concreto clase D (210 kg/cm2 ó 3000 PSI) - para anden | H16: =+PRESUPUESTO!C16 -> m3
B17: I. Materiales
B18: Descripción | D18: Unidad | E18: Cantidad | F18: V/Unitario | G18: V/Total
B19: =+'CONCRETOS Y MORTERO'!B61 -> Concreto 3.000 psi | D19: =+'CONCRETOS Y MORTERO'!C64 -> m³ | E19: 1.05 | F19: =+'CONCRETOS Y MORTERO'!G75 -> 591127 | G19: =+ROUND((E19*F19),0) -> 620683
B20: =+MATERIALES!B40 -> Formaleta MDF 1.83mX2.44m | D20: =+MATERIALES!C40 -> Und | E20: 0.5 | F20: =+MATERIALES!D40 -> 275000 | G20: =+ROUND((E20*F20),0) -> 137500
B21: =+MATERIALES!B20 -> Larguero madera común 4cmx8cmx2.80m. | D21: =+MATERIALES!C20 -> Und | E21: 2 | F21: =+MATERIALES!D20 -> 13500 | G21: =+ROUND((E21*F21),0) -> 27000
B22: =+MATERIALES!B23 -> Clavos 2" | D22: =+MATERIALES!C23 -> lb | E22: 0.5 | F22: =+MATERIALES!D23 -> 5500 | G22: =+ROUND((E22*F22),0) -> 2750
B23: =+MATERIALES!B44 -> Separol o equivalente (Desmoldante para evitar adherencia de concretos a formaletas.Presentación 15Kg. Rendimiento metal :45g/m2 madera:55g/m2 (15 kg)). para metal puro, para madera diluir hasta 5 partes de agua segun porosidad de la madera. | D23: =+MATERIALES!C44 -> Und | E23: 0.01 | F23: =+MATERIALES!D44 -> 380900 | G23: =+ROUND((E23*F23),0) -> 3809
B24: =+MATERIALES!B30 -> Antisol blanco | D24: =+MATERIALES!C30 -> kg | E24: 0.5 | F24: =+MATERIALES!D30 -> 17500 | G24: =+ROUND((E24*F24),0) -> 8750
D25: =+H25/$H$42 -> 0.85566987 | G25: SUBTOTAL | H25: =+ROUND(SUM(G19:G24),0) -> 800492
B26: II. Mano de Obra
B27: Descripción | D27: Unidad | E27: Cantidad | F27: V/Unitario | G27: V/Total
B28: Cuadrilla 1 Oficial + 5 ayudante | D28: jor | E28: =1/6 -> 0.16666667 | F28: =+'FP OPERATIVO'!F42+'FP OPERATIVO'!F39*5 -> 714458.61 | G28: =+E28*F28 -> 119076.43 | I28: =1/E28 -> 6
D31: =+H31/$H$42 -> 0.1272839 | G31: SUBTOTAL | H31: =+ROUND(SUM(G28:G30),0) -> 119076
B32: III. Equipo y Herramienta
B33: Descripción | D33: Unidad | E33: Cantidad | F33: V/Unitario | G33: V/Total
B34: =+EQUIPOS!A18 -> Vibrador para concreto a gasolina | D34: =+EQUIPOS!B18 -> Día | E34: 0.1 | F34: =+EQUIPOS!C18 -> 100000 | G34: =+ROUND((E34*F34),0) -> 10000
B35: Herramienta menor | D35: (%)mo | E35: 0.05 | F35: =+H31 -> 119076 | G35: =+ROUND((E35*F35),0) -> 5954
D36: =+H36/$H$42 -> 0.0063644089 | G36: SUBTOTAL | H36: =+ROUND(SUM(G35:G35),0) -> 5954
B37: IV. Transportes
B38: Descripción | C38: Unidad | D38: Cantidad | E38: Distancia | F38: V/Unitario | G38: V/Total
B39: Transporte de Interno | C39: un | D39: 1.2491 | F39: 8000 | G39: =+D39*F39 -> 9992.8
D40: =+H40/$H$42 -> 0.010681817 | G40: SUBTOTAL | H40: =+ROUND(SUM(G39:G39),0) -> 9993
E42: Total Costo Directo | H42: =ROUNDUP(SUM(H18:H40),0) -> 935515

Sheet 4,2
C2: SECRETARIA DE INFRAESTRUCTURA DEL MUNICIPIO DE SANTA FE DE ANTIOQUIA
B7: ANÁLISIS DE PRECIOS UNITARIOS | F7: Código:
F9: Fecha:
F10: Versión:
F11: Página:
B13: =+PRESUPUESTO!A2 -> OBJETO: MEJORAMIENTO Y ADECUACIÓN DE LAS VIAS URBANAS DEL MUNICIPIO DE SANTA FE DE ANTIOQUIA
B15: ÍTEM | H15: UNIDAD
B16: 4,2 | C16: =+PRESUPUESTO!B17 -> Suministro, transporte y colocación de cordón prefabricado de 0.15 x 0.45 x 0.80 m de concreto de 21 Mpa, tres caras, juntas ranuradas, referencia Bordillo Barrera Recto Tipo U10 (según M.E.P). Incluye excavación, conformación del terreno, ajustes de concreto o pavimento donde sea necesario, mortero 1:4 de asiento y pega en las longitudes más adecuadas para el desarrollo de la obra, y todo lo necesario para su correcta construcción y funcionamiento. Según diseño. | H16: =+PRESUPUESTO!C17 -> ml
B17: I. Materiales
B18: Descripción | D18: Unidad | E18: Cantidad | F18: V/Unitario | G18: V/Total
B19: =+MATERIALES!B26 -> Cordón Prefabricado de 15 x 45 x 80 cm | D19: Unidad | E19: =1/0.8 -> 1.25 | F19: =+MATERIALES!D26 -> 45000 | G19: =+ROUND((E19*F19),0) -> 56250
G20: =+ROUND((E20*F20),0) -> 0
G21: =+ROUND((E21*F21),0) -> 0
G22: =+ROUND((E22*F22),0) -> 0
G23: =+ROUND((E23*F23),0) -> 0
G24: =+ROUND((E24*F24),0) -> 0
D25: =+H25/$H$42 -> 0.483846 | G25: SUBTOTAL | H25: =+ROUND(SUM(G19:G24),0) -> 56250
B26: II. Mano de Obra
B27: Descripción | D27: Unidad | E27: Cantidad | F27: V/Unitario | G27: V/Total
B28: Cuadrilla 1 Oficial + 2 ayudante | D28: jor | E28: =1/15 -> 0.066666667 | F28: =+'FP OPERATIVO'!F42+'FP OPERATIVO'!F39*5 -> 714458.61 | G28: =+E28*F28 -> 47630.574
D31: =+H31/$H$42 -> 0.40970789 | G31: SUBTOTAL | H31: =+ROUND(SUM(G28:G30),0) -> 47631
B32: III. Equipo y Herramienta
B33: Descripción | D33: Unidad | E33: Cantidad | F33: V/Unitario | G33: V/Total
G34: =+ROUND((E34*F34),0) -> 0
B35: Herramienta menor | D35: (%)mo | E35: 0.05 | F35: =+H31 -> 47631 | G35: =+ROUND((E35*F35),0) -> 2382
D36: =+H36/$H$42 -> 0.020489265 | G36: SUBTOTAL | H36: =+ROUND(SUM(G35:G35),0) -> 2382
B37: IV. Transportes
B38: Descripción | C38: Unidad | D38: Cantidad | E38: Distancia | F38: V/Unitario | G38: V/Total
B39: Transporte de Interno | C39: un | D39: 1.2491 | F39: 8000 | G39: =+D39*F39 -> 9992.8
D40: =+H40/$H$42 -> 0.085956854 | G40: SUBTOTAL | H40: =+ROUND(SUM(G39:G39),0) -> 9993
E42: Total Costo Directo | H42: =ROUNDUP(SUM(H18:H40),0) -> 116256

Sheet NP1
C2: SECRETARIA DE INFRAESTRUCTURA DEL MUNICIPIO DE SANTA FE DE ANTIOQUIA
B7: ANÁLISIS DE PRECIOS UNITARIOS | F7: Código:
F9: Fecha:
F10: Versión:
F11: Página:
B13: =+PRESUPUESTO!A2 -> OBJETO: MEJORAMIENTO Y ADECUACIÓN DE LAS VIAS URBANAS DEL MUNICIPIO DE SANTA FE DE ANTIOQUIA
B15: ÍTEM | H15: UNIDAD
B16: NP1 | C16: =BALANCE!C33 -> Suministro, transporte e instalación de malla electrosoldada. Hueco 15X15Cm. Diametro 4.0Mm (Xx-084) en el area de anden | H16: =BALANCE!D33 -> m2
B17: I. Materiales
B18: Descripción | D18: Unidad | E18: Cantidad | F18: V/Unitario | G18: V/Total
B19: =+MATERIALES!B46 -> Malla electrosoldada D-84 | D19: =+MATERIALES!C46 -> M2 | E19: 1.01265 | F19: =+MATERIALES!D46 -> 11621 | G19: =+ROUND((E19*F19),0) -> 11768
B20: =+MATERIALES!B39 -> Alambre recocido C 18 | D20: =+MATERIALES!C39 -> kg | E20: 0.03 | F20: =+MATERIALES!D39 -> 17900 | G20: =+ROUND((E20*F20),0) -> 537
D21: =+H21/$H$38 -> 0.22191964 | G21: SUBTOTAL | H21: =+ROUND(SUM(G19:G20),0) -> 12305
B22: II. Mano de Obra
B23: Descripción | D23: Unidad | E23: Cantidad | F23: V/Unitario | G23: V/Total
B24: Cuadrilla 1 Oficial + 1 ayudante Entendido + 2 ayudantes | D24: jor | E24: 0.0125 | F24: ='FP OPERATIVO'!F42+'FP OPERATIVO'!F40+('FP OPERATIVO'!F39*2) -> 511594.58 | G24: =+E24*F24 -> 6394.9322
D27: =+H27/$H$38 -> 0.11533329 | G27: SUBTOTAL | H27: =+ROUND(SUM(G24:G26),0) -> 6395
B28: III. Equipo y Herramienta
B29: Descripción | D29: Unidad | E29: Cantidad | F29: V/Unitario | G29: V/Total
B30: =+EQUIPOS!A23 -> Tronzadora de metal (incluye disco de corte) | D30: =+EQUIPOS!B23 -> Día | E30: 0.01 | F30: =+EQUIPOS!C23 -> 42800 | G30: =+ROUND((E30*F30),0) -> 428
B31: Herramienta menor | D31: (%)mo | E31: 0.05 | F31: =+H27 -> 6395 | G31: =+ROUND((E31*F31),0) -> 320
D32: =+H32/$H$38 -> 0.013490117 | G32: SUBTOTAL | H32: =+ROUND(SUM(G30:G31),0) -> 748
B33: IV. Transportes
B34: Descripción | C34: Unidad | D34: Cantidad | E34: Distancia | F34: V/Unitario | G34: V/Total
C35: KM | D35: 0.12 | E35: 60 | F35: 5000 | G35: =+ROUND((D35*E35*F35),0) -> 36000
D36: =+H36/$H$38 -> 0.64925696 | G36: SUBTOTAL | H36: =+ROUND(SUM(G35:G35),0) -> 36000
E38: Total Costo Directo | H38: =ROUNDUP(SUM(H18:H36),0) -> 55448

Sheet NP2
C2: SECRETARIA DE INFRAESTRUCTURA DEL MUNICIPIO DE SANTA FE DE ANTIOQUIA
B7: ANÁLISIS DE PRECIOS UNITARIOS | F7: Código:
F9: Fecha:
F10: Versión:
F11: Página:
B13: =+PRESUPUESTO!A2 -> OBJETO: MEJORAMIENTO Y ADECUACIÓN DE LAS VIAS URBANAS DEL MUNICIPIO DE SANTA FE DE ANTIOQUIA
B15: ÍTEM | H15: UNIDAD
B16: 4,3 | C16: =BALANCE!C34 -> Suministro, transporte e aplicación de antisol sobre concreto para anden | H16: M2
B17: I. Materiales
B18: Descripción | D18: Unidad | E18: Cantidad | F18: V/Unitario | G18: V/Total
B19: =+MATERIALES!B30 -> Antisol blanco | D19: =+MATERIALES!C30 -> kg | E19: 0.21 | F19: =+MATERIALES!D30 -> 17500 | G19: =+ROUND((E19*F19),0) -> 3675
D20: =+H20/$H$37 -> 0.094882784 | G20: SUBTOTAL | H20: =+ROUND(SUM(G19:G19),0) -> 3675
B21: II. Mano de Obra
B22: Descripción | D22: Unidad | E22: Cantidad | F22: V/Unitario | G22: V/Total
B23: Cuadrilla 1 Oficial | D23: jor | E23: =1/8 -> 0.125 | F23: =+'FP OPERATIVO'!F42 -> 190938.2 | G23: =+E23*F23 -> 23867.275
D26: =+H26/$H$37 -> 0.61620882 | G26: SUBTOTAL | H26: =+ROUND(SUM(G23:G25),0) -> 23867
B27: III. Equipo y Herramienta
B28: Descripción | D28: Unidad | E28: Cantidad | F28: V/Unitario | G28: V/Total
B29: =EQUIPOS!A33 -> Aspersor manual 16 l | D29: =+EQUIPOS!B18 -> Día | E29: =1/8 -> 0.125 | F29: 5000 | G29: =+ROUND((E29*F29),0) -> 625
B30: Herramienta menor | D30: (%)mo | E30: 0.05 | F30: =+H26 -> 23867 | G30: =+ROUND((E30*F30),0) -> 1193
D31: =+H31/$H$37 -> 0.030801405 | G31: SUBTOTAL | H31: =+ROUND(SUM(G30:G30),0) -> 1193
B32: IV. Transportes
B33: Descripción | C33: Unidad | D33: Cantidad | E33: Distancia | F33: V/Unitario | G33: V/Total
B34: Transporte de Interno | C34: un | D34: 1.2496 | F34: 8000 | G34: =+D34*F34 -> 9996.8
D35: =+H35/$H$37 -> 0.25810699 | G35: SUBTOTAL | H35: =+ROUND(SUM(G34:G34),0) -> 9997
E37: Total Costo Directo | H37: =ROUNDUP(SUM(H18:H35),0) -> 38732

Sheet NP3
C2: SECRETARIA DE INFRAESTRUCTURA DEL MUNICIPIO DE SANTA FE DE ANTIOQUIA
B7: ANÁLISIS DE PRECIOS UNITARIOS | F7: Código:
F9: Fecha:
F10: Versión:
F11: Página:
B13: =+PRESUPUESTO!A2 -> OBJETO: MEJORAMIENTO Y ADECUACIÓN DE LAS VIAS URBANAS DEL MUNICIPIO DE SANTA FE DE ANTIOQUIA
B15: ÍTEM | H15: UNIDAD
B16: 2,4 | C16: =+PRESUPUESTO!B11 -> Suministro, transporte y colocación de base granular de máximo Ø 1½", reacomodado con medios mecánicos y compactado al 100% mínimo del ensayo del proctor modificado, según normas para la construcción de pavimentos, y todo lo necesario para su correcta construcción y funcionamiento Su medida sera tomada en sitio ya compactado, debe cumplir con los requisitos de invias 301 | H16: =+PRESUPUESTO!C11 -> m³
B17: I. Materiales
B18: Descripción | D18: Unidad | E18: Cantidad | F18: V/Unitario | G18: V/Total
B19: =+MATERIALES!B25 -> Agua | D19: =+MATERIALES!C25 -> L | E19: 0.29 | F19: =+MATERIALES!D25 -> 500 | G19: =+ROUND((E19*F19),0) -> 145
B20: =+MATERIALES!B13 -> Base granular | D20: =+MATERIALES!C14 -> m3 | E20: 1.25 | F20: 112500 | G20: =+ROUND((E20*F20),0) -> 140625
D23: =+H23/$H$38 -> 0.33816263 | G23: SUBTOTAL | H23: =+ROUND(SUM(G19:G22),0) -> 140770
B24: II. Mano de Obra
B25: Descripción | D25: Unidad | E25: Cantidad | F25: V/Unitario | G25: V/Total
B26: cuadrilla 1 oficial + 1 Ayudante E | D26: jor | E26: 0.025 | F26: =+'FP OPERATIVO'!F36 -> 302186.42 | G26: =+ROUND((E26*F26),0) -> 7555
D27: =+H27/$H$38 -> 0.018148886 | G27: SUBTOTAL | H27: =+ROUND(SUM(G26),0) -> 7555
B28: III. Equipo y Herramienta
B29: Descripción | D29: Unidad | E29: Cantidad | F29: V/Unitario | G29: V/Total
B30: =+EQUIPOS!A12 -> Vibrocompactador | D30: =+EQUIPOS!B12 -> Hr | E30: =1/65.08 -> 0.015365704 | F30: 70000 | G30: =+ROUND((E30*F30),0) -> 1076
B31: Herramienta menor | D31: (%)mo | E31: 0.05 | F31: =+H27 -> 7555 | G31: =+ROUND((E31*F31),0) -> 378
D32: =+H32/$H$38 -> 0.0034928497 | G32: SUBTOTAL | H32: =+ROUND(SUM(G30:G31),0) -> 1454
B33: IV. Transportes
B34: Descripción | C34: Unidad | D34: Cantidad | E34: Distancia | F34: V/Unitario | G34: V/Total
B35: =+TRANSPORTES!B9 -> Transporte de material de base y subbase | C35: m3-km | D35: 1.3 | E35: 41 | F35: =+TRANSPORTES!D9 -> 5000 | G35: =+D35*E35*F35 -> 266500
D36: =+H36/$H$38 -> 0.64019564 | G36: SUBTOTAL | H36: =+ROUND(SUM(G35),0) -> 266500
E38: Total Costo Directo | H38: =ROUNDUP(SUM(H18:H36),0) -> 416279

Sheet NP4
C2: SECRETARIA DE INFRAESTRUCTURA DEL MUNICIPIO DE SANTA FE DE ANTIOQUIA
B7: ANÁLISIS DE PRECIOS UNITARIOS | F7: Código:
F9: Fecha:
F10: Versión:
F11: Página:
B13: =+PRESUPUESTO!A2 -> OBJETO: MEJORAMIENTO Y ADECUACIÓN DE LAS VIAS URBANAS DEL MUNICIPIO DE SANTA FE DE ANTIOQUIA
B15: ÍTEM | H15: UNIDAD
B16: NP4 | C16: =BALANCE!C36 -> Muro de contención aligerado en bloque de 20 cm | H16: M2
B17: I. Materiales
B18: Descripción | D18: Unidad | E18: Cantidad | F18: V/Unitario | G18: V/Total
B19: AGUA | D19: =+MATERIALES!C25 -> L | E19: 0.29 | F19: =+MATERIALES!D25 -> 500 | G19: =+ROUND((E19*F19),0) -> 145
B20: =+'CONCRETOS Y MORTERO'!B61 -> Concreto 3.000 psi | D20: =+'CONCRETOS Y MORTERO'!C65 -> m³ | E20: 1.05 | F20: =+'CONCRETOS Y MORTERO'!G75 -> 591127 | G20: =+ROUND((E20*F20),0) -> 620683
B21: BLOQUE CONCRETO R-10Mpa 3P INTERMEDIO 20 X 20 X 40 puesto en obra | D21: und | E21: 12.5 | F21: =MATERIALES!D141 -> 3800 | G21: =+ROUND((E21*F21),0) -> 47500
B22: Acero Fy= 420 mpa, 60.000 psi | D22: Kg | E22: 0.2586 | F22: =MATERIALES!D31 -> 5980 | G22: =+ROUND((E22*F22),0) -> 1546
B23: MORTERO 1:4 | D23: m3 | E23: 0.021 | F23: 456832 | G23: =+ROUND((E23*F23),0) -> 9593
D24: =+H24/$H$42 -> 0.84039406 | G24: SUBTOTAL | H24: =+ROUND(SUM(G19:G23),0) -> 679467
B25: II. Mano de Obra
B26: Descripción | D26: Unidad | E26: Cantidad | F26: V/Unitario | G26: V/Total
B27: Cuadrilla 1 Oficial + AYU ENTENDIDO | D27: jor | E27: 0.375 | F27: =+'FP OPERATIVO'!F42+'FP OPERATIVO'!F40 -> 302186.42 | G27: =+E27*F27 -> 113319.91
D30: =+H30/$H$42 -> 0.14015906 | G30: SUBTOTAL | H30: =+ROUND(SUM(G27:G29),0) -> 113320
B31: III. Equipo y Herramienta
B32: Descripción | D32: Unidad | E32: Cantidad | F32: V/Unitario | G32: V/Total
B33: BATEA | D33: Un | E33: 0.0019 | F33: 31628 | G33: =+ROUND((E33*F33),0) -> 60
B34: CARRETA BUGGIE, PALA, BALDES | D34: Un | E34: 0.0042 | F34: 407600
B35: Herramienta menor | D35: (%)mo | E35: 0.05 | F35: =+H30 -> 113320 | G35: =+ROUND((E35*F35),0) -> 5666
D36: =+H36/$H$42 -> 0.0070821635 | G36: SUBTOTAL | H36: =+ROUND(SUM(G33:G35),0) -> 5726
B37: IV. Transportes
B38: Descripción | C38: Unidad | D38: Cantidad | E38: Distancia | F38: V/Unitario | G38: V/Total
B39: Transporte de Interno | C39: un | D39: 1.2496 | F39: 8000 | G39: =+D39*F39 -> 9996.8
D40: =+H40/$H$42 -> 0.01236472 | G40: SUBTOTAL | H40: =+ROUND(SUM(G39:G39),0) -> 9997
E42: Total Costo Directo | H42: =ROUNDUP(SUM(H18:H40),0) -> 808510

Sheet MATERIALES
A1: =+PRESUPUESTO!A2 -> OBJETO: MEJORAMIENTO Y ADECUACIÓN DE LAS VIAS URBANAS DEL MUNICIPIO DE SANTA FE DE ANTIOQUIA
A3: LISTA DE MATERIALES Y PRECIOS
A4: Item | B4: Nombre | C4: Und | D4: Precio
A5: 1 | B5: Cemento gris (50kg) Portland Tipo I | C5: sac | D5: 39000
A6: 2 | B6: Cemento gris * kg | C6: kg | D6: =+D5/50 -> 780
A7: 3 | B7: Arena fina concretos | C7: m3 | D7: 85000
A8: 4 | B8: Arena lavada de peña | C8: m3 | D8: 85000
A9: 5 | B9: Arenilla | C9: m3 | D9: 85000
A10: 6 | B10: Triturado 1/2" | C10: m3 | D10: 85000
A11: 7 | B11: Triturado 3/4" | C11: m3 | D11: 85000
A12: 8 | B12: Triturado 3/8" | C12: m3 | D12: 85000
A13: 9 | B13: Base granular | C13: m3 | D13: =95000*1.19 -> 113050
A14: 10 | B14: Material Sub base granular CBR=40% - Clase C | C14: m3 | D14: =80000*1.19 -> 95200
A15: 11 | B15: Mezcla densa en caliente | C15: m3 | D15: 1220000
A16: 12 | B16: Emulsion Asfaltica CRL-0 o CRL-1 | C16: gl | D16: 14000
A17: 13 | B17: Arenilla o limo | C17: m3 | D17: 50000
A18: 14 | B18: Afirmado | C18: m3 | D18: 135000
A19: 15 | B19: Tela cerramiento obra verde, ancho: 2.10 m. | C19: ml | D19: =229900/50 -> 4598
A20: 16 | B20: Larguero madera común 4cmx8cmx2.80m. | C20: Und | D20: 13500
A21: 17 | B21: Pintura | C21: gl | D21: 9500
A22: 18 | B22: Larguero 2x2 x 3mt | C22: Und | D22: 8800
A23: 19 | B23: Clavos 2" | C23: lb | D23: 5500
A24: 20 | B24: Estaca para topografía | C24: un | D24: 3000
A25: 21 | B25: Agua | C25: L | D25: 500
A26: 22 | B26: Cordón Prefabricado de 15 x 45 x 80 cm | C26: Un | D26: 45000
A27: 23 | B27: Gasolina | C27: galon | D27: 15890
A28: 24 | B28: Aceie de Motor | C28: galon | D28: 46000
A29: 25 | B29: Transporte de materia 12 Km | C29: m3/12km | D29: =2800*12 -> 33600
A30: 26 | B30: Antisol blanco | C30: kg | D30: 17500
A31: 27 | B31: Acero Fy= 420 mpa, 60.000 psi | C31: kg | D31: 5980
A32: 28 | B32: Pintura Tipo Koraza | C32: gl | D32: 113200
A33: 29 | B33: Tapon pvc 1 " | C33: Und | D33: 1850
A34: 30 | B34: Sello de silicona o sellador autonivelante | C34: ml | D34: 13210
A35: 31 | B35: Tuberia Conduit | C35: ml | D35: =5600*1.19/3 -> 2221.3333
A36: 32 | B36: Tabla madera comun 1.7x19x3m | C36: ml | D36: 11000
A37: 33 | B37: Tabla madera comun 1.8x19 cm | C37: und | D37: 11000
A38: 34 | B38: Moldura | C38: und | D38: 6000
A39: 35 | B39: Alambre recocido C 18 | C39: kg | D39: 17900
A40: 36 | B40: Formaleta MDF 1.83mX2.44m | C40: Und | D40: =275000 -> 275000
A41: 37 | B41: Larguero de madera comun de 1" x 1" | C41: Und | D41: 4500
A42: 38 | B42: Lubricante PAVCO x 4Kg | C42: Und | D42: 168210
A43: 39 | B43: Piedra de entresuelo (limpia), tamaño máximo 15 cm, con transporte. | C43: M3 | D43: 108000
A44: 40 | B44: Separol o equivalente (Desmoldante para evitar adherencia de concretos a formaletas.Presentación 15Kg. Rendimiento metal :45g/m2 madera:55g/m2 (15 kg)). para metal puro, para madera diluir hasta 5 partes de agua segun porosidad de la madera. | C44: Und | D44: 380900
A45: 41 | B45: Rejilla de sumidero Tipo B - Nueva Norma | C45: Un | D45: 500000
A46: 42 | B46: Malla electrosoldada D-84 | C46: M2 | D46: =ROUND(481000/(18*2.35),0)+250 -> 11621
A47: 43 | B47: Estopa | C47: kg | D47: 19900
A48: 44 | B48: Lija de agua 400 | C48: Und | D48: 1600
A49: 45 | B49: Carton corrugado ancho 1,22 | C49: ml | D49: =ROUND(139900/40+250,0) -> 3748
A50: 46 | B50: Polietileno negro construccion | C50: m2 | D50: 1200
A51: 47 | B51: Esmalte a Base de Aceite, Rendimiento 30m2/gl | C51: GL | D51: 112000
A52: 48 | B52: Disolvente | C52: gl | D52: 52100
A53: 49 | B53: Lija de agua 200 | C53: und | D53: 1450
A54: 50 | B54: Sanitario blanco | C54: und | D54: 552907
A55: 51 | B55: Cemento blanco (saco 40 kilos) | C55: Und | D55: 75200
A56: 52 | B56: Silicona antihongos. Presentacion 300cc Rendimiento de 8ml/en junta de 6mm x 6mm | C56: Und | D56: 27500
A57: 53 | B57: Tapón rosca para brida de fijación | C57: und | D57: 980
A58: 54 | B58: Brida de fijación 4", incluye empaque de caucho y tornillos de fijación | C58: und | D58: 38500
A59: 55 | B59: Soldadura PVC (1/4 gal) | C59: Und | D59: 93000
A60: 56 | B60: Abasto metálico (llave de regulación liviana de 1/2"metálica con manguera metálica) | C60: und | D60: 47900
A61: 57 | B61: Pintura vinilo tipo 1 Viniltex o equivalente | C61: gln | D61: 78910
A62: 58 | B62: Estucor (25 kg) - Sumicol | C62: kg | D62: =46900/40 -> 1172.5
A63: 59 | B63: Lavamanos acuacer de colgar | C63: Und | D63: 269144.43
A64: 60 | B64: Sifón botella lavamanos | C64: Und | D64: 32900
A65: 61 | B65: Grifería Galaxia individual - Grival | C65: Und | D65: 33900
A66: 62 | B66: Orinal grande blanco | C66: Und | D66: 380000
A67: 63 | B67: Válvula de regulación metálica, con manguera flexible | C67: Und | D67: 32000
A68: 64 | B68: Grifería tipo push sencilla. (orinal) | C68: Und | D68: 100000
A69: 65 | B69: Mesón en acero inoxidable calibre 18 | C69: ml | D69: 836490
A70: 66 | B70: Puerta metálica calibre 20 con chapa de seguridad y anticorrosivo. De 0.8 hasta 1 m de ancho y 2.10 altura m | C70: Und | D70: 479000
A71: 67 | B71: Puerta metálica calibre 20 con chapa de seguridad y anticorrosivo. De 0.6 hasta 0.75 m de ancho y 2.10 altura m | C71: und | D71: 565000
A72: 68 | B72: Tubería EMT 3/4" | C72: m | D72: 9983.3333
A73: 69 | B73: Curva EMT 3/4" | C73: Und | D73: 2750
A74: 70 | B74: Adaptador EMT 3/4" | C74: Und | D74: 2850
... A76: 72 | B76: Grapa doble ala de 3/4". incluye el chazo y el tornillo | C76: Und | D76: 1850
A77: 73 | B77: Tubería EMT 1/2" | C77: m | D77: 8287.3333 | E77: =16900*1.19 -> 20111 | F77: =+E77/0.805 -> 24982.609
A78: 74 | B78: Curva EMT 1/2" | C78: Und | D78: 2250
A79: 75 | B79: Adaptador EMT 1/2" | C79: Und | D79: 2150
A80: 76 | B80: Unión EMT 1/2" | C80: Und | D80: 1940
A81: 77 | B81: Grapa doble ala de 1/2". incluye el chazo y el tornillo | C81: Und | D81: 1433
A82: 78 | B82: Toma doble + Polo a tierra | C82: Und | D82: 8950
A83: 79 | B83: Alambre No 12 AWG-CU-THHN/THWN-90ºC | C83: m | D83: 2640
A84: 80 | B84: Alambre No 14 AWG-CU-THHN/THWN-90ºC | C84: m | D84: 1766
A85: 81 | B85: Alambre No 10 AWG-CU-THHN/THWN-90ºC | C85: m | D85: 4284
A86: 82 | B86: Alambre No 8 AWG-CU-THHN/THWN-90ºC | C86: m | D86: 5712
A87: 83 | B87: Conector de empalme. | C87: Und | D87: 1750
A88: 84 | B88: Caja 4"x4" troquel universal con tapa suplemento. | C88: Und | D88: 9390
A89: 85 | B89: Tubería pvc 1/2" | C89: m | D89: =35800/30 -> 1193.3333
A90: 86 | B90: Tubería PVC-Novafort Ø= 250 mm. | C90: m | D90: 100617.07
A91: 87 | B91: Unión PVC-NOVAFORT Ø= 250 mm. - Pavco o equivalente. | C91: un | D91: 65667
A92: 88 | B92: Hidrosello-Novafort Ø= 250 mm. - Pavco o equivalente. | C92: un | D92: 16000
A93: 89 | B93: Acondicionador de Superficie Novafort x 250cc. - Pavco o equivalente. | C93: un | D93: 126000
A94: 90 | B94: Adhesivo Novafort x 310 ml. - Pavco o equivalente. | C94: un | D94: 64000
A95: 91 | B95: Adaptador PVC 1/2". (eléctrico) | C95: Und | D95: 423
A96: 92 | B96: Curva pvc 1/2". (eléctrico) | C96: Und | D96: 1350
A97: 93 | B97: Switch doble de alumbrado | C97: Und | D97: 13500
A98: 94 | B98: Luminaria Led Hermetica 2x18w T8 Pc Luz Neutra 3600 Lm | C98: Und | D98: 162000
A99: 95 | B99: Cable Encauchetado 3 x 14 AWG | C99: m | D99: 8900
A100: 96 | B100: Accesorios fijación según norma NSR-10 | C100: Und | D100: 6890
A101: 97 | B101: Clavija con polo a tierra de caucho | C101: Und | D101: 15900
A102: 98 | B102: Ceramica pared egeo de 20.5 x 20.5 cm. Blanca tipo Corona | C102: m2 | D102: 86000
...

Sheet CONCRETOS Y MORTERO
C2: MORTEROS Y CONCRETOS
B6: PRECIO ACTUAL DE CEMENTO | D6: Bulto 50 kg | F6: unitario
C7: kg | D7: =+F7*50 -> 39000 | F7: =+MATERIALES!D6 -> 780
B8: PRECIO ACTUAL DE ARENA FINA | C8: m³ | F8: =+MATERIALES!D7 -> 85000
B9: PRECIO ACTUAL DE ARENA LAVADA DE PEÑA | C9: m³ | F9: =+MATERIALES!D8 -> 85000
B10: GRAVA | C10: m³ | F10: =+MATERIALES!D11 -> 85000
B11: AGUA | C11: L | F11: =+MATERIALES!D25 -> 500
B14: mortero 1:4 con Arena de peña
B16: material | C16: Unidad | D16: Cantidad | F16: Valor unitario | G16: Valor parcial
B17: Arena de Concreto | C17: m³ | D17: 1.16 | E17: 1.1 | F17: =+MATERIALES!D7 -> 85000 | G17: =+ROUND(F17*D17*E17,0) -> 108460
B18: Cemento gris | C18: kg | D18: 364 | E18: 1.05 | F18: =+MATERIALES!D6 -> 780 | G18: =+ROUND(F18*D18*E18,0) -> 298116
B19: Agua | C19: L | D19: 0.225 | E19: 1.25 | F19: =+MATERIALES!D25 -> 500 | G19: =+ROUND(F19*D19*E19,0) -> 141
B20: Gasolina | C20: galon | D20: 0.08 | F20: =+MATERIALES!D27 -> 15890 | G20: =+ROUND(F20*D20,0) -> 1271
B21: Aceie de Motor | C21: galon | D21: 0.008 | F21: =+MATERIALES!D28 -> 46000 | G21: =+ROUND(F21*D21,0) -> 368
B22: Concretadora 2 sacos a gasolina | C22: Día | D22: 0.4 | F22: =+EQUIPOS!C5 -> 80000 | G22: =+ROUND(F22*D22,0) -> 32000
B23: Mano de obra (1 Ofi + 4 Ayu) | C23: Jornal | D23: =1/15 -> 0.066666667 | F23: =+M.O.!$G$4*4+M.O.!$G$6 -> 796670.69 | G23: =+ROUND(F23*D23,0) -> 53111
B24: T.Arena | C24: m3 | D24: 1.16 | E24: 1.1 | F24: =+MATERIALES!D29 -> 33600 | G24: =+ROUND(F24*D24*E24,0) -> 42874
B25: Herramienta menor | C25: % m .o | D25: 0.05 | G25: =+G23*D25 -> 2655.55
B26: TOTAL | G26: =SUM(G17:G25) -> 538996.55
B28: Concreto 4.000 psi | C28: 280 kg/cm²
B30: material | C30: Unidad | D30: Cantidad | F30: Valor unitario | G30: Valor parcial
B31: Arena de Concreto | C31: m³ | D31: 0.67 | E31: 1.1 | F31: =+MATERIALES!$D$8 -> 85000 | G31: =+ROUND(F31*D31*E31,0) -> 62645
B32: Triturado 3/4" | C32: m³ | D32: 0.67 | E32: 1.1 | F32: =+MATERIALES!$D$11 -> 85000 | G32: =+ROUND(F32*D32*E32,0) -> 62645
B33: Cemento gris | C33: kg | D33: 420 | E33: 1.05 | F33: =+MATERIALES!$D$6 -> 780 | G33: =+ROUND(F33*D33*E33,0) -> 343980
B34: Agua | C34: L | D34: 0.225 | E34: 1.25 | F34: =+MATERIALES!$D$25 -> 500 | G34: =+ROUND(F34*D34*E34,0) -> 141
B35: T.Arena | C35: m3 | D35: =+D31 -> 0.67 | E35: 1.1 | F35: =+MATERIALES!$D$29 -> 33600 | G35: =+ROUND(F35*D35*E35,0) -> 24763
B36: T.triturado | C36: m3 | D36: =+D32 -> 0.67 | E36: 1.1 | F36: =+MATERIALES!$D$29 -> 33600 | G36: =+ROUND(F36*D36*E36,0) -> 24763
B37: Gasolina | C37: galon | D37: 0.08 | F37: =+MATERIALES!$D$27 -> 15890 | G37: =+ROUND(F37*D37,0) -> 1271
B38: Aceie de Motor | C38: galon | D38: 0.008 | F38: =+MATERIALES!$D$28 -> 46000 | G38: =+ROUND(F38*D38,0) -> 368
B39: Concretadora 2 sacos a gasolina | C39: Día | D39: 0.4 | F39: =+EQUIPOS!$C$5 -> 80000 | G39: =+ROUND(F39*D39,0) -> 32000
B40: Mano de obra (1 Ofi + 4 Ayu) | C40: Jornal | D40: =1/9.5 -> 0.10526316 | F40: =+M.O.!$G$4*4+M.O.!$G$6 -> 796670.69 | G40: =+ROUND(F40*D40,0) -> 83860
B41: Herramienta menor | C41: % m .o | D41: 0.05 | G41: =+G40*D41 -> 4193
B42: TOTAL | G42: =SUM(G31:G41) -> 640629
B44: Concreto 3.500 psi | C44: 246 kg/cm²
B46: material | C46: Unidad | D46: Cantidad | F46: Valor unitario | G46: Valor parcial
B47: Arena de Concreto | C47: m³ | D47: 0.6 | E47: 1.1 | F47: =+MATERIALES!$D$8 -> 85000 | G47: =+ROUND(F47*D47*E47,0) -> 56100
B48: Triturado 3/4" | C48: m³ | D48: 0.76 | E48: 1.1 | F48: =+MATERIALES!$D$11 -> 85000 | G48: =+ROUND(F48*D48*E48,0) -> 71060
B49: Cemento gris | C49: kg | D49: 380 | E49: 1.05 | F49: =+MATERIALES!$D$6 -> 780 | G49: =+ROUND(F49*D49*E49,0) -> 311220
B50: Agua | C50: L | D50: 0.225 | E50: 1.25 | F50: =+MATERIALES!$D$25 -> 500 | G50: =+ROUND(F50*D50*E50,0) -> 141
B51: T.Arena | C51: m3 | D51: =+D47 -> 0.6 | E51: 1.1 | F51: =+MATERIALES!$D$29 -> 33600 | G51: =+ROUND(F51*D51*E51,0) -> 22176
B52: T.triturado | C52: m3 | D52: =+D48 -> 0.76 | E52: 1.1 | F52: =+MATERIALES!$D$29 -> 33600 | G52: =+ROUND(F52*D52*E52,0) -> 28090
B53: Gasolina | C53: galon | D53: 0.08 | F53: =+MATERIALES!$D$27 -> 15890 | G53: =+ROUND(F53*D53,0) -> 1271
B54: Aceie de Motor | C54: galon | D54: 0.008 | F54: =+MATERIALES!$D$28 -> 46000 | G54: =+ROUND(F54*D54,0) -> 368
B55: Concretadora 2 sacos a gasolina | C55: Día | D55: 0.4 | F55: =+EQUIPOS!$C$5 -> 80000 | G55: =+ROUND(F55*D55,0) -> 32000
B56: Mano de obra (1 Ofi + 4 Ayu) | C56: Jornal | D56: =1/9.5 -> 0.10526316 | F56: =+M.O.!$G$4*4+M.O.!$G$6 -> 796670.69 | G56: =+ROUND(F56*D56,0) -> 83860
B57: Herramienta menor | C57: % m .o | D57: 0.05 | G57: =+G56*D57 -> 4193
B58: TOTAL | G58: =SUM(G47:G57) -> 610479
B61: Concreto 3.000 psi | C61: 210 kg/cm²
B63: material | C63: Unidad | D63: Cantidad | E63: Desperdicio | F63: Valor unitario | G63: Valor parcial
B64: Arena de Concreto | C64: m³ | D64: 0.56 | E64: 1.1 | F64: =+F8 -> 85000 | G64: =+ROUND(F64*D64*E64,0) -> 52360
B65: Triturado 3/4" | C65: m³ | D65: 0.84 | E65: 1.1 | F65: =+F10 -> 85000 | G65: =+ROUND(F65*D65*E65,0) -> 78540
B66: Cemento gris | C66: kg | D66: 350 | E66: 1.05 | F66: =+F7 -> 780 | G66: =+ROUND(F66*D66*E66,0) -> 286650
B67: Agua | C67: L | D67: 0.225 | E67: 1.25 | F67: =+MATERIALES!$D$25 -> 500 | G67: =+ROUND(F67*D67*E67,0) -> 141
B68: T.Arena | C68: m3 | D68: =+D64 -> 0.56 | E68: 1.1 | F68: =+MATERIALES!$D$29 -> 33600 | G68: =+ROUND(F68*D68*E68,0) -> 20698
B69: T.triturado | C69: m3 | D69: =+D65 -> 0.84 | E69: 1.1 | F69: =+MATERIALES!$D$29 -> 33600 | G69: =+ROUND(F69*D69*E69,0) -> 31046
B70: Gasolina | C70: galon | D70: 0.08 | F70: =+MATERIALES!$D$27 -> 15890 | G70: =+ROUND(F70*D70,0) -> 1271
B71: Aceie de Motor | C71: galon | D71: 0.008 | F71: =+MATERIALES!$D$28 -> 46000 | G71: =+ROUND(F71*D71,0) -> 368
B72: Concretadora 2 sacos a gasolina | C72: Día | D72: 0.4 | F72: =+EQUIPOS!$C$5 -> 80000 | G72: =+ROUND(F72*D72,0) -> 32000
B73: Mano de obra (1 Ofi + 4 Ayu) | C73: Jornal | D73: =1/9.5 -> 0.10526316 | F73: =+M.O.!$G$4*4+M.O.!$G$6 -> 796670.69 | G73: =+ROUND(F73*D73,0) -> 83860
B74: Herramienta menor | C74: % m .o | D74: 0.05 | G74: =+G73*D74 -> 4193
B75: TOTAL | G75: =SUM(G64:G74) -> 591127
B78: Concreto 2.500 psi | C78: 175 kg/cm²
B80: material | C80: Unidad | D80: Cantidad | F80: Valor unitario | G80: Valor parcial
B81: Arena de Concreto | C81: m³ | D81: 0.52 | E81: 1.1 | F81: =+MATERIALES!$D$8 -> 85000 | G81: =+ROUND(F81*D81*E81,0) -> 48620
B82: Triturado 3/4" | C82: m³ | D82: 0.94 | E82: 1.1 | F82: =+MATERIALES!$D$11 -> 85000 | G82: =+ROUND(F82*D82*E82,0) -> 87890
B83: Cemento gris | C83: kg | D83: 260 | E83: 1.05 | F83: =+MATERIALES!$D$6 -> 780 | G83: =+ROUND(F83*D83*E83,0) -> 212940
B84: Agua | C84: L | D84: 0.225 | E84: 1.25 | F84: =+MATERIALES!$D$25 -> 500 | G84: =+ROUND(F84*D84*E84,0) -> 141
B85: T.Arena | C85: m3 | D85: =+D81 -> 0.52 | E85: 1.1 | F85: =+MATERIALES!$D$29 -> 33600 | G85: =+ROUND(F85*D85*E85,0) -> 19219
B86: T.triturado | C86: m3 | D86: =+D82 -> 0.94 | E86: 1.1 | F86: =+MATERIALES!$D$29 -> 33600 | G86: =+ROUND(F86*D86*E86,0) -> 34742
B87: Gasolina | C87: galon | D87: 0.08 | F87: =+MATERIALES!$D$27 -> 15890 | G87: =+ROUND(F87*D87,0) -> 1271
B88: Aceie de Motor | C88: galon | D88: 0.008 | F88: =+MATERIALES!$D$28 -> 46000 | G88: =+ROUND(F88*D88,0) -> 368
B89: Concretadora 2 sacos a gasolina | C89: Día | D89: 0.4 | F89: =+EQUIPOS!$C$5 -> 80000 | G89: =+ROUND(F89*D89,0) -> 32000
B90: Mano de obra (1 Ofi + 4 Ayu) | C90: Jornal | D90: =1/9.5 -> 0.10526316 | F90: =+M.O.!$G$4*4+M.O.!$G$6 -> 796670.69 | G90: =+ROUND(F90*D90,0) -> 83860
B91: Herramienta menor | C91: % m .o | D91: 0.05 | G91: =+G90*D91 -> 4193
B92: TOTAL | G92: =SUM(G81:G91) -> 525244
B95: Concreto 2.000 psi | C95: 140 kg/cm²
B97: material | C97: Unidad | D97: Cantidad | F97: Valor unitario | G97: Valor parcial
B98: Arena de Concreto | C98: m³ | D98: 0.55 | E98: 1.1 | F98: =+MATERIALES!$D$8 -> 85000 | G98: =+ROUND(F98*D98*E98,0) -> 51425
B99: Triturado 3/4" | C99: m³ | D99: 0.92 | E99: 1.1 | F99: =+MATERIALES!$D$11 -> 85000 | G99: =+ROUND(F99*D99*E99,0) -> 86020
B100: Cemento gris | C100: kg | D100: 230 | E100: 1.05 | F100: =+MATERIALES!$D$6 -> 780 | G100: =+ROUND(F100*D100*E100,0) -> 188370
B101: Agua | C101: L | D101: 0.225 | E101: 1.25 | F101: =+MATERIALES!$D$25 -> 500 | G101: =+ROUND(F101*D101*E101,0) -> 141
B102: T.Arena | C102: m3 | D102: =+D98 -> 0.55 | E102: 1.1 | F102: =+MATERIALES!$D$29 -> 33600 | G102: =+ROUND(F102*D102*E102,0) -> 20328
B103: T.triturado | C103: m3 | D103: =+D99 -> 0.92 | E103: 1.1 | F103: =+MATERIALES!$D$29 -> 33600 | G103: =+ROUND(F103*D103*E103,0) -> 34003
B104: Gasolina | C104: galon | D104: 0.08 | F104: =+MATERIALES!$D$27 -> 15890 | G104: =+ROUND(F104*D104,0) -> 1271
B105: Aceie de Motor | C105: galon | D105: 0.008 | F105: =+MATERIALES!$D$28 -> 46000 | G105: =+ROUND(F105*D105,0) -> 368
B106: Concretadora 2 sacos a gasolina | C106: Día | D106: 0.4 | F106: =+EQUIPOS!$C$5 -> 80000 | G106: =+ROUND(F106*D106,0) -> 32000
B107: Mano de obra (1 Ofi + 4 Ayu) | C107: Jornal | D107: =1/9.5 -> 0.10526316 | F107: =+M.O.!$G$4*4+M.O.!$G$6 -> 796670.69 | G107: =+ROUND(F107*D107,0) -> 83860
B108: Herramienta menor | C108: % m .o | D108: 0.05 | G108: =+G107*D108 -> 4193
B109: TOTAL | G109: =SUM(G98:G108) -> 501979
B112: Concreto pobre 1.500 psi | C112: 105 kg/cm²
B114: material | C114: Unidad | D114: Cantidad | F114: Valor unitario | G114: Valor parcial
B115: Arena de Concreto | C115: m³ | D115: 0.55 | E115: 1.1 | F115: =+MATERIALES!$D$8 -> 85000 | G115: =+ROUND(F115*D115*E115,0) -> 51425
B116: Triturado 3/4" | C116: m³ | D116: 0.98 | E116: 1.1 | F116: =+MATERIALES!$D$11 -> 85000 | G116: =+ROUND(F116*D116*E116,0) -> 91630
B117: Cemento gris | C117: kg | D117: 175 | E117: 1.05 | F117: =+MATERIALES!$D$6 -> 780 | G117: =+ROUND(F117*D117*E117,0) -> 143325
B118: Agua | C118: L | D118: 0.225 | E118: 1.25 | F118: =+MATERIALES!$D$25 -> 500 | G118: =+ROUND(F118*D118*E118,0) -> 141
B119: T.Arena | C119: m3 | D119: =+D115 -> 0.55 | E119: 1.1 | F119: =+MATERIALES!$D$29 -> 33600 | G119: =+ROUND(F119*D119*E119,0) -> 20328
B120: T.triturado | C120: m3 | D120: =+D116 -> 0.98 | E120: 1.1 | F120: =+MATERIALES!$D$29 -> 33600 | G120: =+ROUND(F120*D120*E120,0) -> 36221
B121: Gasolina | C121: galon | D121: 0.08 | F121: =+MATERIALES!$D$27 -> 15890 | G121: =+ROUND(F121*D121,0) -> 1271
B122: Aceie de Motor | C122: galon | D122: 0.008 | F122: =+MATERIALES!$D$28 -> 46000 | G122: =+ROUND(F122*D122,0) -> 368
B123: Concretadora 2 sacos a gasolina | C123: Día | D123: 0.4 | F123: =+EQUIPOS!$C$5 -> 80000 | G123: =+ROUND(F123*D123,0) -> 32000
...

Sheet EQUIPOS
A1: =+PRESUPUESTO!A2 -> OBJETO: MEJORAMIENTO Y ADECUACIÓN DE LAS VIAS URBANAS DEL MUNICIPIO DE SANTA FE DE ANTIOQUIA
A3: EQUIPOS
A4: DESCRIPCIÓN | B4: UNIDAD | C4: VALOR TOTAL
A5: Concretadora 2 sacos a gasolina | B5: Día | C5: 80000
A6: Equipo de topografía (estación total) | B6: Día | C6: 150000
A7: Retroexcavadora de llantas | B7: Hr | C7: 131534
A8: Retroexcavadora sobre oruga, potencia 138 HP, balde de 1,5 m3. | B8: Hr | C8: 230000
A9: Bulldozer 140hp | B9: Hr | C9: 220000 | E9: =8000000/10 -> 800000
A10: Fresadora de pavimento, potencia 255 HP, peso 19 Ton, PROFUNDIDAD DE CORTE 305 mm | B10: Hr | C10: 1000000 | E10: 0.8
A11: Motoniveladora 120hp | B11: Hr | C11: 250000
A12: Vibrocompactador | B12: Hr | C12: 150000
A13: Finisher de Pavimento | B13: Hr | C13: 225000
A14: Rodillo vibrante tandem autopropulsado anchura de trabajo 100 cm | B14: Hr | C14: 100000
A15: Carrotanque de agua (1000 galones) | B15: Hr | C15: 100000
A16: Carro Irrigador | B16: Hr | C16: 150000
A17: Compresor (barrido y soplador) | B17: Hr | C17: 80000
A18: Vibrador para concreto a gasolina | B18: Día | C18: =12500*8 -> 100000
A19: Barredora mecánica de cepillo de 3658 mm ; 6 m3 | B19: Hr | C19: 90000
A20: Cargador : Potencia en el volante 110 hp, Clasificación de RPM del motor 2300. | B20: Hr | C20: 200000
A21: Compactador neumático de Potencia 70 HP, peso de 13 ton | B21: Hr | C21: 150000
A22: Compactador de Rodillo POTENCIA: 99HP, PESO: 8 ton | B22: Hr | C22: 150000
A23: Tronzadora de metal (incluye disco de corte) | B23: Día | C23: 42800
A24: Cortadora de pavimento, Máxima profundidad de corte: 160 mm. Capacidad de disco: desde 12´´ hasta 18´´ de diámetro. Peso operacional: 135 kg, 13.5 hp de potencia | B24: Dia | C24: 100000
A25: Martillo demoledor (Incluye muela) | B25: Día | C25: 58900
A26: Compresor Neumático con martillo demoledor o perforador en superficie, punta, combustible y operador. | B26: Hr | C26: 98705
A27: Formaleta pavimento rígido (metálica y madera según se requiera) por m3 | B27: Día | C27: 22000
A28: Regla vibratoria, de longitud de 3 a 5 m, motor de 3600 rpm, potencia 6 HP | B28: Hr | C28: 12500
A29: Transporte de material en volqueta | B29: m3-Km | C29: 2800
A30: Equipo manual para demarcación vial | B30: Día | C30: 170000
... A54: Pulidora de pisos duros de 6 piedras | B54: Día | C54: 98105

Sheet MEMORIA DE CALCULO
D2: MEMORIA DE CALCULO
D3: PROYECTO: | E3: =+[1]PRESUPUESTO!$A$2 -> OBJETO: MEJORAMIENTO Y ADECUACIÓN DE LAS VIAS URBANAS DEL MUNICIPIO DE SANTA FE DE ANTIOQUIA | I3: FECHA
D5: =+[1]PRESUPUESTO!$A$2 -> OBJETO: MEJORAMIENTO Y ADECUACIÓN DE LAS VIAS URBANAS DEL MUNICIPIO DE SANTA FE DE ANTIOQUIA
O8: LARGO | P8: ANCHO | Q8: M2 | R8: ML
B9: ÍTEM | C9: =+[1]PRESUPUESTO!A6 -> 1.1 | D9: DESCRIPCIÓN | E9: =+VLOOKUP(C9,[1]PRESUPUESTO!$A$5:$C$30,2,) -> Localización, trazado y replanteo del proyecto. Se utilizará equipo de precisión, personal experto. Se hará con la frecuencia que lo indique la interventoria. incluye demarcación con pintura, línea de trazado, corte de piso, libretas, planos. | F9: UNIDAD | G9: =+VLOOKUP(C9,[1]PRESUPUESTO!$A$5:$C$30,3,) -> día | H9: =+VLOOKUP(F9,[1]PRESUPUESTO!$A$5:$C$30,2,) -> #N/A | I9: CANTIDAD TOTAL | L9: =SUM(L12:L28) -> 6 | N9: VÍA | O9: 84.7 | P9: 6 | Q9: =O9*P9 -> 508.2
E10: Detalle | F10: Dimensiones | K10: Número de elementos | L10: Total | N10: CUNETA | P10: 0.5 | Q10: =O10*P10 -> 0
F11: Longitud (m) | G11: Ancho (m) | H11: Alto (m) | I11: Espesor (m) | J11: Área Total | N11: BORDILLO | O11: =+O9*2 -> 169.4 | Q11: =O11*P11 -> 0 | R11: =+O11 -> 169.4
N12: ANDEN | O12: =+O9 -> 84.7 | P12: 1.4 | Q12: =O12*P12 -> 118.58
E13: =+E9 -> Localización, trazado y replanteo del proyecto. Se utilizará equipo de precisión, personal experto. Se hará con la frecuencia que lo indique la interventoria. incluye demarcación con pintura, línea de trazado, corte de piso, libretas, planos. | K13: 6 | L13: =+K13 -> 6
P21: =PRESUPUESTO!F19 -> 224666984
D32: MEMORIA DE CALCULO
D33: PROYECTO: | E33: =+[1]PRESUPUESTO!$A$2 -> OBJETO: MEJORAMIENTO Y ADECUACIÓN DE LAS VIAS URBANAS DEL MUNICIPIO DE SANTA FE DE ANTIOQUIA | I33: FECHA
D35: =+[1]PRESUPUESTO!$A$2 -> OBJETO: MEJORAMIENTO Y ADECUACIÓN DE LAS VIAS URBANAS DEL MUNICIPIO DE SANTA FE DE ANTIOQUIA
B39: ÍTEM | C39: 2.1 | D39: DESCRIPCIÓN | E39: =+VLOOKUP(C39,[1]PRESUPUESTO!$A$5:$C$30,2,) -> Excavación mecanica en material heterogéneo, bajo cualquier grado de humedad, medido in situ, no incluye botada. | F39: UNIDAD | G39: =+VLOOKUP(C39,[1]PRESUPUESTO!$A$5:$C$30,3,) -> m³ | H39: =+VLOOKUP(F39,[1]PRESUPUESTO!$A$5:$C$30,2,) -> #N/A | I39: CANTIDAD TOTAL | L39: =SUM(L42:L58) -> 129.591
E40: Detalle | F40: Dimensiones | K40: Número de elementos | L40: Total
F41: Area (m2) | G41: Ancho (m) | H41: Alto (m) | I41: Espesor (m) | J41: Área Total
E42: AREAS TOMASDAS DE PLANO TOPOGRAFICO
E43: vía | F43: =+O9*P9 -> 508.2 | H43: 0.2 | J43: =F43*H43 -> 101.64 | K43: 1 | L43: =J43*K43 -> 101.64
E44: SUMIDEROS | F44: 1.2 | G44: 0.8 | H44: 0.9 | J44: =F44*G44*H44 -> 0.864 | K44: 0 | L44: =J44*K44 -> 0
E45: ANDEN | F45: =+O12 -> 84.7 | G45: 1.4 | H45: 0.15 | J45: =F45*G45*H45 -> 17.787 | K45: 1 | L45: =J45*K45 -> 17.787
E46: CUNETA | F46: =+O10 -> 0 | G46: 0.5 | H46: 0.2 | J46: =F46*G46*H46 -> 0 | K46: 1 | L46: =J46*K46 -> 0
E47: BORDILLO | F47: =+O11 -> 169.4 | G47: 0.3 | H47: 0.2 | J47: =F47*G47*H47 -> 10.164 | K47: 1 | L47: =J47*K47 -> 10.164
L48: =J48*K48 -> 0
L49: =J49*K49 -> 0
L50: =J50*K50 -> 0
L51: =J51*K51 -> 0
L52: =J52*K52 -> 0
L53: =J53*K53 -> 0
L54: =J54*K54 -> 0
L55: =J55*K55 -> 0
L56: =J56*K56 -> 0
D60: MEMORIA DE CALCULO
D61: PROYECTO: | E61: =+[1]PRESUPUESTO!$A$2 -> OBJETO: MEJORAMIENTO Y ADECUACIÓN DE LAS VIAS URBANAS DEL MUNICIPIO DE SANTA FE DE ANTIOQUIA | I61: FECHA
D63: =+[1]PRESUPUESTO!$A$2 -> OBJETO: MEJORAMIENTO Y ADECUACIÓN DE LAS VIAS URBANAS DEL MUNICIPIO DE SANTA FE DE ANTIOQUIA
B67: ÍTEM | C67: 2.2 | D67: DESCRIPCIÓN | E67: =+VLOOKUP(C67,[1]PRESUPUESTO!$A$5:$C$30,2,) -> DEMOLICIÓN DE PAVIMENTO Y/O CONCRETO de cualquier resistencia con espesor hasta de 10 cm, manual o mecánicamente. Incluye retiro de refuerzo e instalaciones embebidas, compresor neumático con martillo, además recuperación de los materiales aprovechables. | F67: UNIDAD | G67: =+VLOOKUP(C67,[1]PRESUPUESTO!$A$5:$C$30,3,) -> m2 | H67: =+VLOOKUP(F67,[1]PRESUPUESTO!$A$5:$C$30,2,) -> #N/A | I67: CANTIDAD TOTAL | L67: =SUM(L70:L86) -> 0
E68: Detalle | F68: Dimensiones | K68: Número de elementos | L68: Total
F69: Longitud (m) | G69: Ancho (m) | H69: Alto (m) | I69: Espesor (m) | J69: Área Total
E71: vía | F71: 0 | G71: 6.6 | J71: =F71*G71 -> 0 | L71: =J71 -> 0
L72: =J72 -> 0
L73: =J73 -> 0
L74: =J74 -> 0
L75: =J75 -> 0
L76: =J76 -> 0
L77: =J77 -> 0
L78: =J78 -> 0
L79: =J79 -> 0
L80: =J80 -> 0
L81: =J81 -> 0
L82: =J82 -> 0
L83: =J83 -> 0
D88: MEMORIA DE CALCULO
D89: PROYECTO: | E89: =+[1]PRESUPUESTO!$A$2 -> OBJETO: MEJORAMIENTO Y ADECUACIÓN DE LAS VIAS URBANAS DEL MUNICIPIO DE SANTA FE DE ANTIOQUIA | I89: FECHA
D91: =+[1]PRESUPUESTO!$A$2 -> OBJETO: MEJORAMIENTO Y ADECUACIÓN DE LAS VIAS URBANAS DEL MUNICIPIO DE SANTA FE DE ANTIOQUIA
B95: ÍTEM | C95: 2.3 | D95: DESCRIPCIÓN | E95: =PRESUPUESTO!#REF! -> #REF! | F95: UNIDAD | G95: =+VLOOKUP(C95,[1]PRESUPUESTO!$A$5:$C$30,3,) -> m2 | H95: =+VLOOKUP(F95,[1]PRESUPUESTO!$A$5:$C$30,2,) -> #N/A | I95: CANTIDAD TOTAL | L95: =SUM(L98:L114) -> 30
E96: Detalle | F96: Dimensiones | K96: Número de elementos | L96: Total
F97: Area (m2) | G97: Ancho (m) | H97: Alto (m) | I97: Espesor (m) | J97: Área Total
E98: AREAS TOMASDAS DE PLANO TOPOGRAFICO
F99: =10*10 -> 100 | I99: 0.3 | L99: =F99*I99 -> 30
L100: =F100 -> 0
L101: =F101 -> 0
L102: =F102 -> 0
L103: =F103 -> 0
L104: =F104 -> 0
L105: =F105 -> 0
L106: =F106 -> 0
L107: =F107 -> 0
L108: =F108 -> 0
L109: =F109 -> 0
L110: =F110 -> 0
L111: =F111 -> 0
D116: MEMORIA DE CALCULO
D117: PROYECTO: | E117: =+[1]PRESUPUESTO!$A$2 -> OBJETO: MEJORAMIENTO Y ADECUACIÓN DE LAS VIAS URBANAS DEL MUNICIPIO DE SANTA FE DE ANTIOQUIA | I117: FECHA
D119: =+[1]PRESUPUESTO!$A$2 -> OBJETO: MEJORAMIENTO Y ADECUACIÓN DE LAS VIAS URBANAS DEL MUNICIPIO DE SANTA FE DE ANTIOQUIA
B123: ÍTEM | C123: 2.4 | D123: DESCRIPCIÓN | E123: =+VLOOKUP(C123,[1]PRESUPUESTO!$A$5:$C$30,2,) -> Cargue, transporte y botada de material proveniente de las excavaciones y demoliciones. Hasta el sitio que indique la interventoria. | F123: UNIDAD | G123: =+VLOOKUP(C123,[1]PRESUPUESTO!$A$5:$C$30,3,) -> m³ | H123: =+VLOOKUP(F123,[1]PRESUPUESTO!$A$5:$C$30,2,) -> #N/A | I123: CANTIDAD TOTAL | L123: =SUM(L126:L163) -> 276.969
E124: Detalle | F124: Dimensiones | K124: Número de elementos | L124: Total
F125: Longitud y area (m)(m2) | G125: Ancho (m) | H125: Alto (m) | I125: Espesor (m) | J125: Volumen Total
E126: AREAS Y LONGITUDES TOMASDAS DE PLANO TOPOGRAFICO
E127: vía | F127: =+O9 -> 84.7 | G127: =+P9 -> 6 | H127: 0.5 | J127: =F127*H127*G127 -> 254.1 | K127: 1 | L127: =J127 -> 254.1
E128: ANDEN | F128: =+O12 -> 84.7 | G128: =+P12 -> 1.4 | H128: 0.15 | J128: =F128*H128 -> 12.705 | K128: 1 | L128: =J128 -> 12.705
E129: SUMIDEROS | F129: 0 | H129: =H44 -> 0.9 | J129: =F129*H129*G129 -> 0 | K129: =L508 -> 0 | L129: =J129*K129 -> 0
E130: CUNETA | F130: =+O10 -> 0 | G130: 0.5 | H130: 0.2 | J130: =F130*H130*G130 -> 0 | K130: 1 | L130: =J130*K130 -> 0
E131: BORDILLO | F131: =+O11 -> 169.4 | G131: 0.2 | H131: 0.3 | J131: =F131*H131*G131 -> 10.164 | K131: 1 | L131: =J131*K131 -> 10.164
E132: DEMOLICIÓN | I132: 0.3 | J132: =F132*G132*I132 -> 0 | L132: =J132 -> 0
L133: =J133 -> 0
L134: =J134 -> 0
L135: =J135 -> 0
L136: =J136 -> 0
L137: =J137 -> 0
L138: =J138 -> 0
L139: =J139 -> 0
L140: =J140 -> 0
L141: =J141 -> 0
L142: =J142 -> 0
L143: =J143 -> 0
L144: =J144 -> 0
... L163: =J163 -> 0
D165: MEMORIA DE CALCULO
D166: PROYECTO: | E166: =+[1]PRESUPUESTO!$A$2 -> OBJETO: MEJORAMIENTO Y ADECUACIÓN DE LAS VIAS URBANAS DEL MUNICIPIO DE SANTA FE DE ANTIOQUIA | I166: FECHA
D168: =+[1]PRESUPUESTO!$A$2 -> OBJETO: MEJORAMIENTO Y ADECUACIÓN DE LAS VIAS URBANAS DEL MUNICIPIO DE SANTA FE DE ANTIOQUIA
B172: ÍTEM | C172: 2.5 | D172: DESCRIPCIÓN | E172: =+VLOOKUP(C172,[1]PRESUPUESTO!$A$5:$C$30,2,) -> Confomacion de calzada existente despues de cajeo y al final de instalacio estructura pavimento | F172: UNIDAD | G172: =+VLOOKUP(C172,[1]PRESUPUESTO!$A$5:$C$30,3,) -> m2 | H172: =+VLOOKUP(F172,[1]PRESUPUESTO!$A$5:$C$30,2,) -> #N/A | I172: CANTIDAD TOTAL | L172: =SUM(L175:L191) -> 508.2
...

Sheet ACERO CUNETA
C1: =+P!A1 -> PRESUPUESTO GENERAL
C2: MEMORIAS DE CALCULO
A3: ITEM No. | B3: UNIDAD | C3: DESCRIPCIÓN | M3: FECHA
A4: =+PRESUPUESTO!#REF! -> #REF! | B4: =+PRESUPUESTO!#REF! -> #REF! | C4: =+PRESUPUESTO!#REF! -> #REF! | M4: Longitud total cuneta [m] | N4: 100
A5: ÁREA O LUGAR ESPECIFICO | C5: DIMENSIONES | G5: 0.25 | H5: 0.375 | I5: 0.5 | J5: 0.625 | K5: 0.75 | L5: 0.875 | M5: 1 | N5: 1.25
C6: DIAMETRO | D6: LONGITUD | E6: CANT. BARRAS | F6: CANT. ELEMENTOS | G6: 0.25 | H6: 0.56 | I6: 0.994 | J6: 1.552 | K6: 2.235 | L6: 3.042 | M6: 3.973 | N6: 6.404
A7: Acero longitudinal | C7: 0.5 | D7: =N4 -> 100 | E7: 5 | F7: ='MEMORIA DE CALCULO'!K400 -> 1 | G7: =IF($C7=G$5,G$6*$E7*$D7*$F7,"") | H7: =IF($C7=H$5,H$6*$E7*$D7*$F7,"") | I7: =IF($C7=I$5,I$6*$E7*$D7*$F7,"") -> 497 | J7: =IF($C7=J$5,J$6*$E7*$D7*$F7,"") | K7: =IF($C7=K$5,K$6*$E7*$D7*$F7,"") | L7: =IF($C7=L$5,L$6*$E7*$D7*$F7,"") | M7: =IF($C7=M$5,M$6*$E7*$D7*$F7,"") | N7: =IF($C7=N$5,N$6*$E7*$D7*$F7,"")
A8: Acero Tralaspos longitudinal | C8: 0.5 | D8: 0.6 | E8: =+(D7/6+1)*E7 -> 88.333333 | F8: =F7 -> 1 | G8: =IF($C8=G$5,G$6*$E8*$D8*$F8,"") | H8: =IF($C8=H$5,H$6*$E8*$D8*$F8,"") | I8: =IF($C8=I$5,I$6*$E8*$D8*$F8,"") -> 52.682 | J8: =IF($C8=J$5,J$6*$E8*$D8*$F8,"") | K8: =IF($C8=K$5,K$6*$E8*$D8*$F8,"") | L8: =IF($C8=L$5,L$6*$E8*$D8*$F8,"") | M8: =IF($C8=M$5,M$6*$E8*$D8*$F8,"") | N8: =IF($C8=N$5,N$6*$E8*$D8*$F8,"")
A9: Acero transversal | C9: 0.375 | D9: 0.7 | E9: =+N4/0.15+1 -> 667.66667 | F9: =F8 -> 1 | G9: =IF($C9=G$5,G$6*$E9*$D9*$F9,"") | H9: =IF($C9=H$5,H$6*$E9*$D9*$F9,"") -> 261.72533 | J9: =IF($C9=J$5,J$6*$E9*$D9*$F9,"") | K9: =IF($C9=K$5,K$6*$E9*$D9*$F9,"") | L9: =IF($C9=L$5,L$6*$E9*$D9*$F9,"") | M9: =IF($C9=M$5,M$6*$E9*$D9*$F9,"") | N9: =IF($C9=N$5,N$6*$E9*$D9*$F9,"")
A10: Acero transversal | C10: 0.375 | D10: 0.6 | E10: =+N4/0.15 -> 666.66667 | F10: =F9 -> 1 | G10: =IF($C10=G$5,G$6*$E10*$D10*$F10,"") | H10: =IF($C10=H$5,H$6*$E10*$D10*$F10,"") -> 224 | J10: =IF($C10=J$5,J$6*$E10*$D10*$F10,"") | K10: =IF($C10=K$5,K$6*$E10*$D10*$F10,"") | L10: =IF($C10=L$5,L$6*$E10*$D10*$F10,"") | M10: =IF($C10=M$5,M$6*$E10*$D10*$F10,"") | N10: =IF($C10=N$5,N$6*$E10*$D10*$F10,"")
A11: =CONCATENATE("SUBTOTAL ",A7,":") -> SUBTOTAL Acero longitudinal: | E11: =SUM(G11:N11) -> 1035.4073 | G11: =IF(SUM(G7:G10)=0,"",SUM(G7:G10)) | H11: =IF(SUM(H7:H10)=0,"",SUM(H7:H10)) -> 485.72533 | I11: =IF(SUM(I7:I10)=0,"",SUM(I7:I10)) -> 549.682 | J11: =IF(SUM(J7:J10)=0,"",SUM(J7:J10)) | K11: =IF(SUM(K7:K10)=0,"",SUM(K7:K10)) | L11: =IF(SUM(L7:L10)=0,"",SUM(L7:L10)) | M11: =IF(SUM(M7:M10)=0,"",SUM(M7:M10)) | N11: =IF(SUM(N7:N10)=0,"",SUM(N7:N10))
E21: =140*2.5 -> 350

Sheet ACERO
E3: =+PRESUPUESTO!A2 -> OBJETO: MEJORAMIENTO Y ADECUACIÓN DE LAS VIAS URBANAS DEL MUNICIPIO DE SANTA FE DE ANTIOQUIA
E4: MEMORIAS DE CALCULO ACERO SUMIDEROS
C5: ITEM No. | D5: UNIDAD | E5: DESCRIPCIÓN | O5: FECHA
C6: =+PRESUPUESTO!#REF! -> #REF! | D6: =+PRESUPUESTO!#REF! -> #REF! | E6: =+PRESUPUESTO!#REF! -> #REF!
C7: ÁREA O LUGAR ESPECIFICO | E7: DIMENSIONES | I7: 0.25 | J7: 0.375 | K7: 0.5 | L7: 0.625 | M7: 0.75 | N7: 0.875 | O7: 1 | P7: 1.25
E8: DIAMETRO | F8: LONGITUD | G8: CANT. BARRAS | H8: CANT. ELEMENTOS | I8: 0.25 | J8: 0.56 | K8: 0.994 | L8: 1.552 | M8: 2.235 | N8: 3.042 | O8: 3.973 | P8: 6.404
C9: Refuerzo longitudinal | E9: 0.375 | F9: =1.05*2+0.75*2+0.16 -> 3.76 | G9: 7 | H9: 0 | I9: =IF($Q9=I$6,I$7*$S9*$R9*$T9,"") -> 0 | J9: =IF(E9=J7,F9*G9*H9*$J$8,"") -> 0 | K9: =IF($Q9=K$6,K$7*$S9*$R9*$T9,"") -> 0 | L9: =IF($Q9=L$6,L$7*$S9*$R9*$T9,"") -> 0 | M9: =IF($Q9=M$6,M$7*$S9*$R9*$T9,"") -> 0 | N9: =IF($Q9=N$6,N$7*$S9*$R9*$T9,"") -> 0 | O9: =IF($Q9=O$6,O$7*$S9*$R9*$T9,"") -> 0 | P9: =IF($Q9=P$6,P$7*$S9*$R9*$T9,"") -> 0
C10: Refuerzo longitudinal | E10: 0.375 | F10: =0.75*3+0.16*2 -> 2.57 | G10: 7 | H10: =+H9 -> 0 | I10: =IF($Q10=I$6,I$7*$S10*$R10*$T10,"") -> 0 | J10: =IF(E10=$J$7,F10*G10*H10*$J$8,"") -> 0 | K10: =IF($Q10=K$6,K$7*$S10*$R10*$T10,"") -> 0 | L10: =IF($Q10=L$6,L$7*$S10*$R10*$T10,"") -> 0 | M10: =IF($Q10=M$6,M$7*$S10*$R10*$T10,"") -> 0 | N10: =IF($Q10=N$6,N$7*$S10*$R10*$T10,"") -> 0 | O10: =IF($Q10=O$6,O$7*$S10*$R10*$T10,"") -> 0 | P10: =IF($Q10=P$6,P$7*$S10*$R10*$T10,"") -> 0
C11: Refuerzo Transversal | E11: 0.375 | F11: =1.05*2+0.75*3+0.26*2 -> 4.87 | G11: 7 | H11: =+H10 -> 0 | I11: =IF($Q11=I$6,I$7*$S11*$R11*$T11,"") -> 0 | J11: =IF(E11=$J$7,F11*G11*H11*$J$8,"") -> 0 | K11: =IF($Q11=K$6,K$7*$S11*$R11*$T11,"") -> 0 | L11: =IF($Q11=L$6,L$7*$S11*$R11*$T11,"") -> 0 | M11: =IF($Q11=M$6,M$7*$S11*$R11*$T11,"") -> 0 | N11: =IF($Q11=N$6,N$7*$S11*$R11*$T11,"") -> 0 | O11: =IF($Q11=O$6,O$7*$S11*$R11*$T11,"") -> 0 | P11: =IF($Q11=P$6,P$7*$S11*$R11*$T11,"") -> 0
C12: Refuerzo longitudinal | E12: 0.375 | F12: =0.75*2+0.45*2+0.16 -> 2.56 | G12: 8 | H12: =+H11 -> 0 | I12: =IF($Q12=I$6,I$7*$S12*$R12*$T12,"") -> 0 | J12: =IF(E12=$J$7,F12*G12*H12*$J$8,"") -> 0 | K12: =IF($Q12=K$6,K$7*$S12*$R12*$T12,"") -> 0 | L12: =IF($Q12=L$6,L$7*$S12*$R12*$T12,"") -> 0 | M12: =IF($Q12=M$6,M$7*$S12*$R12*$T12,"") -> 0 | N12: =IF($Q12=N$6,N$7*$S12*$R12*$T12,"") -> 0 | O12: =IF($Q12=O$6,O$7*$S12*$R12*$T12,"") -> 0 | P12: =IF($Q12=P$6,P$7*$S12*$R12*$T12,"") -> 0
C13: Refuerzo longitudinal | E13: 0.375 | F13: =0.7*2+0.45+0.16*2 -> 2.17 | G13: 8 | H13: =+H12 -> 0 | I13: =IF($Q13=I$6,I$7*$S13*$R13*$T13,"") -> 0 | J13: =IF(E13=$J$7,F13*G13*H13*$J$8,"") -> 0 | K13: =IF($Q13=K$6,K$7*$S13*$R13*$T13,"") -> 0 | L13: =IF($Q13=L$6,L$7*$S13*$R13*$T13,"") -> 0 | M13: =IF($Q13=M$6,M$7*$S13*$R13*$T13,"") -> 0 | N13: =IF($Q13=N$6,N$7*$S13*$R13*$T13,"") -> 0 | O13: =IF($Q13=O$6,O$7*$S13*$R13*$T13,"") -> 0 | P13: =IF($Q13=P$6,P$7*$S13*$R13*$T13,"") -> 0
C14: Refuerzo Transversal | E14: 0.375 | F14: =0.75*3+0.45*2+0.26*2 -> 3.67 | G14: 7 | H14: =+H13 -> 0 | I14: =IF($Q14=I$6,I$7*$S14*$R14*$T14,"") -> 0 | J14: =IF(E14=$J$7,F14*G14*H14*$J$8,"") -> 0 | K14: =IF($Q14=K$6,K$7*$S14*$R14*$T14,"") -> 0 | L14: =IF($Q14=L$6,L$7*$S14*$R14*$T14,"") -> 0 | M14: =IF($Q14=M$6,M$7*$S14*$R14*$T14,"") -> 0 | N14: =IF($Q14=N$6,N$7*$S14*$R14*$T14,"") -> 0 | O14: =IF($Q14=O$6,O$7*$S14*$R14*$T14,"") -> 0 | P14: =IF($Q14=P$6,P$7*$S14*$R14*$T14,"") -> 0
I15: =IF($Q15=I$6,I$7*$S15*$R15*$T15,"") -> 0 | J15: =IF($Q15=J$6,J$7*$S15*$R15*$T15,"") -> 0 | L15: =IF($Q15=L$6,L$7*$S15*$R15*$T15,"") -> 0 | M15: =IF($Q15=M$6,M$7*$S15*$R15*$T15,"") -> 0 | N15: =IF($Q15=N$6,N$7*$S15*$R15*$T15,"") -> 0 | O15: =IF($Q15=O$6,O$7*$S15*$R15*$T15,"") -> 0 | P15: =IF($Q15=P$6,P$7*$S15*$R15*$T15,"") -> 0
C17: =CONCATENATE("SUBTOTAL ",C9,":") -> SUBTOTAL Refuerzo longitudinal : | G17: =SUM(I17:P17) -> 0 | I17: =IF(SUM(I9:I16)=0,"",SUM(I9:I16)) | J17: =IF(SUM(J9:J16)=0,"",SUM(J9:J16)) | K17: =IF(SUM(K9:K16)=0,"",SUM(K9:K16)) | L17: =IF(SUM(L9:L16)=0,"",SUM(L9:L16)) | M17: =IF(SUM(M9:M16)=0,"",SUM(M9:M16)) | N17: =IF(SUM(N9:N16)=0,"",SUM(N9:N16)) | O17: =IF(SUM(O9:O16)=0,"",SUM(O9:O16)) | P17: =IF(SUM(P9:P16)=0,"",SUM(P9:P16))
E20: =E3 -> OBJETO: MEJORAMIENTO Y ADECUACIÓN DE LAS VIAS URBANAS DEL MUNICIPIO DE SANTA FE DE ANTIOQUIA
E21: MEMORIAS DE CALCULO ACERO LOSA, CABEZOTE, CANALES
C22: ITEM No. | D22: UNIDAD | E22: DESCRIPCIÓN | O22: FECHA
C23: =C6 -> #REF! | D23: =D6 -> #REF! | E23: =E6 -> #REF!
C24: ÁREA O LUGAR ESPECIFICO | E24: DIMENSIONES | I24: 0.25 | J24: 0.375 | K24: 0.5 | L24: 0.625 | M24: 0.75 | N24: 0.875 | O24: 1 | P24: 1.25
E25: DIAMETRO | F25: LONGITUD | G25: CANT. BARRAS | H25: CANT. ELEMENTOS | I25: 0.25 | J25: 0.56 | K25: 0.994 | L25: 1.552 | M25: 2.235 | N25: 3.042 | O25: 3.973 | P25: 6.404
C26: Refuerzo longitudinal | E26: 0.375 | F26: =(1.05*2+0.8) -> 2.9 | G26: 10 | H26: 0 | I26: =IF($Q26=I$6,I$7*$S26*$R26*$T26,"") -> 0 | J26: =IF(E26=J24,F26*G26*H26*$J$8,"") -> 0 | K26: =IF($Q26=K$6,K$7*$S26*$R26*$T26,"") -> 0 | L26: =IF($Q26=L$6,L$7*$S26*$R26*$T26,"") -> 0 | M26: =IF($Q26=M$6,M$7*$S26*$R26*$T26,"") -> 0 | N26: =IF($Q26=N$6,N$7*$S26*$R26*$T26,"") -> 0 | O26: =IF($Q26=O$6,O$7*$S26*$R26*$T26,"") -> 0 | P26: =IF($Q26=P$6,P$7*$S26*$R26*$T26,"") -> 0
C27: Refuerzo Transversal | E27: 0.375 | F27: =0.8*2 -> 1.6 | G27: =((F26)/0.2+1)*2 -> 31 | H27: =+H26 -> 0 | I27: =IF($Q27=I$6,I$7*$S27*$R27*$T27,"") -> 0 | J27: =IF(E27=$J$7,F27*G27*H27*$J$8,"") -> 0 | K27: =IF($Q27=K$6,K$7*$S27*$R27*$T27,"") -> 0 | L27: =IF($Q27=L$6,L$7*$S27*$R27*$T27,"") -> 0 | M27: =IF($Q27=M$6,M$7*$S27*$R27*$T27,"") -> 0 | N27: =IF($Q27=N$6,N$7*$S27*$R27*$T27,"") -> 0 | O27: =IF($Q27=O$6,O$7*$S27*$R27*$T27,"") -> 0 | P27: =IF($Q27=P$6,P$7*$S27*$R27*$T27,"") -> 0
C28: Refuerzo longitudinal | E28: 0.375 | F28: =4*0.35 -> 1.4 | G28: 10 | H28: =+H27 -> 0 | I28: =IF($Q28=I$6,I$7*$S28*$R28*$T28,"") -> 0 | J28: =IF(E28=$J$7,F28*G28*H28*$J$8,"") -> 0 | K28: =IF($Q28=K$6,K$7*$S28*$R28*$T28,"") -> 0 | L28: =IF($Q28=L$6,L$7*$S28*$R28*$T28,"") -> 0 | M28: =IF($Q28=M$6,M$7*$S28*$R28*$T28,"") -> 0 | N28: =IF($Q28=N$6,N$7*$S28*$R28*$T28,"") -> 0 | O28: =IF($Q28=O$6,O$7*$S28*$R28*$T28,"") -> 0 | P28: =IF($Q28=P$6,P$7*$S28*$R28*$T28,"") -> 0
C29: Refuerzo Transversal | E29: 0.375 | F29: =0.7*4*3 -> 8.4 | G29: 8 | H29: =+H28 -> 0 | I29: =IF($Q29=I$6,I$7*$S29*$R29*$T29,"") -> 0 | J29: =IF(E29=$J$7,F29*G29*H29*$J$8,"") -> 0 | K29: =IF($Q29=K$6,K$7*$S29*$R29*$T29,"") -> 0 | L29: =IF($Q29=L$6,L$7*$S29*$R29*$T29,"") -> 0 | M29: =IF($Q29=M$6,M$7*$S29*$R29*$T29,"") -> 0 | N29: =IF($Q29=N$6,N$7*$S29*$R29*$T29,"") -> 0 | O29: =IF($Q29=O$6,O$7*$S29*$R29*$T29,"") -> 0 | P29: =IF($Q29=P$6,P$7*$S29*$R29*$T29,"") -> 0
C34: =CONCATENATE("SUBTOTAL ",C26,":") -> SUBTOTAL Refuerzo longitudinal : | G34: =SUM(I34:P34) -> 0 | I34: =IF(SUM(I26:I33)=0,"",SUM(I26:I33)) | J34: =IF(SUM(J26:J33)=0,"",SUM(J26:J33)) | K34: =IF(SUM(K26:K33)=0,"",SUM(K26:K33)) | L34: =IF(SUM(L26:L33)=0,"",SUM(L26:L33)) | M34: =IF(SUM(M26:M33)=0,"",SUM(M26:M33)) | N34: =IF(SUM(N26:N33)=0,"",SUM(N26:N33)) | O34: =IF(SUM(O26:O33)=0,"",SUM(O26:O33)) | P34: =IF(SUM(P26:P33)=0,"",SUM(P26:P33))

Sheet AU
B2: =+PRESUPUESTO!A2 -> OBJETO: MEJORAMIENTO Y ADECUACIÓN DE LAS VIAS URBANAS DEL MUNICIPIO DE SANTA FE DE ANTIOQUIA
B4: DISCRIMINACION DEL AU
B5: N° | C5: DESCRIPCIÓN | D5: CANT | E5: VALOR MENSUAL | F5: PRESTAC. SOCIALES | G5: DEDICA-CION % | H5: PLAZO - MESES | I5: VALOR PARCIAL
B6: 1 | C6: COSTOS DE PERSONAL | I6: =IFERROR(SUM(I7:I17)/2,0) -> 12921000
B7: 1.1 | C7: PERSONAL PROFESIONAL (LICENCIAS) | I7: =IFERROR(SUM(I8:I9),0) -> 0
B8: 1,1,1 | C8: Profesional Director (licencia y permiso) | E8: =+'[2]Personal profesional - técnico'!D8 -> 11242000 | F8: =+ROUND(HLOOKUP(E8,#REF!,34,0),2) -> #REF! | G8: 0.1 | I8: =IFERROR(ROUND(D8*E8*F8*G8*H8,0),0) -> 0
B9: 1,1,2 | C9: Profesional Residente Ambiental.Profesional Pregrado 2 (licencia y permiso) | E9: =+'[2]Personal profesional - técnico'!D12 -> 5940000 | F9: =+ROUND(HLOOKUP(E9,#REF!,34,0),2) -> #REF! | G9: 0.2 | I9: =IFERROR(ROUND(D9*E9*F9*G9*H9,0),0) -> 0
C10: PERSONAL PROFESIONAL | I10: =IFERROR(SUM(I11:I16),0) -> 12921000 | L10: TIEMPO DE EJE.
B11: 1,1,1 | C11: Profesional Director 1 | D11: 1 | E11: 6000000 | F11: 1.46 | G11: 0.1 | H11: 1.5 | I11: =IFERROR(ROUND(D11*E11*F11*G11*H11,0),0) -> 1314000 | J11: Ver hoja Personal profesional - técnico | K11: INGRESAR CANTIDAD DE PERSONAS Y PLAZO DEL CONTRATO | L11: =+H11+H8 -> 1.5
B12: 1,1,2 | C12: Especialista en Geotecnia vial y pavimentos | E12: =+'[2]Personal profesional - técnico'!D10 -> 7446000 | F12: =+ROUND(VLOOKUP(E12,'PERSONAL PROFESIONAL-TECNICO'!$D$7:$E$22,2,0),2) -> #N/A | G12: 0.2 | H12: =H11 -> 1.5 | I12: =IFERROR(ROUND(D12*E12*F12*G12*H12,0),0) -> 0
B13: 1,1,3 | C13: Profesional Residente de obra. Profesional pregrado 1 (Residente de costos-Programación) | D13: 1 | E13: 5000000 | F13: 1.46 | G13: 1 | H13: 1.5 | I13: =IFERROR(ROUND(D13*E13*F13*G13*H13,0),0) -> 10950000
B14: 1,1,4 | C14: Profesional Residente de obra. Profesional pregrado 2 (Residente de costos-Programación) | E14: =+'[2]Personal profesional - técnico'!D12 -> 5940000 | F14: =+ROUND(VLOOKUP(E14,'PERSONAL PROFESIONAL-TECNICO'!$D$7:$E$22,2,0),2) -> #N/A | G14: 1 | H14: =H12 -> 1.5 | I14: =IFERROR(ROUND(D14*E14*F14*G14*H14,0),0) -> 0
B15: 1,1,5 | C15: tecnico sisoma | D15: 1 | E15: 3000000 | F15: 1.46 | G15: 0.1 | H15: =H11 -> 1.5 | I15: =IFERROR(ROUND(D15*E15*F15*G15*H15,0),0) -> 657000
B16: 1,1,11 | C16: Tecnologo (a) SISO. Tecnólogo 2 | E16: =+'[2]Personal profesional - técnico'!D16 -> 3614000 | F16: =+ROUND('[2]Factor Prestacional 2023'!U37/100%,2) -> 1.46 | G16: 1 | H16: =H11 -> 1.5 | I16: =IFERROR(ROUND(D16*E16*F16*G16*H16,0),0) -> 0
B17: 1,2,5 | C17: Ayudante (celaduria) | E17: =+'[2]Personal profesional - técnico'!D24 -> 1462000 | F17: =+ROUND('[2]Factor Prestacional 2023'!E37/100%,2) -> 1.48 | G17: 1 | H17: =H13 -> 1.5 | I17: =IFERROR(ROUND(D17*E17*F17*G17*H17,0),0) -> 0
B18: 5.2 | C18: Moto Alquiler modelo 2017 o superior - tarifa de alquiler | E18: =+'[2]Gastos administrativos'!E35 -> 504515 | F18: 1 | G18: 1 | H18: =+#REF! -> #REF! | I18: =IFERROR(ROUND(D18*E18*F18*G18*H18,0),0) -> 0 | K18: Revisar soporte por si hay consulta. Tratarlo como reconocimiento
B19: 6 | C19: ENSAYOS DE LABORATORIO | I19: =SUM(I20:I24) -> 870378
B20: 6.01 | C20: Densidad de compactación del suelo en campo, método del cono de arena | D20: 3 | E20: =+IFERROR(VLOOKUP(C20,'ENSAYOS DE LABORATORIO'!$A$12:$B$48,2,FALSE),"") -> unidad | F20: =+IFERROR(VLOOKUP(C20,'ENSAYOS DE LABORATORIO'!$A$12:$E$48,4,FALSE),"") -> 90000 | I20: =IFERROR(ROUND(D20*F20,0),0) -> 270000 | J20: Verificar los ensayos y su cantidad
B21: 6.02 | C21: Relación de Soporte del Suelo en el laboratorio (CBR en el laboratorio) muestras inalteradas | D21: 2 | E21: =+IFERROR(VLOOKUP(C21,'ENSAYOS DE LABORATORIO'!$A$12:$B$48,2,FALSE),"") -> unidad | F21: =+IFERROR(VLOOKUP(C21,'ENSAYOS DE LABORATORIO'!$A$12:$E$48,4,FALSE),"") -> 182022 | I21: =IFERROR(ROUND(D21*F21,0),0) -> 364044
B22: 6.03 | C22: Diseños de mezcla para una resistencia determinada (Incluye ensayos a agregados y verificación de resistencia) | E22: =+IFERROR(VLOOKUP(C22,'ENSAYOS DE LABORATORIO'!$A$12:$B$48,2,FALSE),"") -> unidad | F22: =+IFERROR(VLOOKUP(C22,'ENSAYOS DE LABORATORIO'!$A$12:$E$48,4,FALSE),"") -> 993257 | I22: =IFERROR(ROUND(D22*F22,0),0) -> 0
B23: 6.04 | C23: Compactación, densidad, estabilidad y flujo por briqueta para asfaltos | D23: 2 | E23: =+IFERROR(VLOOKUP(C23,'ENSAYOS DE LABORATORIO'!$A$12:$B$48,2,FALSE),"") -> unidad | F23: =+IFERROR(VLOOKUP(C23,'ENSAYOS DE LABORATORIO'!$A$12:$E$48,4,FALSE),"") -> 98532 | I23: =IFERROR(ROUND(D23*F23,0),0) -> 197064
B24: 6.06 | C24: Resistencia a la compresión de cilindros de concreto (método normal) | D24: 5 | E24: =+IFERROR(VLOOKUP(C24,'ENSAYOS DE LABORATORIO'!$A$12:$B$48,2,FALSE),"") -> unidad | F24: =+IFERROR(VLOOKUP(C24,'ENSAYOS DE LABORATORIO'!$A$12:$E$48,4,FALSE),"") -> 7854 | I24: =IFERROR(ROUND(D24*F24,0),0) -> 39270
B25: 8 | C25: GASTOS DE LEGALIZACION DE CONTRATOS | I25: =SUM(I26:I26) -> 49909313
B26: 8.1 | C26: Otros costos indirectos | I26: =+'LEGALIZACION OBRA'!F15 -> 49909313 | J26: Ver hoja Obra_Legalización
C27: SUBTOTAL DE COSTOS DE ADMINISTRACIÓN | I27: =ROUND(I6+I19+I25,0) -> 63700691 | K27: Chequeos
B28: COSTO DIRECTO DE OBRA | I28: =+PRESUPUESTO!F19 -> 224666984 | K28: =IFERROR(I27/I28,0) -> 0.28353383 | L28: =IFERROR(ROUND(I28/I27,4),0) -> 3.5269
B29: ADMINISTRACIÓN | I29: =IFERROR(ROUND(I27/I28,4),0) -> 0.2835 | J29: =ROUND(I28*I29,0) -> 63693090 | K29: =+I27-J29 -> 7601
B30: IMPREVISTOS | I30: =+'[2]Ppto TIPO'!K290 -> 0 | J30: =ROUND(I30*I28,0) -> 0 | K30: Verificar. Referencia: 2%
B31: UTILIDAD | I31: =+PRESUPUESTO!E21 -> 0.05 | J31: =ROUND((I31*I28),0) -> 11233349 | K31: Verificar. Referencia: 5%
B32: SUBTOTAL A.I.U. | I32: =SUM(I29:I31) -> 0.3335 | J32: =SUM(J29:J31) -> 74926439
C33: TOTAL COSTO DIRECTO + A.I.U. | I33: =+I28+J32 -> 299593423 | K33: =+'[2]Ppto TIPO'!$K$267 -> 7136470891 | L33: =+K33-I33 -> 6836877468
B34: PLAN DE MANEJO AMBIENTAL, SOCIAL Y SST (PMA-PS-PSST) (Incluye IVA) | D34: estimado | I34: ='[2]Ppto TIPO'!K271 -> 151243965
B35: PLAN DE MANEJO DE TRANSITO (PMT) (Incluye IVA) | D35: estimado | I35: =+'[2]Ppto TIPO'!K272 -> 76963363
B36: =+'[2]Ppto TIPO'!G273 -> LICENCIAS Y PERMISOS | D36: estimado | I36: =+'[2]Ppto TIPO'!K273 -> 31929560
B37: PROVISIÓN PARA EL PAGO DE PRIMAS DE GARANTÍAS | D37: estimado | I37: =+'[2]Ppto TIPO'!K274 -> 41632903 | K37: =+I28/I27 -> 3.526916
B38: DISEÑOS, AJUSTES A DISEÑOS, LICENCIAS Y PERMISOS (Incluye IVA) | D38: estimado | I38: =+'[2]Ppto TIPO'!K275 -> 115269000
B39: ACTUALIZACION DE PRECIOS | D39: estimado | I39: =+'[2]Ppto TIPO'!K276 -> 108510129
B40: CARACTERIZACIÓN VIAL (Incluye IVA) | D40: Km | G40: 44 | H40: =+'[2]APU CARACTERIZACION VIAL'!I24 -> 1236725 | I40: =ROUND(G40*H40,0) -> 54415900
B41: GEORREFERENCIACIÓN (Incluye IVA) | D41: UND | I41: =ROUND(G41*H41,0) -> 0
C42: VALOR DEL CONTRATO (COSTO DIRECTO + AIU + PMA +PS + PSST + PMT + PAPSO + PROVISÓN PARA PÓLIZAS + DISEÑOS, AJUSTES A DISEÑOS, LICENCIAS Y PERMISOS + CARACTERIZACIÓN VIAL + GEORREFERENCIACIÓN (sin IVA)) PARA IMPUESTOS | H42: =IFERROR(I33+ROUND((I34+I35+I36+I37+I38),0)+ROUND((H40*G40+H41*G41),0),0) -> 771048114 | J42: Chequeos
C43: VALOR DEL CONTRATO (COSTO DIRECTO + AIU + PMA +PS + PSST + PMT + PAPSO + PROVISÓN PARA PÓLIZAS + DISEÑOS, AJUSTES A DISEÑOS, LICENCIAS Y PERMISOS + CARACTERIZACIÓN VIAL + GEORREFERENCIACIÓN) | I43: =SUM(I33:I41) -> 879558243 | J43: =+'[2]Ppto TIPO'!K280 -> 7716435711 | K43: =+J43-I43 -> 6836877468
B45: NOTAS:
B46: * Solo se pagaran los Gastos de viaje causados dentro de la zona de intervención del proyecto | J46: =+I29-30% -> -0.0165
B47: Los Valores subrayados"Estimados" son inmodificables, corresponden a montos estimados con los cuales se atenderán las actividades correspondientes.
B48: El valor de tarifa mensual corresponde a la base de datos de la Secretaría de Infraestructura Fisica
B49: EL CONTRATISTA asumirá por su cuenta todos los tributos (impuestos, tasas, contribuciones, contribuciones especiales, estampillas), cuando la ley lo señale y demás que estén dentro de los elementos de la obligación tributaria y acatando las directrices dadas mediante concepto 3397 de 22 de enero de 2014, de la Dirección de Impuestos y Aduanas Nacionales – DIAN- y las del comité de Orientación y Seguimiento en Contratación del Departamento de Antioquia, conservando el derecho el contratista de aplicar la deducibilidad de impuestos enunciados en Artículo 107 y 115 del Estatuto Tributario.
J53: =+I25-J55 -> -16659909
J55: 66569222

Sheet PAGA-GS-SST
A2: =+TRANSPORTES!B2 -> OBJETO: MEJORAMIENTO Y ADECUACIÓN DE LAS VIAS URBANAS DEL MUNICIPIO DE SANTA FE DE ANTIOQUIA
A4: INVERSIÓN AMBIENTAL, SOCIAL Y SST
A5: DESCRIPCIÓN | B5: UND | C5: CANT | D5: VALOR UNITÁRIO | F5: VALOR PARCIAL | G5: OBSERVACIONES
A6: 1. GESTIÓN SOCIAL
A7: 1.1. Programa para la Protección de la Infraestructura Social y Comunitaria (Programa Atención y Participación Comunitaria)
A8: Reuniones con comunidad. (Inicio, avance y fin de obra) - Incluye refrigerios para 50 personas y alquiler de videobeam. | B8: Un | C8: 0 | D8: 650000 | F8: =+D8*C8 -> 0
A9: Reuniones con el Comité de Participación Comunitaria - CPC - (Incluye alquiler de videobeam y refrigerio para 20 personas ) | B9: Un | C9: 0 | D9: 380000 | F9: =+D9*C9 -> 0 | G9: Por el tiempo de ejecución de la obra no se conformara CPC y se informara de los avances a la comunidad en las reuniones de inicio, avance y finalización de la obra
A10: 1.2. Programa para la protección del patrimonio arqueológico y cultural
A11: Implementación plan de arqueología | B11: Un | C11: 0 | F11: =C11*D11 -> 0
A13: Jornadas de apropiación de la nueva infraestructura (Espacios de integración comunitaria para adelantar procesos de información del proyecto) | B13: Un | C13: 0 | D13: 7889177 | F13: =D13*C13 -> 0
A14: Activaciones artísticas, lúdicas, recreativas y culturales | B14: Un | C14: 0 | D14: 4104652 | F14: =D14*C14 -> 0
A15: Talleres ambientales (Beneficios ambientales, sensibilización a los participantes frente a la importancia de potenciar y preservar las especies nativas existentes en el territorio). | B15: Un | C15: 0 | D15: 4199270 | F15: =D15*C15 -> 0
A16: Recorridos pedagógicos por zonas de interés ambiental o cultural en el territorio. | B16: Un | C16: 0 | D16: 3489025 | F16: =D16*C16 -> 0
A17: Jornadas de formación con la comunidad orientadas en la estrategia de la Red de Buenos Vecinos para la promoción de las buenas prácticas para el cuidado de las vías. | B17: Un | C17: 0 | D17: 11673700 | F17: =D17*C17 -> 0
A18: 1.4. Información y divulgación
A19: Productos de litografía: afiches, volantes, plegables, formatos. | B19: Un | C19: 0 | D19: 436 | F19: =C19*D19 -> 0
A20: Buzón PQRS en acrílico según diseño suministrado por la entidad (0,35m*0,45m) | B20: Un | C20: 0 | D20: 99717 | F20: =C20*D20 -> 0
A21: Cuñas radiales | B21: Un | C21: 0 | D21: 10474 | F21: =+D21*C21 -> 0 | G21: Se usarán para la invitación a socializaciones de inicio, avance y cierre, así como para el manejo de tránsito.
A22: Lona para vehículo (volqueta o camión) de 1,50 x 0,80 m, impresión injekt resistente a la intemperie | B22: Un | C22: 0 | D22: 130000 | F22: =+D22*C22 -> 0 | G22: Imagen Institucional
A23: Subtotal Gestión Social | F23: =SUM(F8:F22) -> 0
A24: 2. GESTIÓN AMBIENTAL
A25: PROGRAMA 1: Desarrollo y aplicación de la gestión ambiental
A26: 1.1. Conformación de grupo de gestión ambiental | B26: Unidad | C26: Cantidad | D26: Valor unitario | E26: Plazo | F26: Valor total | G26: Observación
A27: Personal asignado a la cuadrilla ambiental y SST (Brigadista) | B27: Persona | C27: 0 | D27: ='PERSONAL PROFESIONAL-TECNICO'!D22*I112 -> 2921400 | E27: =I113 -> 2.5 | F27: =+D27*C27*E27 -> 0 | G27: Atender en obra las actividades propuestas en cada programa del PMA y SST (Brigadista). Cuadrilla conformada por mínimo dos trabajadores (con Factor Multiplicador ajustado).
A28: 1.2. Capacitación y concienciación para el personal de obra
A29: Capacitaciones personal de obra. Incluye material plegables y didáctico | B29: Un | C29: 1 | D29: 110846 | F29: =+D29*C29 -> 110846 | G29: Inducción y capacitación relativo del manejo y cuidado con la fauna silvestre, así como demás aspectos del componente ambiental del proyecto.
A30: 1.3. Cumplimiento de requerimientos legales
A31: Trámite de permisos ambientales (Aprovechamiento forestal) | B31: Un | D31: 2500000 | F31: =+D31*C31 -> 0 | G31: El valor corresponde a la evaluación de la información y respectiva visita técnica para obtener el permiso ambiental requerido ante la Autoridad Ambiental competente, en el caso que el contratista deba tramitarlo previo a la intervención. El cálculo para el costo de la evaluación, se estima con base en las escalas tarifarias establecidas por la Autoridad Ambiental, conforme Ley 633 de 2000. Cabe destacar que, son valores estimados y no exactos, ya que éstos pueden variar conforme al análisis y criterio de cada Autoridad al momento de cobrar por el servicio, por lo que se recomienda pagar contra factura expedida por la Autoridad Ambiental competente.
A32: Trámite de permisos ambientales (Ocupación de cauce) | B32: Un | D32: 1200000 | F32: =+D32*C32 -> 0 | G32: El valor corresponde a la evaluación de la información y respectiva visita técnica para obtener el permiso ambiental requerido ante la Autoridad Ambiental competente, en el caso que el contratista deba tramitarlo previo a la intervención. El cálculo para el costo de la evaluación, se estima con base en las escalas tarifarias establecidas por la Autoridad Ambiental, conforme Ley 633 de 2000. Cabe destacar que, son valores estimados y no exactos, ya que éstos pueden variar conforme al análisis y criterio de cada Autoridad al momento de cobrar por el servicio, por lo que se recomienda pagar contra factura expedida por la Autoridad Ambiental competente.
A33: Trámite de permisos ambientales (Concesión aguas) | B33: Un | D33: 1200000 | F33: =+D33*C33 -> 0
A34: Trámite de permisos ambientales (Vertimiento) | B34: Un | D34: 1200000 | F34: =+D34*C34 -> 0
A35: Control y seguimiento a permisos ambientales | B35: Un | D35: 1300000 | F35: =D35*C35 -> 0 | G35: El valor asignado cubrira gastos relacionados con la asignación del permiso por parte de la autoridad ambiental, en caso de que la misma considere un valor mayor se deberá realizar el pago contra factura.
A36: PROGRAMA 2. Actividades constructivas
A37: 2.1. Manejo integral de materiales de construcción
A38: Teleras 1,35m x 0,90 m para acopio temporal de materiales | B38: Un | C38: 3 | D38: 22143 | F38: =+D38*C38 -> 66429 | G38: Teleras empleadas en el acopio de materiales de construcción.
A39: Adecuación de instalaciones para el almacenamiento de productos químicos. | B39: m2 | C39: 1 | D39: =250000-36047 -> 213953 | F39: =+D39*C39 -> 213953 | G39: Debe cumplir con la normatividad legal vigente relacionada al tema. (seguro, ventilado, con techo, piso impermeabilizado, con trampa de grasa para evitar la contaminación del suelo; señalizado).
A40: Plástico negro polietileno de grueso calibre, (150 m, calibre 3.5 ancho de 3 m). | B40: Rollo | C40: 1 | D40: 528400 | F40: =+D40*C40 -> 528400 | G40: Cobertura material de construcción y sobrante de obra
A41: 2.2. Manejo integral de residuos sólidos convencionales, especiales y peligrosos
A42: Disposición de residuos peligrosos y especiales con empresas certificadas | B42: mes | D42: 259200 | F42: =C42*D42 -> 0
A43: Adecuación de zona de almacenamiento de residuos peligrosos | B43: m2 | D43: 282787 | F43: =C43*D43 -> 0 | G43: La cual debe cumplir con la normatividad que rige el tema (suelo duro y elementos no inflamables).
A44: Adecuación de zona de almacenamiento de residuos convencionales, especiales y reciclables | B44: Un | D44: 351400 | F44: =C44*D44 -> 0
A45: Bolsas de polietileno alta densidad (Paquete 100 unidades de 100 x 100). Incluye IVA | B45: Un | D45: 70479 | F45: =C45*D45 -> 0 | G45: De cada color se usan en promedio 5 bolsas por semana por color por punto ecológico.
A46: Bolsas polietileno alta densidad (Paquete 100 unidades de 24x24) Incluye IVA | B46: Un | D46: 27493 | F46: =C46*D46 -> 0
A47: Juego de tres recipientes o canecas de 55 galones Incluye IVA | B47: Un | D47: 396849 | F47: =C47*D47 -> 0 | G47: Un Juego por cada frente de obra (considerar distancias)
A48: Juego de tres canecas o recipientes de 5 galones (para campamento y frente de obra) Incluye IVA | B48: Un | D48: 130920 | F48: =C48*D48 -> 0
A49: Teja Zinc Ondulada 3.048x0.80mt Cal 35 0.17mm | B49: Un | D49: 31900 | F49: =C49*D49 -> 0
A50: PROGRAMA 3. Gestión del recurso hídrico
A51: 3.1. Manejo de aguas superficiales
A52: Estacón de Madera 1,5 m | B52: Un | C52: 0 | D52: 14300 | F52: =C52*D52 -> 0 | G52: Para la protección de cuerpos de agua se requieren mínimo de 8 unidades por cruce (4al encole y 4 al descole) Tener en cuenta el numero de ejecuciones simultaneas
A53: Sistema de sedimentación primaria | B53: Un | D53: 575000 | F53: =C53*D53 -> 0 | G53: En el caso de incurrir en el manejo de aguas subterraneas su evacuacion deberá pasar por un sistema de sedimentación compuesto minimo por 2 tanques en serie. Volumen por definir según necesidad.
A54: Rollo tela verde 50m x 2.10m ancho 55gr/m2 | B54: Un | C54: 0 | D54: 239900 | F54: =C54*D54 -> 0 | G54: Se emplea un mínimo de 15 metros por cruce de agua a aislar
A55: Tubo manguera paletizada de 4 pulgadas por 45 metros | B55: Un | D55: 330000 | F55: =C55*D55 -> 0
A56: Muestreos y análisis fisicoquímicos | B56: Un | F56: =C56*D56 -> 0
A57: Muestreos y análisis microbiológicos | B57: Un | F57: =C57*D57 -> 0
A58: Muestreos y análisis de peces | B58: Un | F58: =C58*D58 -> 0
A59: 3.2. Manejo de residuos líquidos, domésticos e industriales
A60: Actividad | B60: Unidad | C60: Cantidad | D60: Valor unitario | E60: Plazo | F60: Valor total | G60: Observación
A61: Alquiler de baño portátil con 2 limpiezas por semana (Incluye suministro, transporte y mantenimiento) | B61: Un | C61: 0 | D61: 2050000 | E61: =I113 -> 2.5 | F61: =C61*D61*E61 -> 0 | G61: En los gastos administrativos de obra se incluye el pago de servicios públicos para el alquiler de oficinas, campamentos e instalaciones temporales. Sin embargo, en caso de requerirse el uso de baños en frentes de obra o cerca a los mismos, se suplirá la necesidad con el alquiler de viviendas para dicho servicio y que se encuentren conectadas al sistema de alcantarillado o tengan sistema de tratamiento de aguas residuales domésticas o en su defecto alquiler de baños portátiles y se reconoce su pago contra factura.
A62: Kit Control de derrames - maletín químicos 8 Galones | B62: Un | C62: 1 | D62: =149900*1.19 -> 178381 | F62: =C62*D62 -> 178381 | G62: Se deberá disponer de uno por frente de obra activo
A63: Trampa de grasa 95 Litros | B63: Un | C63: 0 | D63: 374900 | F63: =C63*D63 -> 0 | G63: Cuando el proyecto disponga de áreas de mantenimiento para maquinaria, lavadero de llantas o otras actividades que generen vertimiento.
A64: Estiba antiderrame 2 posiciones 120x80x18cm Amarillo | B64: Un | C64: 0 | D64: 819900 | F64: =C64*D64 -> 0 | G64: Estiba de contención antiderrame para la ubicación de grasas, aceites o combustibles
A65: Muestreos y análisis de vertimientos | B65: Un | F65: =D65*C65 -> 0 | G65: Según requerimiento Autoridad Ambiental
A66: 3.3. Manejo para el uso eficiente del agua y la energía
A67: Tanque o Ekomuro para la captación y aprovechamiento de aguas lluvias | B67: Un | D67: 355900 | F67: =C67*D67 -> 0
A68: Macromedidor tipo Woltman horizontal 2″ | B68: Un | D68: 630000 | F68: =C68*D68 -> 0 | G68: Se deberá disponer de uno por cada captación de agua superficial que habilite el proyecto
A69: PROGRAMA 4. Biodiversidad y servicios ecosistémicos
A70: 4.1. Manejo de descapote y cobertura vegetal
A71: Poda de árboles | B71: Un | F71: =C71*D71 -> 0
A72: 4.2. Recuperación de áreas afectadas
A73: Mantenimiento de áreas compensadas o con enriquecimiento forestal (Epifitas No Vasculares, Aprovechamiento forestal Unico) | B73: Ha | F73: =C73*D73 -> 0
A74: Mantenimiento y seguimiento de epifitas vasculares (Incluye informe con texto, bases de datos, registro fotográfico, georreferenciación y cartografía tipo GDB o shape) | B74: Un | D74: 16529 | F74: =C74*D74 -> 0
A75: 4.3. Manejo para la protección de fauna
A76: Jornadas de ahuyentamiento de fauna silvestre | B76: Un | D76: 239800 | F76: =C76*D76 -> 0
A77: PROGRAMA 5. Manejo de instalaciones temporales
A78: 5.1. Instalación, funcionamiento y desmantelamiento de campamentos y sitios de acopio
A79: Estacón de Madera 1,5 m | B79: Un | D79: 14300 | F79: =C79*D79 -> 0
A80: Rollo tela verde 50m x 2.10m ancho 55gr/m2 | B80: Un | D80: 239900 | F80: =C80*D80 -> 0
A81: Plástico negro polietileno de grueso calibre, (150 m, calibre 3.5 ancho de 3 m). | B81: Un | D81: 528401 | F81: =D81*C81 -> 0 | G81: Carpado de materiales de construcción y aislamiento de zonas de acopio de materiales
A82: Teja Zinc Ondulada 3.048x0.80mt Cal 35 0.17mm | B82: Un | D82: 31900 | F82: =D82*C82 -> 0 | G82: Creación de campamentos o acopios temporales
A83: Tubo rectangular 100 x 40 x 1.5mm x 6m cerrajería | B83: Un | D83: 175100 | F83: =D83*C83 -> 0 | G83: Creación de campamentos o acopios temporales
A84: Cinta Demarcación 500 m | B84: Rollo | D84: 34040 | F84: =D84*C84 -> 0 | G84: Delimitación de áreas y senderos peatonales
A85: Balizas con bandas reflectivas. | B85: Un | D85: 42113 | F85: =+D85*C85 -> 0
A86: 5.2. Manejo para el control de emisiones atmosféricas y ruido
A87: Humectación de vía/áreas de trabajo para control de material particulado . | B87: Hora | D87: 99717 | F87: =C87*D87 -> 0 | G87: El agua provendrá de acueducto veredal y/o municipal o concesión de aguas, a través de sistemas de irrigación acordados con la interventoría y se cancela en los casos que esta actividad no se contemple en el APU de la actividad constructiva.
A88: Polisombra Negra 35% - Rollo 4 Mt X 100mt | B88: Un | D88: 459900 | F88: =C88*D88 -> 0 | G88: Retención de material particulado en frentes de obra, aislamiento de áreas sensibles aledañas
A89: Construcción de lavadero de llantas | B89: Un | D89: 277114 | F89: =+D89*C89 -> 0 | G89: Control de dispersión de material de arrastre a vías, que puedan generar material particulado al paso de vehículos, una vez seco.
A90: Mediciones de ruido | B90: Un | F90: =C90*D90 -> 0
A91: Muestreos y análisis isocinéticos | B91: Un | F91: =C91*D91 -> 0
A92: Muestreos y análisis de material particulado | B92: Un
A93: Subtotal Gestión Ambiental | F93: =SUM(F27:F92) -> 1098009
A94: SEGURIDAD Y SALUD EN EL TRABAJO
A95: PROGRAMA 1. Gestión administrativa SST
A96: Logo institucional | B96: Un | C96: 0 | D96: 30000 | F96: =C96*D96 -> 0 | G96: Imagen institucional
A97: Carné personal. | B97: Un | C97: 0 | D97: 8855 | F97: =C97*D97 -> 0 | G97: Imagen institucional
A98: Chaquetas institucionales para personal administrativo | B98: Un | C98: 0 | D98: 95400 | F98: =+D98*C98 -> 0 | G98: Manual de obra publica
A99: PROGRAMA 2. Salud en el Trabajo – Medicina preventiva
A100: Capacitación en alturas | B100: Un | C100: 0 | D100: 210000 | F100: =+D100*C100 -> 0 | G100: Solo si se requiere la actividad
A101: Capacitación en espacios confinados | B101: Un | C101: 0 | D101: 600000 | F101: =+D101*C101 -> 0 | G101: Solo si se requiere la actividad
A102: Agua para hidratación | B102: Bolsa | C102: 0 | D102: 700 | F102: =+D102*C102 -> 0 | G102: Bolsa de 500 ml
A103: PROGRAMA 3. Seguridad en el trabajo
...

Sheet PMT
A2: =+TRANSPORTES!B2 -> OBJETO: MEJORAMIENTO Y ADECUACIÓN DE LAS VIAS URBANAS DEL MUNICIPIO DE SANTA FE DE ANTIOQUIA
A4: PLAN DE MANEJO DEL TRANSITO
A5: PRESUPUESTO
A6: ITEM | B6: DESCRIPCION | C6: UNIDAD | D6: CANTIDAD | E6: VALOR | F6: VALOR PARCIAL
A7: 1. Señalizacion
A8: 1.1 | B8: Señales verticales según manual de señalizacion vial, 75*75 | C8: un | D8: 4 | E8: 384036.44 | F8: =+ROUND(E8*D8,0) -> 1536146
A9: 2. Dispositivos para canalizar el transito
A10: 2.2 | B10: Barricadas con franjas reflectivas de 1,5x2,0m | C10: un | D10: 3 | E10: 582981 | F10: =+E10*D10 -> 1748943
A11: 2.3 | B11: Maletin o barrera de contencion vial de 2m x 1m | C11: un | D11: 3 | E11: 506821 | F11: =+E11*D11 -> 1520463
A12: 2.4 | B12: Conos de 0,9 y dos franjas refrectivas tipo IV diamante. | C12: un | D12: 6 | E12: 68510 | F12: =+E12*D12 -> 411060
A13: 2.6 | B13: Caneca reflectiva plastica | C13: un | D13: 2 | E13: 104600 | F13: =+E13*D13 -> 209200
A14: 2.7 | B14: Resalto Vial reductor de velocidad en caucho | C14: un | D14: 0 | E14: 157383.33 | F14: =+E14*D14 -> 0
A15: 2.8 | B15: Delineador tubular (colombina) | C15: un | D15: 0 | E15: 42113 | F15: =+E15*D15 -> 0
A16: 2.9 | B16: Cinta señalizacion peligro no pase x 500 mt | C16: un | D16: 1 | E16: 34039 | F16: =+E16*D16 -> 34039
A17: 3. Abanderados
A18: 3.1 | B18: Paleta de pare y siga | C18: un | D18: 0 | E18: 34385 | F18: =+E18*D18 -> 0
A19: 3.2 | B19: Radiotelefono | C19: par | D19: 0 | E19: 55000 | F19: =+E19*D19 -> 0 | G19: =+FM!D44 -> 2.07 | H19: Factor multiplicador
A20: 3.2 | B20: Personal Pare y Siga | C20: un | D20: 0 | E20: ='PERSONAL PROFESIONAL-TECNICO'!D22*G19*G20 -> 10078830 | F20: =+E20*D20 -> 0 | G20: 3 | H20: Meses de ejecución
D22: COSTO TOTAL | F22: =ROUND(SUM(F8:F21),0) -> 5459851

Sheet POLIZAS OBRA
B1: =+PRESUPUESTO!A2 -> OBJETO: MEJORAMIENTO Y ADECUACIÓN DE LAS VIAS URBANAS DEL MUNICIPIO DE SANTA FE DE ANTIOQUIA
B3: POLIZAS Y GARANTIAS
B5: VALOR DEL CONTRATO ( $ ) | C5: ='LEGALIZACION OBRA'!B5 -> 302480679
B6: PLAZO DEL CONTRATO (Dias) | C6: =+E6*30 -> 45 | E6: =+AU!L11 -> 1.5 | F6: meses
B7: ANTICIPO | D7: Digitar % de anticipo | E7: =+C5*C7 -> 0 | F7: Pesos
B10: TIPO DE GARANTÍA | C10: VALOR ASEGURADO | E10: COBERTURA (Dias ) | F10: TASA anual | G10: PRIMA
C11: % | D11: VALOR
B12: Cumplimiento | C12: 0.2 | D12: =C5*C12 -> 60496136 | E12: =IF(C6=0,0,C6+(6*30)) -> 225 | F12: 0.003 | G12: =ROUND((D12*F12)/360*E12,0) -> 113430 | I12: PORCENTAJES A ASEGURAR Y VIGENCIA DE ACUERDO A LO DEFINIDO EN LOS ESTUDIOS PREVIOS Y OTROS DOCUMENTOS CONTRACTUALES.
B13: Buen Manejo y Correcta Inversión del Anticipo | C13: 1 | D13: =C5*C7 -> 0 | E13: =IF(C6=0,0,C6+(6*30)) -> 225 | F13: 0.003 | G13: =ROUND((D13*F13)/360*E13,0) -> 0
B14: Salarios y Prestaciones Sociales | C14: =+IF(L34<5%,5%,ROUNDUP(L34,2)) -> 0.05 | D14: =$C$5*C14 -> 15124034 | E14: =IF(C6=0,0,C6+(3*360)) -> 1125 | F14: 0.0025 | G14: =ROUND((D14*F14)/360*E14,0) -> 118157
B15: Estabilidad y Calidad de la Obras | C15: 0.2 | D15: =$C$5*C15 -> 60496136 | E15: =IF(C6=0,0,(5*360)) -> 1800 | F15: 0.002981 | G15: =(D15*E15*F15)/360 -> 901694.9
B16: Calidad del servicio | D16: =$C$5*C16 -> 0 | E16: =IF(C6=0,0,5*360) -> 1800 | F16: 0.003 | G16: =(D16*F16)/360*E16 -> 0
B17: DECRETO 1082 SMMLV Responsabilidad Civil | C17: SMMLV | D17: MONTO ASEGURABLE | E17: PLAZO MESES | F17: TASA | G17: PRIMA | H17: 5470337
B18: =IF(C5=0,"",IF(I28<1500,200,IF(I28<2500,300,IF(I28<5000,400,IF(I28<10000,500,IF(I28>10000,0.05)))))) -> 200 | C18: =+'FP ADTIVO'!C3 -> 1423500 | D18: =IFERROR(IF(B18<200,B18*C5,C18*B18),0) -> 284700000 | E18: =+E6 -> 1.5 | F18: 0.003 | G18: =ROUND(F18*(E18/12*D18),0) -> 106763
B19: Subtotal Prima | G19: =SUM(G12:G18) -> 1240044.9
B20: Gastos de expedición | G20: =+IF(C5=0,0,8180) -> 8180
B21: I.V.A. | G21: =ROUND(IFERROR((G19+G20)*19%,0),0) -> 237163
B22: TOTAL POLIZAS | G22: =IF(E6="","",IFERROR(ROUNDUP(G19+G20+G21,0),0)) -> 1485388
B24: Relación | C24: =IFERROR(G22/C5,0) -> 0.0049106872
I28: =ROUND(+C5/C18,0) -> 212 | K28: CONCEPTO | L28: Valor
B29: TOTAL GASTOS LEGALIZACION | G29: =G22 -> 1485388 | K29: MANO DE OBRA | L29: 553956709
I30: 1. Doscientos (200) SMMLV para contratos cuyo valor sea inferior o igual a mil quinientos (1.500) SMMLV. | K30: PERSONAL ADMINISTRACION | L30: =+[2]AIU!H6 -> PLAZO - MESES
I31: 2. Trescientos (300) SMMLV para contratos cuyo valor sea superior a mil quinientos (1.500) SMMLV e inferior o igual a dos mil quinientos (2.500) SMMLV. | K31: SUMA PERSONAL | L31: =+SUM(L29:L30) -> 553956709
I32: 3. Cuatrocientos (400) SMMLV para contratos cuyo valor sea superior a dos mil quinientos (2.500) SMMLV e inferior o igual a cinco mil (5.000) SMMLV. | K32: VALOR INCUMPLIMIENTP 100% incumplim SAL Y PRES | L32: =+L31 -> 553956709
I33: 4. Quinientos (500) SMMLV para contratos cuyo valor sea superior a cinco mil (5.000) SMMLV e inferior o igual a diez mil (10.000) SMMLV. | K33: % RESPECTO A VALOR TOTAL | L33: =IFERROR(ROUND(L32/'[2]Ppto TIPO'!J279,4),0) -> 0
I34: 5. El cinco por ciento (5%) del valor del contrato cuando este sea superior a diez mil (10.000) SMMLV, caso en el cual el valor asegurado debe ser máximo setenta y cinco mil (75.000) SMMLV. | K34: =+IF(C5>=5000000000,50%,100%) -> 1 | L34: =+L33*K34 -> 0 | M34: * Valor del contrato es igual o superior a cinco mil (5.000) millones se toma el 50% del valor para asegurar. * Valor del contrato es inferior a cinco mil (5.000) millones se toma el 100% del valor para asegurar.
I35: La vigencia de esta garantía deberá ser igual al período de ejecución del contrato.

Sheet LEGALIZACION OBRA
A1: =+PRESUPUESTO!A2 -> OBJETO: MEJORAMIENTO Y ADECUACIÓN DE LAS VIAS URBANAS DEL MUNICIPIO DE SANTA FE DE ANTIOQUIA
A3: ESTAMPILLAS
A5: VALOR DEL CONTRATO ( $ ) | B5: =PRESUPUESTO!F27 -> 302480679
A7: Estampilla Procultura | B7: 0.02 | F7: =ROUND($B$5*B7,0) -> 6049614
A8: Estampilla Pro adulto mayor | B8: 0.04 | F8: =ROUND($B$5*B8,0) -> 12099227
A9: Estampilla Justicia familiar | B9: 0.02 | F9: =ROUND($B$5*B9,0) -> 6049614
A10: Estampilla Prohospital | B10: 0.01 | F10: =ROUND($B$5*B10,0) -> 3024807
A11: Estampilla pro-Deporte | B11: 0.025 | F11: =ROUND($B$5*B11,0) -> 7562017
A12: Impuesto de contribución especial 5% | B12: 0.05 | F12: =ROUND($B$5*B12,0) -> 15124034
A13: Timbre | F13: =ROUND($B$5*B13,0) -> 0
A15: OTROS COSTOS INDIRECTOS - TASAS Y CONTRIBUCIONES | F15: =+SUM(F7:F13) -> 49909313

Sheet FP ADTIVO
A1: CALCULO DEL FACTOR PRESTACIONAL PERSONAL OPERATIVO Y ADMINISTRATIVO
A2: VALOR REAL DEL SALARIO 2025 - AFECTACIÓN PRESTACIONAL ANUAL | C2: 2025
A3: Salario mínimo mensual legal vigente - SMMLV | C3: 1423500 | D3: AFECTACIÓN PRESTACIONAL ANUAL
A4: Subsidio de transporte | C4: 200000 | D4: PERSONAL OPERATIVO - ADMINISTRATIVO - APU
D5: Ayudante raso / Liguero / Cadenero 2 | F5: Bachiller academico con conocimiento en ofimatica : Auxiliar administativo | H5: Ayudante entendido / Ayudante electricista / Operario de equipo liviano / Vigía en salud | J5: Auxiliar (H) / Almacenista / Jardinero | L5: Encargado de campamento / Técnico en Contabilidad / Finanzas / Administración de Empresas | N5: Oficial de Obra / Oficial Electricista / Oficial minero / Oficial demoliciones / Oficial Mvto Tierra / Oficial Impermeabilizaciones / Oficial para llenos de filtros / Oficial para pisos varios / Oficial Pintura / Oficial Refuerzo / Oficial Urbanismo / Operario de inyección / Operario de perforación / Rastrillero / Cadenero 1 | P5: Inspectores de obra / Operario Especializado / Técnico | R5: Tecnólogo en Construcciones Civiles, Tecnólogo Ambiental, Tecnólogo social, Tecnólogo SISO, Dibujante. | T5: Tecnólogo en Construcciones Civiles, Tecnólogo Ambiental, Tecnólogo social, Tecnólogo SISO. Tecnólogo en: Administración de Empresas y/o Contabilidad y/o Finanzas y/o Gestión de Mercados o afines. | V5: Tecnólogo en Construcciones Civiles, Tecnólogo Ambiental, Tecnólogo social, Tecnólogo SISO. | X5: Profesional Residente proyecto, obra, interventoría, Ambiental, Profesional Residente Social, Profesional prediador, Antropólogo. Profesional SISO. | Z5: Profesional Residente Proyecto, Ambiental, Profesional Residente Social, Profesional prediador, Ingeniero civil. | AB5: Asesor contable y triburario, Asesor jurídico (Abogado), Abogado gestión predial, Ingeniero Forestal, Ingeniero Civil, Geólogo, Biologo, Arqueologo, Economista, Profesional Residente de Obra. | AD5: Director de Obra y/o interventoria, Ingeniero Especialista (en todos los campos). Profesional Universitario en: Ingeniería Civil o de Vías y Transportes Y/O arquitecto y/o arquitecto constructor | AF5: Director de Obra, Ingeniero Especialista (en todos los campos) y Profesional SIG. | AH5: Profesional Especialista Director General - Especialista en gerencia de proyectos o de obra.
C6: N° DE SALARIOS | D6: 1 | E6: SMMLV | F6: 1.156 | G6: SMMLV | H6: 1.292 | I6: SMMLV | J6: 1.539 | K6: SMMLV | L6: 1.901 | M6: SMMLV | N6: 2.302 | O6: SMMLV | P6: 2.566 | Q6: SMMLV | R6: 2.682 | S6: SMMLV | T6: 2.78 | U6: SMMLV | V6: 2.3723331 | W6: SMMLV | X6: 3.3 | Y6: SMMLV | Z6: 4 | AA6: SMMLV | AB6: 5.295 | AC6: SMMLV | AD6: 5.4376 | AE6: SMMLV | AF6: 6.2 | AG6: SMMLV | AH6: 8.2 | AI6: SMMLV
A7: SALARIO | D7: Valor | E7: Ref. | F7: Valor | G7: Ref. | H7: Valor | I7: Ref. | J7: Valor | K7: Ref. | L7: Valor | M7: Ref. | N7: Valor | O7: Ref. | P7: Valor | Q7: Ref. | R7: Valor | S7: Ref. | T7: Valor | U7: Ref. | V7: Valor | W7: Ref. | X7: Valor | Y7: Ref. | Z7: Valor | AA7: Ref. | AB7: Valor | AC7: Ref. | AD7: Valor | AE7: Ref. | AF7: Valor | AG7: Ref. | AH7: Valor | AI7: Ref.
B8: Mensual | D8: =+C3 -> 1423500 | E8: A | F8: =ROUND($D$8*F6,-3) -> 1646000 | G8: A | H8: =ROUND($D$8*H6,-3) -> 1839000 | I8: A | J8: =ROUND($D$8*J6,-3) -> 2191000 | K8: A | L8: =ROUND($D$8*L6,-3) -> 2706000 | M8: A | N8: =ROUND($D$8*N6,-3) -> 3277000 | O8: A | P8: =ROUND($D$8*P6,-3) -> 3653000 | Q8: A | R8: =ROUND($D$8*R6,-3) -> 3818000 | S8: A | T8: =ROUND($D$8*T6,-3) -> 3957000 | U8: A | V8: =ROUND($D$8*V6,-3) -> 3377000 | W8: A | X8: =ROUND($D$8*X6,-3) -> 4698000 | Y8: A | Z8: =ROUND($D$8*Z6,-3) -> 5694000 | AA8: A | AB8: =ROUND($D$8*AB6,-3) -> 7537000 | AC8: A | AD8: =ROUND($D$8*AD6,-3) -> 7740000 | AE8: A | AF8: =ROUND($D$8*AF6,-3) -> 8826000 | AG8: A | AH8: =ROUND($D$8*AH6,-3) -> 11673000 | AI8: A
B9: Subsidio de Transporte | D9: =+C4 -> 200000 | E9: B | F9: =$D$9 -> 200000 | G9: B | H9: =$D$9 -> 200000 | I9: B | J9: =$D$9 -> 200000 | K9: B | L9: =$D$9 -> 200000 | M9: B | N9: 0 | O9: B | P9: 0 | Q9: B | R9: 0 | S9: B | T9: 0 | U9: B | V9: 0 | W9: B | X9: 0 | Y9: B | Z9: 0 | AA9: B | AB9: 0 | AC9: B | AD9: 0 | AE9: B | AF9: 0 | AG9: B | AH9: 0 | AI9: B
B10: Total Mensual | D10: =ROUNDDOWN(SUM(D8:D9),-3) -> 1623000 | E10: C | F10: =ROUND(SUM(F8:F9),-3) -> 1846000 | G10: C | H10: =ROUND(SUM(H8:H9),-3) -> 2039000 | I10: C | J10: =ROUND(SUM(J8:J9),-3) -> 2391000 | K10: C | L10: =ROUND(SUM(L8:L9),-3) -> 2906000 | M10: C | N10: =ROUND(SUM(N8:N9),-3) -> 3277000 | O10: C | P10: =ROUND(SUM(P8:P9),-3) -> 3653000 | Q10: C | R10: =ROUND(SUM(R8:R9),-3) -> 3818000 | S10: C | T10: =ROUND(SUM(T8:T9),-3) -> 3957000 | U10: C | V10: =ROUND(SUM(V8:V9),-3) -> 3377000 | W10: C | X10: =ROUND(SUM(X8:X9),-3) -> 4698000 | Y10: C | Z10: =ROUND(SUM(Z8:Z9),-3) -> 5694000 | AA10: C | AB10: =ROUND(SUM(AB8:AB9),-3) -> 7537000 | AC10: C | AD10: =ROUND(SUM(AD8:AD9),-3) -> 7740000 | AE10: C | AF10: =ROUND(SUM(AF8:AF9),-3) -> 8826000 | AG10: C | AH10: =ROUND(SUM(AH8:AH9),-3) -> 11673000 | AI10: C
B11: Salario Anual (A/30*360) Calendario | D11: =+(D8/30)*360 -> 17082000 | E11: D | F11: =+(F8/30)*360 -> 19752000 | G11: D | H11: =+(H8/30)*360 -> 22068000 | I11: D | J11: =+(J8/30)*360 -> 26292000 | K11: D | L11: =+(L8/30)*360 -> 32472000 | M11: D | N11: =+(N8/30)*360 -> 39324000 | O11: D | P11: =+(P8/30)*360 -> 43836000 | Q11: D | R11: =+(R8/30)*360 -> 45816000 | S11: D | T11: =+(T8/30)*360 -> 47484000 | U11: D | V11: =+(V8/30)*360 -> 40524000 | W11: D | X11: =+(X8/30)*360 -> 56376000 | Y11: D | Z11: =+(Z8/30)*360 -> 68328000 | AA11: D | AB11: =+(AB8/30)*360 -> 90444000 | AC11: D | AD11: =+(AD8/30)*360 -> 92880000 | AE11: D | AF11: =+(AF8/30)*360 -> 105912000 | AG11: D | AH11: =+(AH8/30)*360 -> 140076000 | AI11: D
B12: Subsidio de Transporte anual para cálculo de Liquidación de Cesantias y Prima (B*12) | D12: =+D9*12 -> 2400000 | E12: 1 | F12: =+F9*12 -> 2400000 | G12: 1 | H12: =+H9*12 -> 2400000 | I12: 1 | J12: =+J9*12 -> 2400000 | K12: 1 | L12: =+L9*12 -> 2400000 | M12: 1 | N12: =+N9*12 -> 0 | O12: 1 | P12: =+P9*12 -> 0 | Q12: 1 | R12: =+R9*12 -> 0 | S12: 1 | T12: =+T9*12 -> 0 | U12: 1 | V12: =+V9*12 -> 0 | W12: 1 | X12: =+X9*12 -> 0 | Y12: 1 | Z12: =+Z9*12 -> 0 | AA12: 1 | AB12: =+AB9*12 -> 0 | AC12: 1 | AD12: =+AD9*12 -> 0 | AE12: 1 | AF12: =+AF9*12 -> 0 | AG12: 1 | AH12: =+AH9*12 -> 0 | AI12: 1
B13: Subsidio de Transporte anual para cálculo de horas efectivas y VRS (B*11,5) 12 meses - 0,5 de vacaciones) | D13: =D9*11.5 -> 2300000 | F13: =F9*11.5 -> 2300000 | H13: =H9*11.5 -> 2300000 | J13: =J9*11.5 -> 2300000 | L13: =L9*11.5 -> 2300000 | N13: =N9*11.5 -> 0 | P13: =P9*11.5 -> 0 | R13: =R9*11.5 -> 0 | T13: =T9*11.5 -> 0 | V13: =V9*11.5 -> 0 | X13: =X9*11.5 -> 0 | Z13: =Z9*11.5 -> 0 | AB13: =AB9*11.5 -> 0 | AD13: =AD9*11.5 -> 0 | AF13: =AF9*11.5 -> 0 | AH13: =AH9*11.5 -> 0
B14: Salario Anual con Subsidio de Transporte ( D+1) | D14: =+D11+D12 -> 19482000 | E14: E | F14: =+F11+F12 -> 22152000 | G14: E | H14: =+H11+H12 -> 24468000 | I14: E | J14: =+J11+J12 -> 28692000 | K14: E | L14: =+L11+L12 -> 34872000 | M14: E | N14: =+N11+N12 -> 39324000 | O14: E | P14: =+P11+P12 -> 43836000 | Q14: E | R14: =+R11+R12 -> 45816000 | S14: E | T14: =+T11+T12 -> 47484000 | U14: E | V14: =+V11+V12 -> 40524000 | W14: E | X14: =+X11+X12 -> 56376000 | Y14: E | Z14: =+Z11+Z12 -> 68328000 | AA14: E | AB14: =+AB11+AB12 -> 90444000 | AC14: E | AD14: =+AD11+AD12 -> 92880000 | AE14: E | AF14: =+AF11+AF12 -> 105912000 | AG14: E | AH14: =+AH11+AH12 -> 140076000 | AI14: E
A15: CONCEPTO | D15: valor | E15: % | F15: valor | G15: % | H15: valor | I15: % | J15: valor | K15: % | L15: valor | M15: % | N15: valor | O15: % | P15: valor | Q15: % | R15: valor | S15: % | T15: valor | U15: % | V15: valor | W15: % | X15: valor | Y15: % | Z15: valor | AA15: % | AB15: valor | AC15: % | AD15: valor | AE15: % | AF15: valor | AG15: % | AH15: valor | AI15: %
A16: SALARIO NOMINAL | E16: =SUM(E18:E32) -> 0.58252358
B17: Salario Anual ( 360 días) | D17: =D11 -> 17082000 | E17: 1 | F17: =F11 -> 19752000 | G17: 1 | H17: =H11 -> 22068000 | I17: 1 | J17: =J11 -> 26292000 | K17: 1 | L17: =L11 -> 32472000 | M17: 1 | N17: =N11 -> 39324000 | O17: 1 | P17: =P11 -> 43836000 | Q17: 1 | R17: =R11 -> 45816000 | S17: 1 | T17: =T11 -> 47484000 | U17: 1 | V17: =V11 -> 40524000 | W17: 1 | X17: =X11 -> 56376000 | Y17: 1 | Z17: =Z11 -> 68328000 | AA17: 1 | AB17: =AB11 -> 90444000 | AC17: 1 | AD17: =AD11 -> 92880000 | AE17: 1 | AF17: =AF11 -> 105912000 | AG17: 1 | AH17: =AH11 -> 140076000 | AI17: 1
B18: Subsidio de Transporte anual para cálculo de horas efectivas y VRS | D18: =D13 -> 2300000 | E18: =+D13/$D$11 -> 0.13464466 | F18: =F13 -> 2300000 | G18: =+F13/$D$11 -> 0.13464466 | H18: =H13 -> 2300000 | I18: =+H13/$D$11 -> 0.13464466 | J18: =J13 -> 2300000 | K18: =+J13/$D$11 -> 0.13464466 | L18: =L13 -> 2300000 | M18: =+L13/$D$11 -> 0.13464466 | N18: =N13 -> 0 | O18: =+N13/$D$11 -> 0 | P18: =P13 -> 0 | Q18: =+P13/$D$11 -> 0 | R18: =R13 -> 0 | S18: =+R13/$D$11 -> 0 | T18: =T13 -> 0 | U18: =+T13/$D$11 -> 0 | V18: =V13 -> 0 | W18: =+V13/$D$11 -> 0 | X18: =X13 -> 0 | Y18: =+X13/$D$11 -> 0 | Z18: =Z13 -> 0 | AA18: =+Z13/$D$11 -> 0 | AB18: =AB13 -> 0 | AC18: =+AB13/$D$11 -> 0 | AD18: =AD13 -> 0 | AE18: =+AD13/$D$11 -> 0 | AF18: =AF13 -> 0 | AG18: =+AF13/$D$11 -> 0 | AH18: =AH13 -> 0 | AI18: =+AH13/$D$11 -> 0
A19: PRESTACIONES SOCIALES
B20: Cesantias Anuales | D20: =+D10*12*30/360 -> 1623000 | E20: =D20/D14 -> 0.083307669 | F20: =+F10*12*30/360 -> 1846000 | G20: =F20/F14 -> 0.083333333 | H20: =+H10*12*30/360 -> 2039000 | I20: =H20/H14 -> 0.083333333 | J20: =+J10*12*30/360 -> 2391000 | K20: =J20/J14 -> 0.083333333 | L20: =+L10*12*30/360 -> 2906000 | M20: =L20/L14 -> 0.083333333 | N20: =+N10*12*30/360 -> 3277000 | O20: =N20/N14 -> 0.083333333 | P20: =+P10*12*30/360 -> 3653000 | Q20: =P20/P14 -> 0.083333333 | R20: =+R10*12*30/360 -> 3818000 | S20: =R20/R14 -> 0.083333333 | T20: =+T10*12*30/360 -> 3957000 | U20: =T20/T14 -> 0.083333333 | V20: =+V10*12*30/360 -> 3377000 | W20: =V20/V14 -> 0.083333333 | X20: =+X10*12*30/360 -> 4698000 | Y20: =X20/X14 -> 0.083333333 | Z20: =+Z10*12*30/360 -> 5694000 | AA20: =Z20/Z14 -> 0.083333333 | AB20: =+AB10*12*30/360 -> 7537000 | AC20: =AB20/AB14 -> 0.083333333 | AD20: =+AD10*12*30/360 -> 7740000 | AE20: =AD20/AD14 -> 0.083333333 | AF20: =+AF10*12*30/360 -> 8826000 | AG20: =AF20/AF14 -> 0.083333333 | AH20: =+AH10*12*30/360 -> 11673000 | AI20: =AH20/AH14 -> 0.083333333
B21: Intereses sobre Cesantias 12 % Anual | D21: =+D20*0.12 -> 194760 | E21: =D21/D14 -> 0.0099969202 | F21: =+F20*0.12 -> 221520 | G21: =F21/F14 -> 0.01 | H21: =+H20*0.12 -> 244680 | I21: =H21/H14 -> 0.01 | J21: =+J20*0.12 -> 286920 | K21: =J21/J14 -> 0.01 | L21: =+L20*0.12 -> 348720 | M21: =L21/L14 -> 0.01 | N21: =+N20*0.12 -> 393240 | O21: =N21/N14 -> 0.01 | P21: =+P20*0.12 -> 438360 | Q21: =P21/P14 -> 0.01 | R21: =+R20*0.12 -> 458160 | S21: =R21/R14 -> 0.01 | T21: =+T20*0.12 -> 474840 | U21: =T21/T14 -> 0.01 | V21: =+V20*0.12 -> 405240 | W21: =V21/V14 -> 0.01 | X21: =+X20*0.12 -> 563760 | Y21: =X21/X14 -> 0.01 | Z21: =+Z20*0.12 -> 683280 | AA21: =Z21/Z14 -> 0.01 | AB21: =+AB20*0.12 -> 904440 | AC21: =AB21/AB14 -> 0.01 | AD21: =+AD20*0.12 -> 928800 | AE21: =AD21/AD14 -> 0.01 | AF21: =+AF20*0.12 -> 1059120 | AG21: =AF21/AF14 -> 0.01 | AH21: =+AH20*0.12 -> 1400760 | AI21: =AH21/AH14 -> 0.01
B22: Prima 30 Días anual | D22: =D10 -> 1623000 | E22: =D22/D14 -> 0.083307669 | F22: =F10 -> 1846000 | G22: =F22/F14 -> 0.083333333 | H22: =H10 -> 2039000 | I22: =H22/H14 -> 0.083333333 | J22: =J10 -> 2391000 | K22: =J22/J14 -> 0.083333333 | L22: =L10 -> 2906000 | M22: =L22/L14 -> 0.083333333 | N22: =N10 -> 3277000 | O22: =N22/N14 -> 0.083333333 | P22: =P10 -> 3653000 | Q22: =P22/P14 -> 0.083333333 | R22: =R10 -> 3818000 | S22: =R22/R14 -> 0.083333333 | T22: =T10 -> 3957000 | U22: =T22/T14 -> 0.083333333 | V22: =V10 -> 3377000 | W22: =V22/V14 -> 0.083333333 | X22: =X10 -> 4698000 | Y22: =X22/X14 -> 0.083333333 | Z22: =Z10 -> 5694000 | AA22: =Z22/Z14 -> 0.083333333 | AB22: =AB10 -> 7537000 | AC22: =AB22/AB14 -> 0.083333333 | AD22: =AD10 -> 7740000 | AE22: =AD22/AD14 -> 0.083333333 | AF22: =AF10 -> 8826000 | AG22: =AF22/AF14 -> 0.083333333 | AH22: =AH10 -> 11673000 | AI22: =AH22/AH14 -> 0.083333333
B23: Vacaciones 15 días Anual | D23: =D8/2 -> 711750 | E23: =D23/D11 -> 0.041666667 | F23: =F8/2 -> 823000 | G23: =F23/F11 -> 0.041666667 | H23: =H8/2 -> 919500 | I23: =H23/H11 -> 0.041666667 | J23: =J8/2 -> 1095500 | K23: =J23/J11 -> 0.041666667 | L23: =L8/2 -> 1353000 | M23: =L23/L11 -> 0.041666667 | N23: =N8/2 -> 1638500 | O23: =N23/N11 -> 0.041666667 | P23: =P8/2 -> 1826500 | Q23: =P23/P11 -> 0.041666667 | R23: =R8/2 -> 1909000 | S23: =R23/R11 -> 0.041666667 | T23: =T8/2 -> 1978500 | U23: =T23/T11 -> 0.041666667 | V23: =V8/2 -> 1688500 | W23: =V23/V11 -> 0.041666667 | X23: =X8/2 -> 2349000 | Y23: =X23/X11 -> 0.041666667 | Z23: =Z8/2 -> 2847000 | AA23: =Z23/Z11 -> 0.041666667 | AB23: =AB8/2 -> 3768500 | AC23: =AB23/AB11 -> 0.041666667 | AD23: =AD8/2 -> 3870000 | AE23: =AD23/AD11 -> 0.041666667 | AF23: =AF8/2 -> 4413000 | AG23: =AF23/AF11 -> 0.041666667 | AH23: =AH8/2 -> 5836500 | AI23: =AH23/AH11 -> 0.041666667
A24: SEGURIDAD SOCIAL
B25: Pension | D25: =D11*0.12 -> 2049840 | E25: =D25/D11 -> 0.12 | F25: =F11*0.12 -> 2370240 | G25: =F25/F11 -> 0.12 | H25: =H11*0.12 -> 2648160 | I25: =H25/H11 -> 0.12 | J25: =J11*0.12 -> 3155040 | K25: =J25/J11 -> 0.12 | L25: =L11*0.12 -> 3896640 | M25: =L25/L11 -> 0.12 | N25: =N11*0.12 -> 4718880 | O25: =N25/N11 -> 0.12 | P25: =P11*0.12 -> 5260320 | Q25: =P25/P11 -> 0.12 | R25: =R11*0.12 -> 5497920 | S25: =R25/R11 -> 0.12 | T25: =T11*0.12 -> 5698080 | U25: =T25/T11 -> 0.12 | V25: =V11*0.12 -> 4862880 | W25: =V25/V11 -> 0.12 | X25: =X11*0.12 -> 6765120 | Y25: =X25/X11 -> 0.12 | Z25: =Z11*0.12 -> 8199360 | AA25: =Z25/Z11 -> 0.12 | AB25: =AB11*0.12 -> 10853280 | AC25: =AB25/AB11 -> 0.12 | AD25: =AD11*0.12 -> 11145600 | AE25: =AD25/AD11 -> 0.12 | AF25: =AF11*0.12 -> 12709440 | AG25: =AF25/AF11 -> 0.12 | AH25: =AH11*0.12 -> 16809120 | AI25: =AH25/AH11 -> 0.12
B26: Salud | D26: =+$D$10*12*E26 -> 0 | F26: 0 | G26: 0 | H26: 0 | I26: 0 | J26: 0 | K26: 0 | L26: 0 | M26: 0 | N26: 0 | O26: 0 | P26: 0 | Q26: 0 | R26: 0 | S26: 0 | T26: 0 | U26: 0 | V26: 0 | W26: 0 | X26: 0 | Y26: 0 | Z26: 0 | AA26: 0 | AB26: 0 | AC26: 0 | AD26: 0 | AE26: 0 | AF26: 0 | AG26: 0 | AH26: 0 | AI26: 0
B27: Riesgos Laborales ( ARL) | D27: =D11*0.0696 -> 1188907.2 | E27: =D27/D11 -> 0.0696 | F27: =F11*0.0696 -> 1374739.2 | G27: =F27/F11 -> 0.0696 | H27: =H11*0.0696 -> 1535932.8 | I27: =H27/H11 -> 0.0696 | J27: =J11*0.0696 -> 1829923.2 | K27: =J27/J11 -> 0.0696 | L27: =L11*0.0696 -> 2260051.2 | M27: =L27/L11 -> 0.0696 | N27: =N11*0.0696 -> 2736950.4 | O27: =N27/N11 -> 0.0696 | P27: =P11*0.0696 -> 3050985.6 | Q27: =P27/P11 -> 0.0696 | R27: =R11*0.0696 -> 3188793.6 | S27: =R27/R11 -> 0.0696 | T27: =T11*0.0696 -> 3304886.4 | U27: =T27/T11 -> 0.0696 | V27: =V11*0.0696 -> 2820470.4 | W27: =V27/V11 -> 0.0696 | X27: =X11*0.0696 -> 3923769.6 | Y27: =X27/X11 -> 0.0696 | Z27: =Z11*0.0696 -> 4755628.8 | AA27: =Z27/Z11 -> 0.0696 | AB27: =AB11*0.0696 -> 6294902.4 | AC27: =AB27/AB11 -> 0.0696 | AD27: =AD11*0.0696 -> 6464448 | AE27: =AD27/AD11 -> 0.0696 | AF27: =AF11*0.0696 -> 7371475.2 | AG27: =AF27/AF11 -> 0.0696 | AH27: =AH11*0.0696 -> 9749289.6 | AI27: =AH27/AH11 -> 0.0696
A28: APORTES PARAFISCALES
B29: SENA | D29: =+$D$10*12*E29 -> 0 | F29: 0 | G29: 0 | H29: 0 | I29: 0 | J29: 0 | K29: 0 | L29: 0 | M29: 0 | N29: 0 | O29: 0 | P29: 0 | Q29: 0 | R29: 0 | S29: 0 | T29: 0 | U29: 0 | V29: 0 | W29: 0 | X29: 0 | Y29: 0 | Z29: 0 | AA29: 0 | AB29: 0 | AC29: 0 | AD29: 0 | AE29: 0 | AF29: 0 | AG29: 0 | AH29: 0 | AI29: 0
B30: ICBF | D30: =+$D$10*12*E30 -> 0 | F30: 0 | G30: 0 | H30: 0 | I30: 0 | J30: 0 | K30: 0 | L30: 0 | M30: 0 | N30: 0 | O30: 0 | P30: 0 | Q30: 0 | R30: 0 | S30: 0 | T30: 0 | U30: 0 | V30: 0 | W30: 0 | X30: 0 | Y30: 0 | Z30: 0 | AA30: 0 | AB30: 0 | AC30: 0 | AD30: 0 | AE30: 0 | AF30: 0 | AG30: 0 | AH30: 0 | AI30: 0
B31: CAJA DE COMPENSACION FAMILIAR | D31: =D11*0.04 -> 683280 | E31: =D31/D11 -> 0.04 | F31: =F11*0.04 -> 790080 | G31: =F31/F11 -> 0.04 | H31: =H11*0.04 -> 882720 | I31: =H31/H11 -> 0.04 | J31: =J11*0.04 -> 1051680 | K31: =J31/J11 -> 0.04 | L31: =L11*0.04 -> 1298880 | M31: =L31/L11 -> 0.04 | N31: =N11*0.04 -> 1572960 | O31: =N31/N11 -> 0.04 | P31: =P11*0.04 -> 1753440 | Q31: =P31/P11 -> 0.04 | R31: =R11*0.04 -> 1832640 | S31: =R31/R11 -> 0.04 | T31: =T11*0.04 -> 1899360 | U31: =T31/T11 -> 0.04 | V31: =V11*0.04 -> 1620960 | W31: =V31/V11 -> 0.04 | X31: =X11*0.04 -> 2255040 | Y31: =X31/X11 -> 0.04 | Z31: =Z11*0.04 -> 2733120 | AA31: =Z31/Z11 -> 0.04 | AB31: =AB11*0.04 -> 3617760 | AC31: =AB31/AB11 -> 0.04 | AD31: =AD11*0.04 -> 3715200 | AE31: =AD31/AD11 -> 0.04 | AF31: =AF11*0.04 -> 4236480 | AG31: =AF31/AF11 -> 0.04 | AH31: =AH11*0.04 -> 5603040 | AI31: =AH31/AH11 -> 0.04
B32: FIC ( Fondo Nacional de Formación para profesionales de la industria de la construcción) | D32: =D11*C32 -> 0 | E32: =D32/D11 -> 0 | F32: =F11*E32 -> 0 | G32: =F32/F11 -> 0 | H32: =H11*G32 -> 0 | I32: =H32/H11 -> 0 | J32: =J11*I32 -> 0 | K32: =J32/J11 -> 0 | L32: =L11*K32 -> 0 | M32: =L32/L11 -> 0 | N32: =N11*M32 -> 0 | O32: =N32/N11 -> 0 | P32: =P11*O32 -> 0 | Q32: =P32/P11 -> 0 | R32: =R11*Q32 -> 0 | S32: =R32/R11 -> 0 | T32: =T11*S32 -> 0 | U32: =T32/T11 -> 0 | V32: =V11*U32 -> 0 | W32: =V32/V11 -> 0 | X32: =X11*W32 -> 0 | Y32: =X32/X11 -> 0 | Z32: =Z11*Y32 -> 0 | AA32: =Z32/Z11 -> 0 | AB32: =AB11*AA32 -> 0 | AC32: =AB32/AB11 -> 0 | AD32: =AD11*AC32 -> 0 | AE32: =AD32/AD11 -> 0 | AF32: =AF11*AE32 -> 0 | AG32: =AF32/AF11 -> 0 | AH32: =AH11*AG32 -> 0 | AI32: =AH32/AH11 -> 0
A33: DOTACION + IMPLENENTOS DE SEGURIDAD INDUSTRIAL
B34: Dotación ( Overol + Botas ) | D34: =$E$52 -> 471204.75 | E34: =D34/D11 -> 0.02758487 | F34: =$E$52 -> 471204.75 | G34: =F34/F11 -> 0.023856053 | H34: =$E$52 -> 471204.75 | I34: =H34/H11 -> 0.0213524 | J34: =$E$52 -> 471204.75 | K34: =J34/J11 -> 0.017921982 | L34: =$E$52 -> 471204.75 | M34: =L34/L11 -> 0.01451111 | N34: =$E$52 -> 471204.75 | O34: =N34/N11 -> 0.011982625 | P34: 0 | Q34: =P34/P11 -> 0 | R34: 0 | S34: =R34/R11 -> 0 | T34: 0 | U34: =T34/T11 -> 0 | V34: 0 | W34: =V34/V11 -> 0 | X34: 0 | Y34: =X34/X11 -> 0 | Z34: 0 | AA34: =Z34/Z11 -> 0 | AB34: 0 | AC34: =AB34/AB11 -> 0 | AD34: 0 | AE34: =AD34/AD11 -> 0 | AF34: 0 | AG34: =AF34/AF11 -> 0 | AH34: 0 | AI34: =AH34/AH11 -> 0
B35: Elementos de Protección personal ( Cascos + Guantes + Monogafas + Botas de Caucho+ Respiradores) | D35: =$L$65 -> 685049.11 | E35: =D35/D11 -> 0.040103565 | F35: =$L$65 -> 685049.11 | G35: =F35/F11 -> 0.034682519 | H35: =$L$65 -> 685049.11 | I35: =H35/H11 -> 0.031042646 | J35: =$L$65 -> 685049.11 | K35: =J35/J11 -> 0.02605542 | L35: =$L$65 -> 685049.11 | M35: =L35/L11 -> 0.02109661 | N35: =$L$65 -> 685049.11 | O35: =N35/N11 -> 0.017420636 | P35: =$L$65 -> 685049.11 | Q35: =P35/P11 -> 0.015627546 | R35: =$L$65 -> 685049.11 | S35: =R35/R11 -> 0.014952181 | T35: =$L$65 -> 685049.11 | U35: =T35/T11 -> 0.014426946 | V35: =$L$65 -> 685049.11 | W35: =V35/V11 -> 0.016904775 | X35: =$L$65 -> 685049.11 | Y35: =X35/X11 -> 0.012151432 | Z35: =$L$65 -> 685049.11 | AA35: =Z35/Z11 -> 0.010025891 | AB35: =$L$65 -> 685049.11 | AC35: =AB35/AB11 -> 0.0075742902 | AD35: =$L$65 -> 685049.11 | AE35: =AD35/AD11 -> 0.0073756364 | AF35: =$L$65 -> 685049.11 | AG35: =AF35/AF11 -> 0.0064680972 | AH35: =$L$65 -> 685049.11 | AI35: =AH35/AH11 -> 0.004890553
A36: VALOR REAL DEL SALARIO 2023 - ANUAL
B37: Salario basico anual mas prestaciones Horas calendario 360 * 8 | D37: =SUM(D20:D35)+D11+D12 -> 28712791 | E37: =D37/(D11+D12) -> 1.4738113 | F37: =SUM(F20:F35)+F11+F12 -> 32579833 | G37: =F37/(F11+F12) -> 1.47074 | H37: =SUM(H20:H35)+H11+H12 -> 35933247 | I37: =H37/(H11+H12) -> 1.4685813 | J37: =SUM(J20:J35)+J11+J12 -> 42049317 | K37: =J37/(J11+J12) -> 1.4655415 | L37: =SUM(L20:L35)+L11+L12 -> 50997545 | M37: =L37/(L11+L12) -> 1.462421 | N37: =SUM(N20:N35)+N11+N12 -> 58094784 | O37: =N37/(N11+N12) -> 1.4773366 | P37: =SUM(P20:P35)+P11+P12 -> 64156655 | Q37: =P37/(P11+P12) -> 1.4635609 | R37: =SUM(R20:R35)+R11+R12 -> 67023563 | S37: =R37/(R11+R12) -> 1.4628855 | T37: =SUM(T20:T35)+T11+T12 -> 69438716 | U37: =T37/(T11+T12) -> 1.4623603 | V37: =SUM(V20:V35)+V11+V12 -> 59361100 | W37: =V37/(V11+V12) -> 1.4648381 | X37: =SUM(X20:X35)+X11+X12 -> 82313739 | Y37: =X37/(X11+X12) -> 1.4600848 | Z37: =SUM(Z20:Z35)+Z11+Z12 -> 99619438 | AA37: =Z37/(Z11+Z12) -> 1.4579592 | AB37: =SUM(AB20:AB35)+AB11+AB12 -> 1.3164193e+08 | AC37: =AB37/(AB11+AB12) -> 1.4555076 | AD37: =SUM(AD20:AD35)+AD11+AD12 -> 1.351691e+08 | AE37: =AD37/(AD11+AD12) -> 1.455309 | AF37: =SUM(AF20:AF35)+AF11+AF12 -> 1.5403856e+08 | AG37: =AF37/(AF11+AF12) -> 1.4544014 | AH37: =SUM(AH20:AH35)+AH11+AH12 -> 2.0350576e+08 | AI37: =AH37/(AH11+AH12) -> 1.4528239
B38: Salario basico anual mas prestaciones Horas Laborales anuales 52 * 48 | D38: =(SUM(D20:D35)+D11+D13)*(1+$T$56) -> 30572571 | E38: =D38/(D11+D12) -> 1.5692727 | F38: =(SUM(F20:F35)+F11+F13)*(1+$T$56) -> 34704479 | G38: =F38/(F11+F12) -> 1.5666522 | H38: =(SUM(H20:H35)+H11+H13)*(1+$T$56) -> 38287579 | I38: =H38/(H11+H12) -> 1.5648021 | J38: =(SUM(J20:J35)+J11+J13)*(1+$T$56) -> 44822558 | K38: =J38/(J11+J12) -> 1.5621971 | L38: =(SUM(L20:L35)+L11+L13)*(1+$T$56) -> 54383678 | M38: =L38/(L11+L12) -> 1.5595228 | N38: =(SUM(N20:N35)+N11+N13)*(1+$T$56) -> 62073879 | O38: =N38/(N11+N12) -> 1.578524 | P38: =(SUM(P20:P35)+P11+P13)*(1+$T$56) -> 68550946 | Q38: =P38/(P11+P12) -> 1.5638048 | R38: =(SUM(R20:R35)+R11+R13)*(1+$T$56) -> 71614218 | S38: =R38/(R11+R12) -> 1.5630832 | T38: =(SUM(T20:T35)+T11+T13)*(1+$T$56) -> 74194792 | U38: =T38/(T11+T12) -> 1.5625219 | V38: =(SUM(V20:V35)+V11+V13)*(1+$T$56) -> 63426928 | W38: =V38/(V11+V12) -> 1.5651695 | X38: =(SUM(X20:X35)+X11+X13)*(1+$T$56) -> 87951666 | Y38: =X38/(X11+X12) -> 1.5600906 | Z38: =(SUM(Z20:Z35)+Z11+Z13)*(1+$T$56) -> 1.0644269e+08 | AA38: =Z38/(Z11+Z12) -> 1.5578194 | AB38: =(SUM(AB20:AB35)+AB11+AB13)*(1+$T$56) -> 1.406585e+08 | AC38: =AB38/(AB11+AB12) -> 1.5551999 | AD38: =(SUM(AD20:AD35)+AD11+AD13)*(1+$T$56) -> 1.4442725e+08 | AE38: =AD38/(AD11+AD12) -> 1.5549877 | AF38: =(SUM(AF20:AF35)+AF11+AF13)*(1+$T$56) -> 1.6458915e+08 | AG38: =AF38/(AF11+AF12) -> 1.554018 | AH38: =(SUM(AH20:AH35)+AH11+AH13)*(1+$T$56) -> 2.1744451e+08 | AI38: =AH38/(AH11+AH12) -> 1.5523324
B39: Salario basico anual mas prestaciones Horas Efectivas anuales | D39: =(SUM(D20:D35)+D11+D13)*(1+$S$56) -> 35276044 | E39: =D39/(D11+D12) -> 1.8106993 | F39: =(SUM(F20:F35)+F11+F13)*(1+$S$56) -> 40043630 | G39: =F39/(F11+F12) -> 1.8076756 | H39: =(SUM(H20:H35)+H11+H13)*(1+$S$56) -> 44177975 | I39: =H39/(H11+H12) -> 1.8055409 | J39: =(SUM(J20:J35)+J11+J13)*(1+$S$56) -> 51718336 | K39: =J39/(J11+J12) -> 1.8025351 | L39: =(SUM(L20:L35)+L11+L13)*(1+$S$56) -> 62750398 | M39: =L39/(L11+L12) -> 1.7994494 | N39: =(SUM(N20:N35)+N11+N13)*(1+$S$56) -> 71623707 | O39: =N39/(N11+N12) -> 1.8213739 | P39: =(SUM(P20:P35)+P11+P13)*(1+$S$56) -> 79097246 | Q39: =P39/(P11+P12) -> 1.8043901 | R39: =(SUM(R20:R35)+R11+R13)*(1+$S$56) -> 82631790 | S39: =R39/(R11+R12) -> 1.8035575 | T39: =(SUM(T20:T35)+T11+T13)*(1+$S$56) -> 85609375 | U39: =T39/(T11+T12) -> 1.8029099 | V39: =(SUM(V20:V35)+V11+V13)*(1+$S$56) -> 73184917 | W39: =V39/(V11+V12) -> 1.8059648 | X39: =(SUM(X20:X35)+X11+X13)*(1+$S$56) -> 1.0148269e+08 | Y39: =X39/(X11+X12) -> 1.8001045 | Z39: =(SUM(Z20:Z35)+Z11+Z13)*(1+$S$56) -> 1.2281849e+08 | AA39: =Z39/(Z11+Z12) -> 1.797484 | AB39: =(SUM(AB20:AB35)+AB11+AB13)*(1+$S$56) -> 1.6229827e+08 | AC39: =AB39/(AB11+AB12) -> 1.7944615 | AD39: =(SUM(AD20:AD35)+AD11+AD13)*(1+$S$56) -> 1.6664683e+08 | AE39: =AD39/(AD11+AD12) -> 1.7942165 | AF39: =(SUM(AF20:AF35)+AF11+AF13)*(1+$S$56) -> 1.8991056e+08 | AG39: =AF39/(AF11+AF12) -> 1.7930977 | AH39: =(SUM(AH20:AH35)+AH11+AH13)*(1+$S$56) -> 2.5089751e+08 | AI39: =AH39/(AH11+AH12) -> 1.7911527
D40: =+ROUND(E39,2) -> 1.81 | F40: =+ROUND(G37,2) -> 1.47 | H40: =+ROUND(I39,2) -> 1.81 | J40: =+ROUND(K39,2) -> 1.8 | L40: =+ROUND(M37,2) -> 1.46 | N40: =+ROUND(O39,2) -> 1.82 | P40: =+ROUND(Q39,2) -> 1.8 | R40: =+ROUND(S37,2) -> 1.46 | T40: =+ROUND(U37,2) -> 1.46 | V40: =+ROUND(W37,2) -> 1.46 | X40: =+ROUND(Y37,2) -> 1.46 | Z40: =+ROUND(AA37,2) -> 1.46 | AB40: =+ROUND(AC37,2) -> 1.46 | AD40: =+ROUND(AE37,2) -> 1.46 | AF40: =+ROUND(AG37,2) -> 1.45 | AH40: =+ROUND(AI37,2) -> 1.45
A41: VALOR DEL SALARIO NOMINAL ANUAL - MENSUAL Y DIARIO ( Basico para ser afectado por el FS resultante)
B42: Vr. Anual con subsidio de transporte | D42: =D14 -> 19482000 | F42: =F14 -> 22152000 | H42: =H14 -> 24468000 | J42: =J14 -> 28692000 | L42: =L14 -> 34872000 | N42: =N14 -> 39324000 | P42: =P14 -> 43836000 | R42: =R14 -> 45816000 | T42: =T14 -> 47484000 | V42: =V14 -> 40524000 | X42: =X14 -> 56376000 | Z42: =Z14 -> 68328000 | AB42: =AB14 -> 90444000 | AD42: =AD14 -> 92880000 | AF42: =AF14 -> 105912000 | AH42: =AH14 -> 140076000
B43: Vr. Mensual con Subsidio de transporte | D43: =D10 -> 1623000 | F43: =F10 -> 1846000 | H43: =H10 -> 2039000 | J43: =J10 -> 2391000 | L43: =L10 -> 2906000 | N43: =N10 -> 3277000 | P43: =P10 -> 3653000 | R43: =R10 -> 3818000 | T43: =T10 -> 3957000 | V43: =V10 -> 3377000 | X43: =X10 -> 4698000 | Z43: =Z10 -> 5694000 | AB43: =AB10 -> 7537000 | AD43: =AD10 -> 7740000 | AF43: =AF10 -> 8826000 | AH43: =AH10 -> 11673000
B44: Vr. Sueldo día | D44: =+ROUND(D43/30,0) -> 54100 | F44: =+ROUND(F43/30,0) -> 61533 | H44: =+ROUND(H43/30,0) -> 67967 | J44: =+J43/30 -> 79700 | L44: =+ROUND(L43/30,0) -> 96867 | N44: =+ROUND(N43/30,0) -> 109233 | P44: =+P43/30 -> 121766.67 | R44: =+ROUND(R43/30,0) -> 127267 | T44: =+ROUND(T43/30,0) -> 131900 | V44: =+ROUND(V43/30,0) -> 112567 | X44: =+X43/30 -> 156600 | Z44: =+ROUND(Z43/30,0) -> 189800 | AB44: =+ROUND(AB43/30,0) -> 251233 | AD44: =+AD43/30 -> 258000 | AF44: =+ROUND(AF43/30,0) -> 294200 | AH44: =+AH43/30 -> 389100
N46: =+N44*2 -> 218466
C47: DOTACIÓN | G47: ELEMENTOS DE PROTECCION PERSONAL | N47: CALCULO VALOR HORA EFECTIVA
C48: Overol 2 piezas | E48: =75900*(1+D54) -> 85858.08 | J48: unidad | L48: valor unitario | N48: F | O48: Salario Mínimo anual con prestaciones | R48: =D37 -> 28712791
C49: Calzado Bota Indutrial | E49: =62951*(1+D54) -> 71210.171 | G49: Cascos de seguridad | J49: 1 | K49: =17438*(1+$D$54) -> 19725.866 | L49: =K49*J49 -> 19725.866 | N49: G | O49: Horas calendario Anuales 360*8 | R49: =360*8 -> 2880
D50: TOTAL | E50: =SUM(E48:E49) -> 157068.25 | G50: Tafiles | J50: 2 | K50: =11483*(1+$D$54) -> 12989.57 | L50: =K50*J50 -> 25979.139 | N50: H | O50: Horas Laborales anuales 52 * 48 | R50: =52*48 -> 2496
C51: Dotación Mes | E51: =+E50/4 -> 39267.063 | G51: Guantes de protección | J51: 12 | K51: =9949*(1+$D$54) -> 11254.309 | L51: =K51*J51 -> 135051.71 | O51: Horas Efectivas Anuales | Q51: =365*8 -> 2920
C52: Dotación año | E52: =+E51*12 -> 471204.75 | G52: Monogafas | J52: 10.4 | K52: =5695*(1+$D$54) -> 6442.184 | L52: =K52*J52 -> 66998.714 | N52: I | O52: (53 domingos +17 Festivos + 3 Permisos)*8 | R52: =+Q51-(53+17+3)*8 -> 2336
G53: Chalecos Reflectivos | J53: 4 | K53: =15612*(1+$D$54) -> 17660.294 | L53: =K53*J53 -> 70641.178 | N53: J | O53: Valor Hora Calendario F/G | R53: =+R48/R49 -> 9969.7191 | S53: 1
C54: IPC_2022 | D54: 0.1312 | G54: Botas de Caucho | J54: 1 | K54: =46900*(1+$D$54) -> 53053.28 | L54: =K54*J54 -> 53053.28 | N54: K | O54: Valor Hora Laboral F/H | R54: =R48/R50 -> 11503.522 | S54: =+R54/R53 -> 1.1538462 | T54: 1
G55: Respiradores | J55: 1 | K55: =17359*(1+$D$54) -> 19636.501 | L55: =K55*J55 -> 19636.501 | N55: L | O55: Valor Hora Efectiva F/I | R55: =R48/R52 -> 12291.435 | S55: =+R55/R53 -> 1.2328767 | T55: =R55/R54 -> 1.0684932
G56: Tapa oidos Red Line 32 db (24 UN) | J56: 52 | K56: =1428*(1+$D$54) -> 1615.3536 | L56: =K56*J56 -> 83998.387 | O56: Valor Porcentual a aplicar sobre hora laboral | S56: =S55-S53 -> 0.23287671 | T56: =+T55-T54 -> 0.068493151
G57: ARNÉS DE SEGURIDAD + ESLINGA | J57: 0.1 | K57: =202300*(1+$D$54) -> 228841.76 | L57: =K57*J57 -> 22884.176
G58: Alcohol Antiseptico (0,006 l*persona* dia) | L58: =13700*(1+$D$54) -> 15497.44
G59: Gel antibacterial (0,003 * persona* día) | L59: =12100*(1+$D$54) -> 13687.52
G60: Jabon liquido antibacterial ( 0,005 l * persona* día) | L60: =12000*(1+$D$54) -> 13574.4
G61: Hipoclorito de uso domestico | L61: =3500*(1+$D$54) -> 3959.2
G62: Tapabocas desechable ( 15 por mes ) | L62: =18000*(1+$D$54) -> 20361.6
I63: TOTAL DOTACION + INSUMOS COVID | L63: =SUM(L49:L62) -> 565049.11
G64: Dotación mes | L64: =+L63/12 -> 47087.425
G65: Dotacion Año + Examenes de Ingreso y egreso | L65: =+L64*12+L66 -> 685049.11
G66: Examenes de igreso y egreso | L66: 120000

Sheet GASTOS ADMINISTRATIVOS
B2: =+'ENSAYOS DE LABORATORIO'!A2 -> OBJETO: MEJORAMIENTO Y ADECUACIÓN DE LAS VIAS URBANAS DEL MUNICIPIO DE SANTA FE DE ANTIOQUIA
B4: ENSAYOS DE LABORATORIO
B5: N° | C5: DESCRIPCIÓN | D5: VALOR MENSUAL 2024
B6: 2 | C6: GASTOS DE VIAJE DEL PERSONAL PROFESIONAL Y TÉCNICO
B7: 2.4 | C7: Prima de localización para personal en obra
B8: 2,4,1 | C8: Gastos de Viaje Director | D8: =+$H$13 -> 1340000 | E8: Valor límite superior
B9: 2,4,2 | C9: Gastos especialista | D9: =+$H$13 -> 1340000
B10: 2,4,3 | C10: Gastos de Viaje Residente | D10: =+$H$13 -> 1340000 | G10: Alimentación | H10: =30000*24 -> 720000 | I10: 1
B11: 2,4,4 | C11: Gastos de Viaje Profesional Ambiental | D11: =+$H$13 -> 1340000 | G11: Hospedaje | H11: =500000 -> 500000 | I11: 1
B12: 2,4,5 | C12: Gastos de Viajes Profesional SISO | D12: =+$H$13 -> 1340000 | G12: Transporte | H12: =120000 -> 120000 | I12: 1
B13: 2,4,6 | C13: Gastos de Viaje Social | D13: =+$H$13 -> 1340000 | H13: =ROUND(SUM(H10:H12),0) -> 1340000
B14: 2,4,7 | C14: Gastos de Viaje Tecnólogo obras civiles | D14: =+$H$13 -> 1340000
B15: 2,4,8 | C15: Gastos de Viaje Tecnólogo SISO | D15: =+$H$13 -> 1340000
B16: 3 | C16: GASTOS DE OFICINA CENTRAL
B17: 3.3 | C17: Reconocimiento para pago parcial de arriendo y servicios públicos oficina central | D17: 4040000 | E17: Se define un porcentaje de reconocimiento que no debe superar el 20% | I17: Plazo | J17: 6
B18: 4 | C18: INSTALACIONES PROVISIONALES
B19: 4.1 | C19: Instalaciones en obra (Incluye arrendamiento, enseres, servicios públicos) | D19: =+I32 -> 1263173 | G19: Computador | H19: 203616
B20: 5 | C20: SISTEMAS DE CÓMPUTO Y COMUNICACIÓN | G20: Silla | H20: 32679.111
B21: 5,1,1 | C21: Tarifa puesto de trabajo del personal de oficina de campo, incluye: alquiler de un (1) equipo de computo completo, escritorio, silla y otros enseres de oficina por puesto de trabajo | D21: =+H23 -> 274002 | E21: Se usa para contrato con 6 meses o menos de duración | G21: mesa | H21: 37706.667
B22: 5,1,2 | C22: Reconocimiento por disposición de puesto de trabajo del personal de oficina de campo, incluye: alquiler de un (1) equipo de computo completo, escritorio, silla y otros enseres de oficina por puesto de trabajo | D22: 107464 | E22: Se usa para contrato con 6 meses o más de duración
B23: 5,2,1 | C23: Reconocimiento por disposición de impresora para el personal de administrativo de obra (alquiler mensual) | D23: 97283 | E23: Se usa para contrato con 6 meses o más de duración | H23: =ROUND(SUM(H19:H22),0) -> 274002
B24: 5,2,2 | C24: Reconocimiento por disposición de impresora laser multifuncional para el personal de administrativo de obra (se realiza reconocimiento por una sola vez) | D24: 835957 | E24: Se usa para contrato con 6 meses o más de duración
B25: 5,2,3 | C25: Fotocopias, edición informes, registros fotográficos entre otros en oficina en campo | D25: 211000 | E25: Se usa para contrato con 6 meses o más de duración
B26: 5,3,1 | C26: Comunicaciones (Teléfono, Fax, Celular, Internet, Etc.) mensual en campo | D26: 71831 | E26: Se usa para contrato con 6 meses o más de duración
B27: 5,3,2 | C27: Reconocimiento por disposición de Comunicaciones (Teléfono, Fax, Celular, Internet, Etc.) mensual en campo | D27: 71266 | E27: Se usa para contrato con 6 meses o más de duración
B28: 5,4,1 | C28: Reconocimiento por disposición de radioteléfonos para el uso de la obra y el control de tránsito (alquiler mensual) | D28: 61085 | E28: Se usa para contrato con 6 meses o más de duración | H28: Arrendamiento | I28: 848400
B29: 5,4,2 | C29: Reconocimiento por disposición de radioteléfonos para el uso de la obra y el control de tránsito (se realiza reconocimiento por una sola vez) | D29: 178730 | E29: Se usa para contrato con 6 meses o más de duración | H29: enseres | I29: 75413.333
B30: 6 | C30: TRANSPORTE DE PERSONAL | E30: Se usa para contrato con 6 meses o más de duración | H30: servicios publicos | I30: 339360
B31: 6,1,1 | C31: Vehículo doble tracción, doble cabina, 2000 CC o superior (modelo 2017 o superior) tarifa de alquiler tiempo completo, incluye combustible y conductor. Se debe garantizar permanencia de los vehículos durante toda la ejecución del proyecto. | D31: 6586978 | E31: Se usa para contrato con 6 meses o más de duración | H31: auxiliar de aseo
B32: 6,1,2 | C32: Reconocimiento por disposición tiempo completo de vehículo doble tracción, doble cabina, 2000 CC o superior (modelo 2017 o superior). Incluye combustible y conductor. Se debe garantizar permanencia de los vehículos durante toda la ejecución del proyecto. | D32: 5874322 | E32: Se usa para contrato con 6 meses o más de duración | I32: =ROUND(SUM(I28:I30),0) -> 1263173
B33: 6,2,1 | C33: Moto Alquiler modelo 2017 o superior - tarifa de alquiler y cilindraje igual o superior a 125 cc | D33: 504515 | E33: Se usa para contrato con 6 meses o más de duración
B34: 6,2,2 | C34: Reconocimiento por disposición tiempo completo de vehículo moto modelo 2017 o superior y cilindraje igual o superior a 125 cc | D34: 392526 | E34: Se usa para contrato con 6 meses o más de duración
B35: 7 | C35: ENSAYOS DE LABORATORIO
B36: 7.1 | C36: Granulometría por tamizado con lavado sobre tamiz No 200 | D36: =VLOOKUP(C36,'ENSAYOS DE LABORATORIO'!$A$12:$D$48,4,FALSE) -> 79373 | E36: Verificar los ensayos y su cantidad. Se pueden encontrar otros ensayos y precios en la hoja Ensayos de laboratorio
B37: 7.2 | C37: Resistencia al desgaste de los agregados de tamaños menores a 37,5 mm (1 1/2") por medio de la máquina de los ángeles. | D37: =VLOOKUP(C37,'ENSAYOS DE LABORATORIO'!$A$12:$D$48,4,FALSE) -> 161762
B38: 7.3 | C38: Determinación de terrones de arcilla y partículas deleznables en los agregados | D38: =VLOOKUP(C38,'ENSAYOS DE LABORATORIO'!$A$12:$D$48,4,FALSE) -> 88354
B39: 7.4 | C39: Relaciones de humedad - masa unitaria seca en los suelos (ensayo modificado de compactación - Proctor Modificado) con corrección del peso unitario y contenido de agua | D39: =VLOOKUP(C39,'ENSAYOS DE LABORATORIO'!$A$12:$D$48,4,FALSE) -> 196350
B40: 7.5 | C40: Relación de Soporte del Suelo en el laboratorio (CBR en el laboratorio) remodelado y sumergido. Suelos granulares (3 puntos) | D40: =VLOOKUP(C40,'ENSAYOS DE LABORATORIO'!$A$12:$D$48,4,FALSE) -> 481391
B41: 7.6 | C41: Diseños de mezcla para una resistencia determinada (Incluye ensayos a agregados y verificación de resistencia) | D41: =VLOOKUP(C41,'ENSAYOS DE LABORATORIO'!$A$12:$D$48,4,FALSE) -> 993257
B42: 7.7 | C42: Resistencia a la compresión de cilindros de concreto (método normal) | D42: =VLOOKUP(C42,'ENSAYOS DE LABORATORIO'!$A$12:$D$48,4,FALSE) -> 7854
B43: 7.8 | C43: Extracción cuantitativa del asfalto en mezclas en caliente para pavimentos (contenido de asfalto) | D43: =VLOOKUP(C43,'ENSAYOS DE LABORATORIO'!$A$12:$D$48,4,FALSE) -> 119833
B44: 7.9 | C44: Compactación, densidad, estabilidad y flujo por briqueta para asfaltos | D44: =VLOOKUP(C44,'ENSAYOS DE LABORATORIO'!$A$12:$D$48,4,FALSE) -> 98532
B45: 8 | C45: VALLA CONTRACTUAL
B46: 8.1 | C46: Valla (12,0X4,0m). Incluye estructura metálica para fijación y soporte | D46: 8450122 | E46: Se escoge la medida que aplique al proyecto
B47: 8.2 | C47: Valla (3,0X2,0m). Incluye estructura metálica para fijación y soporte | D47: 4814445
B48: 8.3 | C48: Valla (3,0X2,0m). No incluye estructura metálica para fijación y soporte (solo lona) | D48: 1782790
B49: 8.4 | C49: Valla (2,0X2,0m). No incluye estructura metálica para fijación y soporte (solo lona) | D49: 805202
B50: 8.5 | C50: Valla (0,9X0,5m). No incluye estructura metálica para fijación y soporte (solo lona) | D50: 148642
B51: 9 | C51: Equipos de topografia
B52: 9.1 | C52: Nivel de Presicion (Alquiler mensual) | D52: 471145
B53: 9.2 | C53: Estacion Total (Alquiler mensual) | D53: 2019192
B54: 10 | C54: Servicio de Vigilancia
B55: 9.1 | C55: Tarifa de Servicio de vigilancia y seguridad privada 24 horas y 30 dias al mes medio humano sin arma | D55: 11058563

Sheet REVISION Y AJUSTE DISEÑOS
B1: Nota 1: El archivo contiene referencias circulares, por lo tanto se debe tener activo el calculo iterativo de las fórmulas
B3: =+PRESUPUESTO!A2 -> OBJETO: MEJORAMIENTO Y ADECUACIÓN DE LAS VIAS URBANAS DEL MUNICIPIO DE SANTA FE DE ANTIOQUIA
B5: AJUSTES A ESTUDIOS Y DISEÑOS ( Incluye IVA)
B7: PRESUPUESTO GENERAL DEL PROYECTO
B8: N° | C8: TÍTULO DEL ESTUDIO Y/O DISEÑO | D8: % del volumen sobre el valor total | E8: VALOR TOTAL DEL ENTREGABLE ($) - Incluye IVA
C9: ACTIVIDADES
B10: I | C10: LEVANTAMIENTO TOPOGRÁFICO | D10: =E10/$E$15 -> 0.24264706 | E10: =0.5*3300000 -> 1650000
B11: II | C11: ESTUDIO DE TRAZADO, DISEÑO GEOMÉTRICO Y DISEÑO DE SEÑALIZACIÓN | D11: =E11/$E$15 -> 0.15441176 | E11: =0.5*2100000 -> 1050000
B12: III | C12: ESTUDIO HIDROLÓGICO, DISEÑO DE OBRAS HIDRÁULICAS Y SOCAVACIÓN | D12: =E12/$E$15 -> 0.1875 | E12: =0.5*2550000 -> 1275000
B13: IV | C13: ESTUDIO GEOTÉCNICO PARA EL DISEÑO DE LA ESTRUCTURA DEL PAVIMENTO | D13: =E13/$E$15 -> 0.26102941 | E13: =0.5*3550000 -> 1775000
B14: V | C14: DISEÑO ESTRUCTURAL DE PUENTES, ESTRUCTURAS DE CONTENCIÓN Y OBRAS HIDRAÚLICAS | D14: =E14/$E$15 -> 0.15441176 | E14: =0.5*2100000 -> 1050000
C15: VALOR TOTAL DE ESTUDIOS Y DISEÑOS (INCLUIDO IVA) | E15: =ROUND(SUM(E10:E14),0) -> 6800000
B19: OBSERVACIONES
B20: 1. El valor de cada entregable incluye todos los costos de personal, desplazamiento, informes, planos, comunicaciones y otros costos directos e indirectos además de los honorarios del consultor. La forma de pago se realizará conforme con lo indicado en el contrato para cada uno de los entregables.
B21: 2. Los valores subrayados no se modifican, corresponden a montos Estimados con los cuales se atenderán las actividades correspondientes, se reembolsarán según su costo real, previa presentación de las facturas y/o soportes correspondientes.

Sheet ENSAYOS DE LABORATORIO
A2: =+PRESUPUESTO!A2 -> OBJETO: MEJORAMIENTO Y ADECUACIÓN DE LAS VIAS URBANAS DEL MUNICIPIO DE SANTA FE DE ANTIOQUIA
A4: ENSAYOS DE LABORATORIO
A6: Número de Kilometros aproximado a intervenir | B6: 5 | C6: Ingresar
A7: Número de materiales granulares (material de lleno) a validar | B7: =ROUND(B6*95/19,0) -> 25 | C7: Ingresar
A8: Volumen de concreto de determinada resistencia | C8: Ingresar, si los vaciados día son en grandes volumenes (mayores a 40 m3) | H8: CONCRETOS (NSR-10. C.5.6.2 — FRECUENCIA DE LOS ENSAYOS: Para los ensayos de resistencia de cada clase de concreto colocado cada día deben tomarse no menos de una vez al día, ni menos de una vez por cada 40 m3 de concreto, ni menos de una vez por cada 200 m2 de superficie de losas o muros. De igual manera, como mínimo, debe tomarse una muestra por cada 50 tandas de mezclado de cada clase de concreto. CR5.6.2.1 — Los siguientes tres criterios establecen la mínima frecuencia de muestreo requerida para cada clase de concreto: (a) Una vez cada día que se coloque determinada clase, pero no menos que (b) Una vez por cada 40 m3 (el ACI 318 requiere por cada 110 m3) de cada clase colocada cada día, ni menor que (c) Una vez por cada 200 m2 (el ACI 318 requiere por cada 460 m2) de superficie de losa o muro construida cada día. (d) El requisito de una muestra por cada 50 tandas cubre el caso de concreto producido en obra con mezcladoras pequeñas. El ACI 318 no tiene este último requisito.
A9: Número de día en que se va a realizar colocación de concreto | B9: 45 | C9: Ingresar, si los vaciados día son en menores a 40 m3
A11: Tipo de ensayo | B11: Unidad | C11: Cantidad aprox x Km | D11: Valor unitario | E11: Valor total
A12: Granulometría por tamizado con lavado sobre tamiz No 200 | B12: unidad | C12: =+$B$7 -> 25 | D12: 79373 | E12: =+C12*D12 -> 1984325 | F12: Estructura del pavimento: Subbase - Base - Llenos estructurales
A13: Determinación del límite líquido, límite plástico e índice de plasticidad de suelos | B13: unidad | C13: =+$B$7 -> 25 | D13: 82503 | E13: =+C13*D13 -> 2062575
A14: Contenido aproximado de materia orgánica en areas usadas en la preparación de morteros y concretos | B14: Unidad | C14: =+$B$7 -> 25 | D14: 68901 | E14: =+C14*D14 -> 1722525
A15: Determinación de terrones de arcilla y partículas deleznables en los agregados | B15: unidad | C15: =+$B$7 -> 25 | D15: 88354 | E15: =+C15*D15 -> 2208850
A16: Equivalente de arena de suelos y agregados finos | B16: unidad | C16: =+$B$7 -> 25 | D16: 89964 | E16: =+C16*D16 -> 2249100
A17: Resistencia al desgaste de los agregados de tamaños menores a 37,5 mm (1 1/2") por medio de la máquina de los ángeles. | B17: unidad | C17: =+$B$7 -> 25 | D17: 161762 | E17: =+C17*D17 -> 4044050
A18: Resistencia al desgaste de los agregados de tamaños menores a 37,5 mm (1 1/2") por medio de la máquina de los ángeles. Sin gradación | B18: unidad | D18: 105202 | E18: =+C18*D18 -> 0
A19: Resistencia al desgaste de los agregados gruesos de tamaños mayores de 19 mm (3/4") por medio de la máquina de los ángeles. | B19: unidad | C19: =+$B$7 -> 25 | D19: 190042 | E19: =+C19*D19 -> 4751050
A20: Resistencia al desgaste de los agregados gruesos de tamaños mayores de 19 mm (3/4") por medio de la máquina de los ángeles. Sin gradación | B20: unidad | D20: 118776 | E20: =+C20*D20 -> 0
A21: Relaciones de humedad - masa unitaria seca en los suelos (ensayo modificado de compactación - Proctor Modificado) | B21: unidad | C21: =+$B$7 -> 25 | D21: 121797 | E21: =+C21*D21 -> 3044925
A22: Relaciones de humedad - masa unitaria seca en los suelos (ensayo modificado de compactación - Proctor Modificado) con corrección del peso unitario y contenido de agua | B22: unidad | C22: =+$B$7*0 -> 0 | D22: 196350 | E22: =+C22*D22 -> 0
A23: Densidad de compactación del suelo en campo, método del cono de arena | B23: unidad | C23: =+B6*1000/50 -> 100 | D23: 90000 | E23: =+C23*D23 -> 9000000 | H23: De acuerdo a la longitud a intervenir
A24: Relación de Soporte del Suelo en el laboratorio (CBR en el laboratorio) muestras inalteradas | B24: unidad | D24: 182022 | E24: =+C24*D24 -> 0
A25: Relación de Soporte del Suelo en el laboratorio (CBR en el laboratorio) remodelado y sumergido. Suelos cohesivos (9 puntos) | B25: unidad | D25: 828145 | E25: =+C25*D25 -> 0
A26: Relación de Soporte del Suelo en el laboratorio (CBR en el laboratorio) remodelado y sumergido. Suelos granulares (3 puntos) | B26: unidad | C26: =+$B$7 -> 25 | D26: 481391 | E26: =+C26*D26 -> 12034775
A27: Diseños de mezcla para una resistencia determinada (Incluye ensayos a agregados y verificación de resistencia) | B27: unidad | C27: 3 | D27: 993257 | E27: =+C27*D27 -> 2979771 | F27: Pavimento en concreto y estructuras (muros, columnas)
A28: Chequeo de resistencia diseño proporcionado por el cliente (para una resistencia) | B28: Unidad | D28: 220507 | E28: =+C28*D28 -> 0 | F28: Sirve para Interventoría
A29: Compactación, densidad, estabilidad y flujo por briqueta para asfaltos | B29: unidad | C29: 0 | D29: 98532 | E29: =+C29*D29 -> 0 | F29: No aplica para pavimento en concreto
A30: Densidad, estabilidad y flujo para asfaltos | B30: unidad | C30: 0 | D30: 76874 | E30: =+C30*D30 -> 0 | F30: No aplica para pavimento en concreto
A31: Diseño de mezcla asfáltica (Método Marshall) | B31: unidad | C31: 0 | D31: 4073192 | E31: =+C31*D31 -> 0 | F31: Se supone que para Findeter los municipios ya tienen diseño
A32: Extracción cuantitativa del asfalto en mezclas en caliente para pavimentos (contenido de asfalto) | B32: unidad | C32: =ROUND($B$6*1000*7/350*2,0) -> 200 | D32: 119833 | E32: =+C32*D32 -> 23966600
A33: Extracción cuantitativa del asfalto y análisis granulométrico de los agregados (contenido de asfalto con gradación) | B33: unidad | D33: 176001 | E33: =+C33*D33 -> 0
